Workbook
Name _1Excel_BuiltIn_Print_Area_1_1_1_1: IV.A!$B$25:$B$173
Name CONC: [1]Dados!$K$2:$K$40
Name Database: #REF!
Name ÉServiço: [2]II.3!$E1<>""
Name ÉServiço: [3]II.3!$E1<>""
Name Excel_BuiltIn_Print_Area_1_1_1: IV.A!$B$16:$C$156
Name Excel_BuiltIn_Print_Area_1_1_1_1: IV.A!$A$1:$M$181
Name Excel_BuiltIn_Print_Area_1_1_1_1_1: '[4]Anexo II'!$A$12:$M$287,'[4]Anexo II'!$K$286
Name Excel_BuiltIn_Print_Area_1_1_1_1_1: IV.A!$A$10:$M$176,IV.A!$K$175
Name Excel_BuiltIn_Print_Area_1_1_1_1_1_1: IV.A!$A$16:$B$156
Name Excel_BuiltIn_Print_Area_3_1: V.A!$A$10:$V$84
Name Excel_BuiltIn_Print_Area_6_1: VI.A!$A$1:$F$105
Name Excel_BuiltIn_Print_Area_7_1: VII.A!$B$141:$D$169
Name RegimeExecucao: IF([5]DADOS!$A$32="Empreitada por Preço Global ou Integral","Global","Unitário")
Name VALAS: [1]Dados!$L$2:$P$40

Sheet PREENCHIMENTO
A3: FORMA DE PREENCHIMENTO DAS PLANILHAS ELETRÔNICAS
A5: 1) O presente arquivo eletrônico é composto pelas seguintes planilhas:
A6: • PLANILHA DE ORÇAMENTO BASE – LICITANTE - ANEXO IV.A
A7: • CRONOGRAMA FÍSICO-FINANCEIRO – LICITANTE - ANEXO V.A
A8: • PLANILHA DE COMPOSIÇÕES UNITÁRIAS DE SERVIÇOS – LICITANTE - ANEXO VI.A
A9: • PLANILHA DE CUSTOS UNITÁRIOS DE INSUMOS/SERVIÇOS – LICITANTE - ANEXO VII.A
A10: • PLANILHA DE COMPOSIÇÃO DAS TAXAS DE BDI - LICITANTE - ANEXO VIII.A
A11: • PLANILHA DOS ENCARGOS SOCIAIS E TRABALHISTAS - LICITANTE - ANEXO IX.A
A13: 2) A Licitante deverá preencher todos os campos em amarelo com o valor proposto, nas seguintes planilhas, podendo iniciar o preenchimento em qualquer sequência:
A15: • PLANILHA DE ORÇAMENTO BASE – LICITANTE - ANEXO IV.A
A16: • PLANILHA DE COMPOSIÇÕES UNITÁRIAS DE SERVIÇOS – LICITANTE - ANEXO VI.A
A17: • PLANILHA DE CUSTOS UNITÁRIOS DE INSUMOS/SERVIÇOS – LICITANTE - ANEXO VII.A
... A38: 7) ANEXAR ESTE ARQUIVO ELETRÔNICO COM A FINALIDADE DE FACILITAR A ANÁLISE DA REFERIDA PROPOSTA POR PARTE DA COMISSÃO.

Sheet IV.A
A1: TIMBRE LICITANTE
A5: ANEXO IV.A - PLANILHA DE ORÇAMENTO BASE - LICITANTE
A7: EXECUÇÃO DE SERVIÇO DE REFORMA CIVIL, CONSTRUÇÕES E MANUTENÇÕES GERAIS PARA MELHORIAS NAS ÁREAS DE PROPRIEDADE E/OU DE RESPONSABILIDADE DO SEMAE.
B8: LEIS SOCIAIS HORISTA - JORNADA NORMAL | F8: =IX.A!$C$45 -> 0 | H8: DATA-BASE | L8: =TODAY() -> 46175
B9: BDI MÃO DE OBRA E SERVIÇOS | F9: =VIII.A!$C$29 -> 0
A10: ITEM | B10: SERVIÇO | C10: UNID. | D10: QUANT. | E10: PREÇO | F10: MAT | G10: SERVIÇO | H10: MO | I10: MAT | J10: SERVIÇO | K10: MO | L10: PREÇO | M10: %
E11: UNIT.(R$) | F11: R$ | G11: R$ | H11: R$ | I11: TOTAL | J11: TOTAL | K11: TOTAL | L11: TOTAL(R$)
A14: 1.0 | B14: CANTEIRO DE OBRAS | C14: SUB-TOTAL | F14: =I14 -> 0 | G14: =J14 -> 0 | H14: =K14 -> 0 | I14: =SUM(I16:I20) -> 0 | J14: =SUM(J16:J20) -> 0 | K14: =SUM(K16:K20) -> 0 | L14: =SUM(L16:L20) -> 0 | M14: =ROUND(L14/$L$174,6) -> #DIV/0!
F15: =ROUND(F14/L14,6) -> #DIV/0! | G15: =ROUND(G14/L14,6) -> #DIV/0! | H15: =ROUND(H14/L14,6) -> #DIV/0! | I15: =IF(I14=F14,"sim","nao") -> sim | J15: =IF(J14=G14,"sim","nao") -> sim | K15: =IF(K14=H14,"sim","nao") -> sim
A16: 1.1 | B16: CANTEIRO DE OBRAS (ITEM 6.0 DO TERMO DE REFERÊNCIA) | C16: GB | D16: 1 | E16: =F16+G16+H16 -> 0 | F16: =VI.A!$F$31 -> 0 | G16: =VI.A!$F$45 -> 0 | H16: =VI.A!$F$57 -> 0 | I16: =ROUND(D16*F16,2) -> 0 | J16: =ROUND(D16*G16,2) -> 0 | K16: =ROUND(D16*H16,2) -> 0 | L16: =I16+J16+K16 -> 0 | M16: =ROUND(L16/$L$174,6) -> #DIV/0!
A17: 1.2 | B17: PLACA DE IDENTIFICAÇÃO DE OBRA, CONFORME PADRÃO SEMAE (ITEM 6.8 DO TERMO DE REFERÊNCIA) | C17: M2 | D17: 90 | E17: =F17+G17+H17 -> 0 | F17: =VI.A!$F$79 -> 0 | G17: =VI.A!$F$93 -> 0 | H17: =VI.A!$F$105 -> 0 | I17: =ROUND($D$17*F17,2) -> 0 | J17: =ROUND($D$17*G17,2) -> 0 | K17: =ROUND($D$17*H17,2) -> 0 | L17: =ROUND(D17*F17,2)+ROUND(D17*G17,2)+ROUND(D17*H17,2) -> 0 | M17: =ROUND(L17/$L$174,6) -> #DIV/0!
A18: 1.3 | B18: VIGILANTE PARA ÁREAS EM OBRA | C18: H | D18: 8640 | E18: =F18+G18+H18 -> 0 | F18: =VI.A!$F$127 -> 0 | G18: =VI.A!$F$141 -> 0 | H18: =VI.A!$F$153 -> 0 | I18: =ROUND(D18*F18,2) -> 0 | J18: =ROUND(D18*G18,2) -> 0 | K18: =ROUND(D18*H18,2) -> 0 | L18: =ROUND(D18*F18,2)+ROUND(D18*G18,2)+ROUND(D18*H18,2) -> 0 | M18: =ROUND(L18/$L$174,6) -> #DIV/0!
A19: 1.4 | B19: SANITÁRIO QUÍMICO | C19: UND.MÊS | D19: 96 | E19: =F19+G19+H19 -> 0 | F19: =VI.A!$F$175 -> 0 | G19: =VI.A!$F$189 -> 0 | H19: =VI.A!$F$201 -> 0 | I19: =ROUND(D19*F19,2) -> 0 | J19: =ROUND(D19*G19,2) -> 0 | K19: =ROUND(D19*H19,2) -> 0 | L19: =ROUND(D19*F19,2)+ROUND(D19*G19,2)+ROUND(D19*H19,2) -> 0 | M19: =ROUND(L19/$L$174,6) -> #DIV/0!
A20: 1.5 | B20: CONTAINER | C20: UND.MÊS | D20: 48 | E20: =F20+G20+H20 -> 0 | F20: =VI.A!$F$223 -> 0 | G20: =VI.A!$F$237 -> 0 | H20: =VI.A!$F$249 -> 0 | I20: =ROUND(D20*F20,2) -> 0 | J20: =ROUND(D20*G20,2) -> 0 | K20: =ROUND(D20*H20,2) -> 0 | L20: =ROUND(D20*F20,2)+ROUND(D20*G20,2)+ROUND(D20*H20,2) -> 0 | M20: =ROUND(L20/$L$174,6) -> #DIV/0!
A22: 2.0 | B22: SERVIÇOS INICIAIS | C22: SUB-TOTAL | F22: =I22 -> 0 | G22: =J22 -> 0 | H22: =K22 -> 0 | I22: =SUM(I25:I41) -> 0 | J22: =SUM(J25:J41) -> 0 | K22: =SUM(K25:K41) -> 0 | L22: =SUM(L25:L41) -> 0 | M22: =ROUND(L22/$L$174,6) -> #DIV/0!
F23: =ROUND(F22/L22,6) -> #DIV/0! | G23: =ROUND(G22/L22,6) -> #DIV/0! | H23: =ROUND(H22/L22,6) -> #DIV/0! | I23: =IF(I22=F22,"sim","nao") -> sim | J23: =IF(J22=G22,"sim","nao") -> sim | K23: =IF(K22=H22,"sim","nao") -> sim
A24: 2.1 | B24: RETIRADAS E DEMOLIÇÕES - ITEM 7.1 DO TERMO DE REFERÊNCIA
A25: 2.1.1 | B25: DEMOLIÇÃO MANUAL DE CALÇADAS E PISOS CIMENTADOS | C25: M2 | D25: 1000 | E25: =F25+G25+H25 -> 0 | F25: =VI.A!$F$271 -> 0 | G25: =VI.A!$F$285 -> 0 | H25: =VI.A!$F$297 -> 0 | I25: =ROUND(D25*F25,2) -> 0 | J25: =ROUND(D25*G25,2) -> 0 | K25: =ROUND(D25*H25,2) -> 0 | L25: =ROUND(D25*F25,2)+ROUND(D25*G25,2)+ROUND(D25*H25,2) -> 0 | M25: =ROUND(L25/$L$174,6) -> #DIV/0!
A26: 2.1.2 | B26: DEMOLIÇÃO MECANIZADA DE CALÇADAS E PISOS CIMENTADOS | C26: M2 | D26: 2000 | E26: =F26+G26+H26 -> 0 | F26: =VI.A!F319 -> 0 | G26: =VI.A!F333 -> 0 | H26: =VI.A!F345 -> 0 | I26: =ROUND(D26*F26,2) -> 0 | J26: =ROUND(D26*G26,2) -> 0 | K26: =ROUND(D26*H26,2) -> 0 | L26: =ROUND(D26*F26,2)+ROUND(D26*G26,2)+ROUND(D26*H26,2) -> 0 | M26: =ROUND(L26/$L$174,6) -> #DIV/0!
A27: 2.1.3 | B27: REMOÇÃO MANUAL DE GUIAS EM CONCRETO, COM OU SEM REAPROVEITAMENTO | C27: M | D27: 1200 | E27: =F27+G27+H27 -> 0 | F27: =VI.A!$F$367 -> 0 | G27: =VI.A!$F$381 -> 0 | H27: =VI.A!$F$393 -> 0 | I27: =ROUND(D27*F27,2) -> 0 | J27: =ROUND(D27*G27,2) -> 0 | K27: =ROUND(D27*H27,2) -> 0 | L27: =ROUND(D27*F27,2)+ROUND(D27*G27,2)+ROUND(D27*H27,2) -> 0 | M27: =ROUND(L27/$L$174,6) -> #DIV/0!
A28: 2.1.4 | B28: DEMOLIÇÃO DE SARJETAS EM CONCRETO | C28: M2 | D28: 20 | E28: =F28+G28+H28 -> 0 | F28: =VI.A!$F$415 -> 0 | G28: =VI.A!$F$429 -> 0 | H28: =VI.A!$F$441 -> 0 | I28: =ROUND(D28*F28,2) -> 0 | J28: =ROUND(D28*G28,2) -> 0 | K28: =ROUND(D28*H28,2) -> 0 | L28: =ROUND(D28*F28,2)+ROUND(D28*G28,2)+ROUND(D28*H28,2) -> 0 | M28: =ROUND(L28/$L$174,6) -> #DIV/0!
A29: 2.1.5 | B29: REMOÇÃO MANUAL DE PORTÃO, GRADE DE PROTEÇÃO E ESQUADRIAS METÁLICAS EM GERAL, COM OU SEM REAPROVEITAMENTO | C29: M2 | D29: 64 | E29: =F29+G29+H29 -> 0 | F29: =VI.A!F463 -> 0 | G29: =VI.A!F477 -> 0 | H29: =VI.A!F489 -> 0 | I29: =ROUND(D29*F29,2) -> 0 | J29: =ROUND(D29*G29,2) -> 0 | K29: =ROUND(D29*H29,2) -> 0 | L29: =ROUND(D29*F29,2)+ROUND(D29*G29,2)+ROUND(D29*H29,2) -> 0 | M29: =ROUND(L29/$L$174,6) -> #DIV/0!
A30: 2.1.6 | B30: REMOÇÃO DE CALHAS, RUFOS, PINGADEIRAS E CONDUTORES VERTICAIS | C30: M | D30: 100 | E30: =F30+G30+H30 -> 0 | F30: =VI.A!$F$511 -> 0 | G30: =VI.A!$F$525 -> 0 | H30: =VI.A!$F$537 -> 0 | I30: =ROUND(D30*F30,2) -> 0 | J30: =ROUND(D30*G30,2) -> 0 | K30: =ROUND(D30*H30,2) -> 0 | L30: =ROUND(D30*F30,2)+ROUND(D30*G30,2)+ROUND(D30*H30,2) -> 0 | M30: =ROUND(L30/$L$174,6) -> #DIV/0!
A31: 2.1.7 | B31: REMOÇÃO COMPLETA DE CERCA DE ALAMBRADO COM OU SEM REAPROVEITAMENTO | C31: M | D31: 3000 | E31: =F31+G31+H31 -> 0 | F31: =VI.A!$F$559 -> 0 | G31: =VI.A!$F$573 -> 0 | H31: =VI.A!$F$585 -> 0 | I31: =ROUND(D31*F31,2) -> 0 | J31: =ROUND(D31*G31,2) -> 0 | K31: =ROUND(D31*H31,2) -> 0 | L31: =ROUND(D31*F31,2)+ROUND(D31*G31,2)+ROUND(D31*H31,2) -> 0 | M31: =ROUND(L31/$L$174,6) -> #DIV/0!
A32: 2.2 | B32: CARGA, TRANSPORTE E DESCARGA - ITEM 7.2 DO TERMO DE REFERÊNCIA
A33: 2.2.1 | B33: CARGA MANUAL DE MATERIAIS PROVENIENTES DE DEMOLIÇÕES EM GERAL | C33: M3 | D33: 50 | E33: =F33+G33+H33 -> 0 | F33: =VI.A!$F$607 -> 0 | G33: =VI.A!$F$621 -> 0 | H33: =VI.A!$F$633 -> 0 | I33: =ROUND(D33*F33,2) -> 0 | J33: =ROUND(D33*G33,2) -> 0 | K33: =ROUND(D33*H33,2) -> 0 | L33: =ROUND(D33*F33,2)+ROUND(D33*G33,2)+ROUND(D33*H33,2) -> 0 | M33: =ROUND(L33/$L$174,6) -> #DIV/0!
A34: 2.2.2 | B34: CARGA MECANIZADA DE MATERIAIS PROVENIENTES DE DEMOLIÇÕES EM GERAL | C34: M3 | D34: 300 | E34: =F34+G34+H34 -> 0 | F34: =VI.A!$F$655 -> 0 | G34: =VI.A!$F$669 -> 0 | H34: =VI.A!$F$681 -> 0 | I34: =ROUND(D34*F34,2) -> 0 | J34: =ROUND(D34*G34,2) -> 0 | K34: =ROUND(D34*H34,2) -> 0 | L34: =ROUND(D34*F34,2)+ROUND(D34*G34,2)+ROUND(D34*H34,2) -> 0 | M34: =ROUND(L34/$L$174,6) -> #DIV/0!
A35: 2.2.3 | B35: BOTA-FORA E DESCARGA DE MATERIAIS PROVENIENTES DE DEMOLIÇÕES EM GERAL | C35: M3.KM | D35: 10500 | E35: =F35+G35+H35 -> 0 | F35: =VI.A!$F$703 -> 0 | G35: =VI.A!$F$717 -> 0 | H35: =VI.A!$F$729 -> 0 | I35: =ROUND(D35*F35,2) -> 0 | J35: =ROUND(D35*G35,2) -> 0 | K35: =ROUND(D35*H35,2) -> 0 | L35: =ROUND(D35*F35,2)+ROUND(D35*G35,2)+ROUND(D35*H35,2) -> 0 | M35: =ROUND(L35/$L$174,6) -> #DIV/0!
A36: 2.2.4 | B36: LOCAL LICENCIADO PARA DEPÓSITO DE BOTA FORA | C36: M3 | D36: 350 | E36: =F36+G36+H36 -> 0 | F36: =VI.A!F751 -> 0 | G36: =VI.A!F765 -> 0 | H36: =VI.A!F777 -> 0 | I36: =ROUND(D36*F36,2) -> 0 | J36: =ROUND(D36*G36,2) -> 0 | K36: =ROUND(D36*H36,2) -> 0 | L36: =ROUND(D36*F36,2)+ROUND(D36*G36,2)+ROUND(D36*H36,2) -> 0 | M36: =ROUND(L36/$L$174,6) -> #DIV/0!
A37: 2.3 | B37: SINALIZAÇÃO DE TRÂNSITO - ITEM 7.3 DO TERMO DE REFERÊNCIA
A38: 2.3.1 | B38: SINALIZAÇÃO DE OBRA COM CONE DE PVC COM PINTURA REFLEXIVA H = 0,70 M | C38: UN | D38: 12 | E38: =F38+G38+H38 -> 0 | F38: =VI.A!F799 -> 0 | G38: =VI.A!F813 -> 0 | H38: =VI.A!F825 -> 0 | I38: =ROUND(D38*F38,2) -> 0 | J38: =ROUND(D38*G38,2) -> 0 | K38: =ROUND(D38*H38,2) -> 0 | L38: =ROUND(D38*F38,2)+ROUND(D38*G38,2)+ROUND(D38*H38,2) -> 0 | M38: =ROUND(L38/$L$174,6) -> #DIV/0!
A39: 2.3.2 | B39: ISOLAMENTO DE OBRA COM TELA PLÁSTICA COM MALHA DE 5 MM | C39: M | D39: 3000 | E39: =F39+G39+H39 -> 0 | F39: =VI.A!F847 -> 0 | G39: =VI.A!F861 -> 0 | H39: =VI.A!F873 -> 0 | I39: =ROUND(D39*F39,2) -> 0 | J39: =ROUND(D39*G39,2) -> 0 | K39: =ROUND(D39*H39,2) -> 0 | L39: =ROUND(D39*F39,2)+ROUND(D39*G39,2)+ROUND(D39*H39,2) -> 0 | M39: =ROUND(L39/$L$174,6) -> #DIV/0!
A40: 2.3.3 | B40: FORNECIMENTO E MONTAGEM/INSTALAÇÃO DE PLACAS DE SINALIZAÇÃO COM PINTURA REFLETIVA PARA APROVEITAMENTO | C40: M2 | D40: 5 | E40: =F40+G40+H40 -> 0 | F40: =VI.A!F895 -> 0 | G40: =VI.A!F909 -> 0 | H40: =VI.A!F921 -> 0 | I40: =ROUND(D40*F40,2) -> 0 | J40: =ROUND(D40*G40,2) -> 0 | K40: =ROUND(D40*H40,2) -> 0 | L40: =ROUND(D40*F40,2)+ROUND(D40*G40,2)+ROUND(D40*H40,2) -> 0 | M40: =ROUND(L40/$L$174,6) -> #DIV/0!
A41: 2.3.4 | B41: SINALIZAÇÃO DE TRÂNSITO COM CAVALETE DE MADEIRA SIMPLES | C41: UN | D41: 10 | E41: =F41+G41+H41 -> 0 | F41: =VI.A!F943 -> 0 | G41: =VI.A!F957 -> 0 | H41: =VI.A!F969 -> 0 | I41: =ROUND(D41*F41,2) -> 0 | J41: =ROUND(D41*G41,2) -> 0 | K41: =ROUND(D41*H41,2) -> 0 | L41: =ROUND(D41*F41,2)+ROUND(D41*G41,2)+ROUND(D41*H41,2) -> 0 | M41: =ROUND(L41/$L$174,6) -> #DIV/0!
A43: 3.0 | B43: FECHAMENTOS, PROTEÇÕES E ALVENARIAS EM GERAL | C43: SUB-TOTAL | F43: =I43 -> 0 | G43: =J43 -> 0 | H43: =K43 -> 0 | I43: =SUM(I46:I110) -> 0 | J43: =SUM(J46:J110) -> 0 | K43: =SUM(K46:K110) -> 0 | L43: =SUM(L46:L110) -> 0 | M43: =ROUND(L43/$L$174,6) -> #DIV/0!
F44: =ROUND(F43/L43,6) -> #DIV/0! | G44: =ROUND(G43/L43,6) -> #DIV/0! | H44: =ROUND(H43/L43,6) -> #DIV/0! | I44: =IF(I43=F43,"sim","nao") -> sim | J44: =IF(J43=G43,"sim","nao") -> sim | K44: =IF(K43=H43,"sim","nao") -> sim
A45: 3.1 | B45: PROTEÇÃO DE ÁREA DE RESERVATÓRIO - PORTÕES, ALAMBRADOS E ITENS CONSTITUINTES - ITENS 8.1.1 A 8.1.8 DO TERMO DE REFERÊNCIA
A46: 3.1.1 | B46: ALAMBRADO COM TELA DE ARAME GALVANIZADO, FIXADA EM MOURÃO DE CONCRETO ARMADO, INCLUINDO MURETA DE CONCRETO | C46: M | D46: 250 | E46: =F46+G46+H46 -> 0 | F46: =VI.A!$F$991 -> 0 | G46: =VI.A!$F$1005 -> 0 | H46: =VI.A!$F$1017 -> 0 | I46: =ROUND(D46*F46,2) -> 0 | J46: =ROUND(D46*G46,2) -> 0 | K46: =ROUND(D46*H46,2) -> 0 | L46: =ROUND(D46*F46,2)+ROUND(D46*G46,2)+ROUND(D46*H46,2) -> 0 | M46: =ROUND(L46/$L$174,6) -> #DIV/0!
A47: 3.1.2 | B47: ALTEAMENTO DE PROTEÇÃO EM ARAME COM LÂMINAS - CONCERTINA AÇO GALVANIZADO - FORNECIMENTO E INSTALAÇÃO | C47: M | D47: 3500 | E47: =F47+G47+H47 -> 0 | F47: =VI.A!F1039 -> 0 | G47: =VI.A!F1053 -> 0 | H47: =VI.A!F1065 -> 0 | I47: =ROUND(D47*F47,2) -> 0 | J47: =ROUND(D47*G47,2) -> 0 | K47: =ROUND(D47*H47,2) -> 0 | L47: =ROUND(D47*F47,2)+ROUND(D47*G47,2)+ROUND(D47*H47,2) -> 0 | M47: =ROUND(L47/$L$174,6) -> #DIV/0!
A48: 3.1.3 | B48: FORNECIMENTO E INSTALAÇÃO DE CONJUNTO DE PORTÕES DE ABRIR EM BARRA CHATA, SOB MEDIDA, COMPLETO, PADRÃO ANEXO X.I-A, PORTÃO SOCIAL (1,00 X 2,6) E PORTÃO DE VEÍCULOS (4,00 X 2,60), INCLUSIVE PILARES DE FIXAÇÃO | C48: UN | D48: 40 | E48: =F48+G48+H48 -> 0 | F48: =VI.A!F1087 -> 0 | G48: =VI.A!F1101 -> 0 | H48: =VI.A!F1113 -> 0 | I48: =ROUND(D48*F48,2) -> 0 | J48: =ROUND(D48*G48,2) -> 0 | K48: =ROUND(D48*H48,2) -> 0 | L48: =ROUND(D48*F48,2)+ROUND(D48*G48,2)+ROUND(D48*H48,2) -> 0 | M48: =ROUND(L48/$L$174,6) -> #DIV/0!
A49: 3.2 | B49: ESQUADRIAS E ELEMENTOS METÁLICOS - ITENS 8.2.1 A 8.2.10 DO TERMO DE REFERÊNCIA
A50: 3.2.1 | B50: EXECUÇÃO DE PORTA PARA RESERVATÓRIOS | C50: UN | D50: 3 | E50: =F50+G50+H50 -> 0 | F50: =VI.A!$F$1135 -> 0 | G50: =VI.A!$F$1149 -> 0 | H50: =VI.A!$F$1161 -> 0 | I50: =ROUND(D50*F50,2) -> 0 | J50: =ROUND(D50*G50,2) -> 0 | K50: =ROUND(D50*H50,2) -> 0 | L50: =ROUND(D50*F50,2)+ROUND(D50*G50,2)+ROUND(D50*H50,2) -> 0 | M50: =ROUND(L50/$L$174,6) -> #DIV/0!
A51: 3.2.2 | B51: FORNECIMENTO E INSTALAÇÃO DE ESQUADRIA METÁLICA EM VENEZIANA/CHAPA DE FERRO, SOB MEDIDA | C51: M2 | D51: 80 | E51: =F51+G51+H51 -> 0 | F51: =VI.A!F1183 -> 0 | G51: =VI.A!F1197 -> 0 | H51: =VI.A!F1209 -> 0 | I51: =ROUND(D51*F51,2) -> 0 | J51: =ROUND(D51*G51,2) -> 0 | K51: =ROUND(D51*H51,2) -> 0 | L51: =ROUND(D51*F51,2)+ROUND(D51*G51,2)+ROUND(D51*H51,2) -> 0 | M51: =ROUND(L51/$L$174,6) -> #DIV/0!
A52: 3.2.3 | B52: RECOLOCAÇÃO DE ESQUADRIAS METÁLICAS NO GERAL | C52: M2 | D52: 100 | E52: =F52+G52+H52 -> 0 | F52: =VI.A!F1231 -> 0 | G52: =VI.A!F1245 -> 0 | H52: =VI.A!F1257 -> 0 | I52: =ROUND(D52*F52,2) -> 0 | J52: =ROUND(D52*G52,2) -> 0 | K52: =ROUND(D52*H52,2) -> 0 | L52: =ROUND(D52*F52,2)+ROUND(D52*G52,2)+ROUND(D52*H52,2) -> 0 | M52: =ROUND(L52/$L$174,6) -> #DIV/0!
A53: 3.2.4 | B53: FORNECIMENTO ABRIGO DE PROTEÇÃO PARA POÇOS (REFORÇADO) | C53: UN | D53: 1 | E53: =F53+G53+H53 -> 0 | F53: =VI.A!$F$1279 -> 0 | G53: =VI.A!$F$1293 -> 0 | H53: =VI.A!$F$1305 -> 0 | I53: =ROUND(D53*F53,2) -> 0 | J53: =ROUND(D53*G53,2) -> 0 | K53: =ROUND(D53*H53,2) -> 0 | L53: =ROUND(D53*F53,2)+ROUND(D53*G53,2)+ROUND(D53*H53,2) -> 0 | M53: =ROUND(L53/$L$174,6) -> #DIV/0!
A54: 3.2.5 | B54: JANELA DE AÇO TIPO BASCULANTE, FIXAÇÃO COM ARGAMASSA | C54: M2 | D54: 1.5 | E54: =F54+G54+H54 -> 0 | F54: =VI.A!F1327 -> 0 | G54: =VI.A!F1341 -> 0 | H54: =VI.A!F1353 -> 0 | I54: =ROUND(D54*F54,2) -> 0 | J54: =ROUND(D54*G54,2) -> 0 | K54: =ROUND(D54*H54,2) -> 0 | L54: =ROUND(D54*F54,2)+ROUND(D54*G54,2)+ROUND(D54*H54,2) -> 0 | M54: =ROUND(L54/$L$174,6) -> #DIV/0!
A55: 3.2.6 | B55: JANELA DE AÇO DE CORRER, TIPO VENEZIANA, FIXAÇÃO COM ARGAMASSA | C55: M2 | D55: 5 | E55: =F55+G55+H55 -> 0 | F55: =VI.A!$F$1375 -> 0 | G55: =VI.A!$F$1389 -> 0 | H55: =VI.A!$F$1401 -> 0 | I55: =ROUND(D55*F55,2) -> 0 | J55: =ROUND(D55*G55,2) -> 0 | K55: =ROUND(D55*H55,2) -> 0 | L55: =ROUND(D55*F55,2)+ROUND(D55*G55,2)+ROUND(D55*H55,2) -> 0 | M55: =ROUND(L55/$L$174,6) -> #DIV/0!
A56: 3.2.7 | B56: TAMPA METÁLICA EM CHAPA DE AÇO GALVANIZADA Nº 16 - PADRÃO SEMAE | C56: M2 | D56: 75 | E56: =F56+G56+H56 -> 0 | F56: =VI.A!$F$1423 -> 0 | G56: =VI.A!$F$1437 -> 0 | H56: =VI.A!$F$1449 -> 0 | I56: =ROUND(D56*F56,2) -> 0 | J56: =ROUND(D56*G56,2) -> 0 | K56: =ROUND(D56*H56,2) -> 0 | L56: =ROUND(D56*F56,2)+ROUND(D56*G56,2)+ROUND(D56*H56,2) -> 0 | M56: =ROUND(L56/$L$174,6) -> #DIV/0!
A57: 3.2.8 | B57: GRADE DE PROTEÇÃO DE FERRO EM BARRA CHATA | C57: M2 | D57: 90 | E57: =F57+G57+H57 -> 0 | F57: =VI.A!$F$1471 -> 0 | G57: =VI.A!$F$1485 -> 0 | H57: =VI.A!$F$1497 -> 0 | I57: =ROUND(D57*F57,2) -> 0 | J57: =ROUND(D57*G57,2) -> 0 | K57: =ROUND(D57*H57,2) -> 0 | L57: =ROUND(D57*F57,2)+ROUND(D57*G57,2)+ROUND(D57*H57,2) -> 0 | M57: =ROUND(L57/$L$174,6) -> #DIV/0!
A58: 3.2.9 | B58: GRELHA EM FERRO FUNDIDO PARA CAIXAS E CANALETAS | C58: M2 | D58: 10 | E58: =F58+G58+H58 -> 0 | F58: =VI.A!F1519 -> 0 | G58: =VI.A!F1533 -> 0 | H58: =VI.A!F1545 -> 0 | I58: =ROUND(D58*F58,2) -> 0 | J58: =ROUND(D58*G58,2) -> 0 | K58: =ROUND(D58*H58,2) -> 0 | L58: =ROUND(D58*F58,2)+ROUND(D58*G58,2)+ROUND(D58*H58,2) -> 0 | M58: =ROUND(L58/$L$174,6) -> #DIV/0!
A59: 3.2.10 | B59: PORTA EM ALUMÍNIO TIPO VENEZIANA, 1 FOLHA, ACABAMENTO EM PINTURA ELETROSTÁTICA BRANCA, 60 MICRAS, CONFORME MEMORIAL, INCLUSIVE FERRAGENS (TRÊS DOBRADIÇAS E DOIS FERROLHOS COM PORTA-CADEADO) | C59: M2 | D59: 50 | E59: =F59+G59+H59 -> 0 | F59: =VI.A!$F$1567 -> 0 | G59: =VI.A!$F$1581 -> 0 | H59: =VI.A!$F$1593 -> 0 | I59: =ROUND(D59*F59,2) -> 0 | J59: =ROUND(D59*G59,2) -> 0 | K59: =ROUND(D59*H59,2) -> 0 | L59: =ROUND(D59*F59,2)+ROUND(D59*G59,2)+ROUND(D59*H59,2) -> 0 | M59: =ROUND(L59/$L$174,6) -> #DIV/0!
A60: 3.2.11 | B60: FORNECIMENTO E INSTALAÇÃO DE ESCADA TIPO MARINHEIRO COM GUARDA CORPO DE PROTEÇÃO | C60: M | D60: 29 | E60: =F60+G60+H60 -> 0 | F60: =VI.A!F1615 -> 0 | G60: =VI.A!F1629 -> 0 | H60: =VI.A!F1641 -> 0 | I60: =ROUND(D60*F60,2) -> 0 | J60: =ROUND(D60*G60,2) -> 0 | K60: =ROUND(D60*H60,2) -> 0 | L60: =ROUND(D60*F60,2)+ROUND(D60*G60,2)+ROUND(D60*H60,2) -> 0 | M60: =ROUND(L60/$L$174,6) -> #DIV/0!
A61: 3.3 | B61: ALVENARIAS - ITENS 8.3.1 E 8.3.2 DO TERMO DE REFERÊNCIA
A62: 3.3.1 | B62: RECUPERAÇÃO E EXECUÇÃO DE MURETA | C62: M | D62: 100 | E62: =F62+G62+H62 -> 0 | F62: =VI.A!$F$1663 -> 0 | G62: =VI.A!$F$1677 -> 0 | H62: =VI.A!$F$1689 -> 0 | I62: =ROUND(D62*F62,2) -> 0 | J62: =ROUND(D62*G62,2) -> 0 | K62: =ROUND(D62*H62,2) -> 0 | L62: =ROUND(D62*F62,2)+ROUND(D62*G62,2)+ROUND(D62*H62,2) -> 0 | M62: =ROUND(L62/$L$174,6) -> #DIV/0!
A63: 3.3.2 | B63: ALVENARIA DE TIJOLO MACIÇO CERÂMICO 1/2 VEZ | C63: M2 | D63: 25 | E63: =F63+G63+H63 -> 0 | F63: =VI.A!$F$1711 -> 0 | G63: =VI.A!$F$1725 -> 0 | H63: =VI.A!$F$1737 -> 0 | I63: =ROUND(D63*F63,2) -> 0 | J63: =ROUND(D63*G63,2) -> 0 | K63: =ROUND(D63*H63,2) -> 0 | L63: =ROUND(D63*F63,2)+ROUND(D63*G63,2)+ROUND(D63*H63,2) -> 0 | M63: =ROUND(L63/$L$174,6) -> #DIV/0!
A64: 3.3.3 | B64: ALVENARIA DE TIJOLO MACIÇO CERÂMICO 1 VEZ | C64: M2 | D64: 25 | E64: =F64+G64+H64 -> 0 | F64: =VI.A!$F$1759 -> 0 | G64: =VI.A!$F$1773 -> 0 | H64: =VI.A!$F$1785 -> 0 | I64: =ROUND(D64*F64,2) -> 0 | J64: =ROUND(D64*G64,2) -> 0 | K64: =ROUND(D64*H64,2) -> 0 | L64: =ROUND(D64*F64,2)+ROUND(D64*G64,2)+ROUND(D64*H64,2) -> 0 | M64: =ROUND(L64/$L$174,6) -> #DIV/0!
A65: 3.3.4 | B65: ALVENARIA EM BLOCO DE CONCRETO 9 X 19 X 39 CM | C65: M2 | D65: 50 | E65: =F65+G65+H65 -> 0 | F65: =VI.A!$F$1807 -> 0 | G65: =VI.A!$F$1821 -> 0 | H65: =VI.A!$F$1833 -> 0 | I65: =ROUND(D65*F65,2) -> 0 | J65: =ROUND(D65*G65,2) -> 0 | K65: =ROUND(D65*H65,2) -> 0 | L65: =ROUND(D65*F65,2)+ROUND(D65*G65,2)+ROUND(D65*H65,2) -> 0 | M65: =ROUND(L65/$L$174,6) -> #DIV/0!
A66: 3.3.5 | B66: ALVENARIA EM BLOCO DE CONCRETO 14 X 19 X 39 CM | C66: M2 | D66: 50 | E66: =F66+G66+H66 -> 0 | F66: =VI.A!F1855 -> 0 | G66: =VI.A!F1869 -> 0 | H66: =VI.A!F1881 -> 0 | I66: =ROUND(D66*F66,2) -> 0 | J66: =ROUND(D66*G66,2) -> 0 | K66: =ROUND(D66*H66,2) -> 0 | L66: =ROUND(D66*F66,2)+ROUND(D66*G66,2)+ROUND(D66*H66,2) -> 0 | M66: =ROUND(L66/$L$174,6) -> #DIV/0!
A67: 3.3.6 | B67: ALVENARIA EM BLOCO DE CONCRETO 19 X 19 X 39 CM | C67: M2 | D67: 50 | E67: =F67+G67+H67 -> 0 | F67: =VI.A!F1903 -> 0 | G67: =VI.A!F1917 -> 0 | H67: =VI.A!F1929 -> 0 | I67: =ROUND(D67*F67,2) -> 0 | J67: =ROUND(D67*G67,2) -> 0 | K67: =ROUND(D67*H67,2) -> 0 | L67: =ROUND(D67*F67,2)+ROUND(D67*G67,2)+ROUND(D67*H67,2) -> 0 | M67: =ROUND(L67/$L$174,6) -> #DIV/0!
A68: 3.3.7 | B68: ALVENARIA COM ELEMENTO VAZADO DE CONCRETO (COBOGÓ), ESPESSURA PAREDE 9CM | C68: M2 | D68: 7 | E68: =F68+G68+H68 -> 0 | F68: =VI.A!$F$1951 -> 0 | G68: =VI.A!$F$1965 -> 0 | H68: =VI.A!$F$1977 -> 0 | I68: =ROUND(D68*F68,2) -> 0 | J68: =ROUND(D68*G68,2) -> 0 | K68: =ROUND(D68*H68,2) -> 0 | L68: =ROUND(D68*F68,2)+ROUND(D68*G68,2)+ROUND(D68*H68,2) -> 0 | M68: =ROUND(L68/$L$174,6) -> #DIV/0!
A69: 3.3.8 | B69: CONSTRUÇÃO DE MURO EM ALVENARIA EM BLOCO DE CONCRETO 14 X 19 X 39 CM COM 2,60M DE ALTURA, INCLUSIVE FUNDAÇÕES E GROUT - CONFORME MANUAL DO EMPREENDEDOR 2026 | C69: M | D69: 3000 | E69: =F69+G69+H69 -> 0 | F69: =VI.A!$F$1999 -> 0 | G69: =VI.A!$F$2013 -> 0 | H69: =VI.A!$F$2025 -> 0 | I69: =ROUND(D69*F69,2) -> 0 | J69: =ROUND(D69*G69,2) -> 0 | K69: =ROUND(D69*H69,2) -> 0 | L69: =ROUND(D69*F69,2)+ROUND(D69*G69,2)+ROUND(D69*H69,2) -> 0 | M69: =ROUND(L69/$L$174,6) -> #DIV/0!
A70: 3.3.9 | B70: CONSTRUÇÃO DE ABRIGO ELÉTRICO EM ALVENARIA EM BLOCO DE CONCRETO 14 X 19 X 37 CM INCLUSIVE INSTALAÇÃO DE PORTA VENEZIANA E ELETRODUTOS - CONFORME MANUAL DO EMPREENDENDOR 2026 | C70: UN | D70: 20 | E70: =F70+G70+H70 -> 0 | F70: =VI.A!$F$2052 -> 0 | G70: =VI.A!$F$2062 -> 0 | H70: =VI.A!$F$2073 -> 0 | I70: =ROUND(D70*F70,2) -> 0 | J70: =ROUND(D70*G70,2) -> 0 | K70: =ROUND(D70*H70,2) -> 0 | L70: =ROUND(D70*F70,2)+ROUND(D70*G70,2)+ROUND(D70*H70,2) -> 0 | M70: =ROUND(L70/$L$174,6) -> #DIV/0!
A71: 3.4 | B71: MOVIMENTO DE TERRA - ITENS 8.4.1 A 8.4.6 DO TERMO DE REFERÊNCIA
A72: 3.4.1 | B72: REATERRO E APILOAMENTO MANUAL DE SOLO | C72: M3 | D72: 50 | E72: =F72+G72+H72 -> 0 | F72: =VI.A!$F$2095 -> 0 | G72: =VI.A!$F$2109 -> 0 | H72: =VI.A!$F$2121 -> 0 | I72: =ROUND(D72*F72,2) -> 0 | J72: =ROUND(D72*G72,2) -> 0 | K72: =ROUND(D72*H72,2) -> 0 | L72: =ROUND(D72*F72,2)+ROUND(D72*G72,2)+ROUND(D72*H72,2) -> 0 | M72: =ROUND(L72/$L$174,6) -> #DIV/0!
A73: 3.4.2 | B73: REATERRO MANUAL COM COMPACTAÇÃO MECANIZADA DE SOLO, SEM CONTROLE TECNOLÓGICO | C73: M3 | D73: 150 | E73: =F73+G73+H73 -> 0 | F73: =VI.A!$F$2143 -> 0 | G73: =VI.A!$F$2157 -> 0 | H73: =VI.A!$F$2169 -> 0 | I73: =ROUND(D73*F73,2) -> 0 | J73: =ROUND(D73*G73,2) -> 0 | K73: =ROUND(D73*H73,2) -> 0 | L73: =ROUND(D73*F73,2)+ROUND(D73*G73,2)+ROUND(D73*H73,2) -> 0 | M73: =ROUND(L73/$L$174,6) -> #DIV/0!
A74: 3.4.3 | B74: ESCAVAÇÃO MANUAL EM SOLO DE 1ª CATEGORIA COM PROFUNDIDADE ATÉ 1,50 M | C74: M3 | D74: 150 | E74: =F74+G74+H74 -> 0 | F74: =VI.A!$F$2191 -> 0 | G74: =VI.A!$F$2205 -> 0 | H74: =VI.A!$F$2217 -> 0 | I74: =ROUND(D74*F74,2) -> 0 | J74: =ROUND(D74*G74,2) -> 0 | K74: =ROUND(D74*H74,2) -> 0 | L74: =ROUND(D74*F74,2)+ROUND(D74*G74,2)+ROUND(D74*H74,2) -> 0 | M74: =ROUND(L74/$L$174,6) -> #DIV/0!
A75: 3.4.4 | B75: ESCAVAÇÃO MANUAL EM SOLO DE 1ª CATEGORIA COM PROFUNDIDADE ACIMA DE 1,50 M | C75: M3 | D75: 20 | E75: =F75+G75+H75 -> 0 | F75: =VI.A!F2239 -> 0 | G75: =VI.A!F2253 -> 0 | H75: =VI.A!F2265 -> 0 | I75: =ROUND(D75*F75,2) -> 0 | J75: =ROUND(D75*G75,2) -> 0 | K75: =ROUND(D75*H75,2) -> 0 | L75: =ROUND(D75*F75,2)+ROUND(D75*G75,2)+ROUND(D75*H75,2) -> 0 | M75: =ROUND(L75/$L$174,6) -> #DIV/0!
A76: 3.4.5 | B76: ESCAVAÇÃO MECANIZADA DE VALA EM SOLO DE 1ª CATEGORIA COM PROFUNDIDADE ATÉ 2,0M | C76: M3 | D76: 10 | E76: =F76+G76+H76 -> 0 | F76: =VI.A!F2287 -> 0 | G76: =VI.A!F2301 -> 0 | H76: =VI.A!F2313 -> 0 | I76: =ROUND(D76*F76,2) -> 0 | J76: =ROUND(D76*G76,2) -> 0 | K76: =ROUND(D76*H76,2) -> 0 | L76: =ROUND(D76*F76,2)+ROUND(D76*G76,2)+ROUND(D76*H76,2) -> 0 | M76: =ROUND(L76/$L$174,6) -> #DIV/0!
A77: 3.4.8 | B77: LANÇAMENTO, ESPALHAMENTO E ACOMODAÇÃO MECANIZADA DE BRITA PARA COBERTURA DE PÁTIO | C77: M3 | D77: 1200 | E77: =F77+G77+H77 -> 0 | F77: =VI.A!$F$2335 -> 0 | G77: =VI.A!$F$2349 -> 0 | H77: =VI.A!$F$2361 -> 0 | I77: =ROUND(D77*F77,2) -> 0 | J77: =ROUND(D77*G77,2) -> 0 | K77: =ROUND(D77*H77,2) -> 0 | L77: =ROUND(D77*F77,2)+ROUND(D77*G77,2)+ROUND(D77*H77,2) -> 0 | M77: =ROUND(L77/$L$174,6) -> #DIV/0!
A78: 3.4.9 | B78: LASTRO DE BRITA APILOADO | C78: M3 | D78: 46 | E78: =F78+G78+H78 -> 0 | F78: =VI.A!$F$2383 -> 0 | G78: =VI.A!$F$2397 -> 0 | H78: =VI.A!$F$2409 -> 0 | I78: =ROUND(D78*F78,2) -> 0 | J78: =ROUND(D78*G78,2) -> 0 | K78: =ROUND(D78*H78,2) -> 0 | L78: =ROUND(D78*F78,2)+ROUND(D78*G78,2)+ROUND(D78*H78,2) -> 0 | M78: =ROUND(L78/$L$174,6) -> #DIV/0!
A79: 3.5 | B79: CONCRETO - ITENS 8.5.1 A 8.5.4 DO TERMO DE REFERÊNCIA
A80: 3.5.1 | B80: CONCRETO ESTRUTURAL USINADO, FCK=20 MPA | C80: M3 | D80: 100 | E80: =F80+G80+H80 -> 0 | F80: =VI.A!$F$2431 -> 0 | G80: =VI.A!$F$2445 -> 0 | H80: =VI.A!$F$2457 -> 0 | I80: =ROUND(D80*F80,2) -> 0 | J80: =ROUND(D80*G80,2) -> 0 | K80: =ROUND(D80*H80,2) -> 0 | L80: =ROUND(D80*F80,2)+ROUND(D80*G80,2)+ROUND(D80*H80,2) -> 0 | M80: =ROUND(L80/$L$174,6) -> #DIV/0!
A81: 3.5.2 | B81: CALÇADAS E PISOS EM CONCRETO FCK=20 MPA, PREPARO MECÂNICO, ACABAMENTO CONVENCIONAL, INCLUSIVE PREPARO DE CAIXA | C81: M3 | D81: 500 | E81: =F81+G81+H81 -> 0 | F81: =VI.A!$F$2479 -> 0 | G81: =VI.A!$F$2493 -> 0 | H81: =VI.A!$F$2505 -> 0 | I81: =ROUND(D81*F81,2) -> 0 | J81: =ROUND(D81*G81,2) -> 0 | K81: =ROUND(D81*H81,2) -> 0 | L81: =ROUND(D81*F81,2)+ROUND(D81*G81,2)+ROUND(D81*H81,2) -> 0 | M81: =ROUND(L81/$L$174,6) -> #DIV/0!
A82: 3.5.3 | B82: CALÇADAS E PISOS EM CONCRETO FCK = 20 MPA, USINADO, ACABAMENTO CONVENCIONAL, INCLUSIVE PREPARO DE CAIXA | C82: M3 | D82: 2000 | E82: =F82+G82+H82 -> 0 | F82: =VI.A!F2527 -> 0 | G82: =VI.A!F2541 -> 0 | H82: =VI.A!F2553 -> 0 | I82: =ROUND(D82*F82,2) -> 0 | J82: =ROUND(D82*G82,2) -> 0 | K82: =ROUND(D82*H82,2) -> 0 | L82: =ROUND(D82*F82,2)+ROUND(D82*G82,2)+ROUND(D82*H82,2) -> 0 | M82: =ROUND(L82/$L$174,6) -> #DIV/0!
A83: 3.5.4 | B83: CONCRETO ESTRUTURAL VIRADO EM OBRA, FCK 20MPA | C83: M3 | D83: 20 | E83: =F83+G83+H83 -> 0 | F83: =VI.A!$F$2575 -> 0 | G83: =VI.A!$F$2589 -> 0 | H83: =VI.A!$F$2601 -> 0 | I83: =ROUND(D83*F83,2) -> 0 | J83: =ROUND(D83*G83,2) -> 0 | K83: =ROUND(D83*H83,2) -> 0 | L83: =ROUND(D83*F83,2)+ROUND(D83*G83,2)+ROUND(D83*H83,2) -> 0 | M83: =ROUND(L83/$L$174,6) -> #DIV/0!
A84: 3.5.5 | B84: ARGAMASSA GROUT (PREPARO E LANÇAMENTO DE ARGAMASSA DE CIMENTO, AREIA E PEDRISCO 1:3:2) | C84: M3 | D84: 20 | E84: =F84+G84+H84 -> 0 | F84: =VI.A!$F$2623 -> 0 | G84: =VI.A!$F$2637 -> 0 | H84: =VI.A!$F$2649 -> 0 | I84: =ROUND(D84*F84,2) -> 0 | J84: =ROUND(D84*G84,2) -> 0 | K84: =ROUND(D84*H84,2) -> 0 | L84: =ROUND(D84*F84,2)+ROUND(D84*G84,2)+ROUND(D84*H84,2) -> 0 | M84: =ROUND(L84/$L$174,6) -> #DIV/0!
A85: 3.6 | B85: FORMAS E ARMADURAS - ITENS 8.6.1 E 8.6.2 DO TERMO DE REFERÊNCIA
A86: 3.6.1 | B86: FORMA PLANA COMUM | C86: M2 | D86: 217 | E86: =F86+G86+H86 -> 0 | F86: =VI.A!$F$2671 -> 0 | G86: =VI.A!$F$2685 -> 0 | H86: =VI.A!$F$2697 -> 0 | I86: =ROUND(D86*F86,2) -> 0 | J86: =ROUND(D86*G86,2) -> 0 | K86: =ROUND(D86*H86,2) -> 0 | L86: =ROUND(D86*F86,2)+ROUND(D86*G86,2)+ROUND(D86*H86,2) -> 0 | M86: =ROUND(L86/$L$174,6) -> #DIV/0!
A87: 3.6.2 | B87: ARMADURA EM BARRA DE AÇO CA 50/60 (CORTE, DOBRA E MONTAGEM) | C87: KG | D87: 1000 | E87: =F87+G87+H87 -> 0 | F87: =VI.A!$F$2719 -> 0 | G87: =VI.A!$F$2733 -> 0 | H87: =VI.A!$F$2745 -> 0 | I87: =ROUND(D87*F87,2) -> 0 | J87: =ROUND(D87*G87,2) -> 0 | K87: =ROUND(D87*H87,2) -> 0 | L87: =ROUND(D87*F87,2)+ROUND(D87*G87,2)+ROUND(D87*H87,2) -> 0 | M87: =ROUND(L87/$L$174,6) -> #DIV/0!
A88: 3.6.3 | B88: ARMADURA EM TELA SOLDADA DE AÇO CA 50/60 (CORTE, DOBRA E MONTAGEM) | C88: KG | D88: 5000 | E88: =F88+G88+H88 -> 0 | F88: =VI.A!F2767 -> 0 | G88: =VI.A!F2781 -> 0 | H88: =VI.A!F2793 -> 0 | I88: =ROUND(D88*F88,2) -> 0 | J88: =ROUND(D88*G88,2) -> 0 | K88: =ROUND(D88*H88,2) -> 0 | L88: =ROUND(D88*F88,2)+ROUND(D88*G88,2)+ROUND(D88*H88,2) -> 0 | M88: =ROUND(L88/$L$174,6) -> #DIV/0!
A89: 3.7 | B89: ELEMENTOS CONSTRUTIVOS - ITENS 8.7.1 A 8.7.3 DO TERMO DE REFERÊNCIA
A90: 3.7.1 | B90: BROCA EM CONCRETO ARMADO, DIÂMETRO DE 20CM, COMPLETA | C90: M | D90: 100 | E90: =F90+G90+H90 -> 0 | F90: =VI.A!F2815 -> 0 | G90: =VI.A!F2829 -> 0 | H90: =VI.A!F2841 -> 0 | I90: =ROUND(D90*F90,2) -> 0 | J90: =ROUND(D90*G90,2) -> 0 | K90: =ROUND(D90*H90,2) -> 0 | L90: =ROUND(D90*F90,2)+ROUND(D90*G90,2)+ROUND(D90*H90,2) -> 0 | M90: =ROUND(L90/$L$174,6) -> #DIV/0!
A91: 3.8 | B91: REVESTIMENTOS - ITENS 8.8.1 A 8.8.3 DO TERMO DE REFERÊNCIA
A92: 3.8.1 | B92: CHAPISCO COM ARGAMASSA DE CIMENTO E AREIA TRAÇO 1:3, E=5 MM | C92: M2 | D92: 125 | E92: =F92+G92+H92 -> 0 | F92: =VI.A!$F$2863 -> 0 | G92: =VI.A!$F$2877 -> 0 | H92: =VI.A!$F$2889 -> 0 | I92: =ROUND(D92*F92,2) -> 0 | J92: =ROUND(D92*G92,2) -> 0 | K92: =ROUND(D92*H92,2) -> 0 | L92: =ROUND(D92*F92,2)+ROUND(D92*G92,2)+ROUND(D92*H92,2) -> 0 | M92: =ROUND(L92/$L$174,6) -> #DIV/0!
A93: 3.8.2 | B93: REBOCO/MASSA ÚNICA, PAREDE INTERNA/EXTERNA COM ARGAMASSA DE CIMENTO, CAL E AREIA 1:2:8, E=20 MM | C93: M2 | D93: 125 | E93: =F93+G93+H93 -> 0 | F93: =VI.A!$F$2911 -> 0 | G93: =VI.A!$F$2925 -> 0 | H93: =VI.A!$F$2937 -> 0 | I93: =ROUND(D93*F93,2) -> 0 | J93: =ROUND(D93*G93,2) -> 0 | K93: =ROUND(D93*H93,2) -> 0 | L93: =ROUND(D93*F93,2)+ROUND(D93*G93,2)+ROUND(D93*H93,2) -> 0 | M93: =ROUND(L93/$L$174,6) -> #DIV/0!
A94: 3.8.3 | B94: RECUPERAÇÃO E REGULARIZAÇÃO DO REVESTIMENTO EM EMBOÇO/MASSA ÚNICA/REBOCO | C94: M2 | D94: 300 | E94: =F94+G94+H94 -> 0 | F94: =VI.A!$F$2959 -> 0 | G94: =VI.A!$F$2973 -> 0 | H94: =VI.A!$F$2985 -> 0 | I94: =ROUND(D94*F94,2) -> 0 | J94: =ROUND(D94*G94,2) -> 0 | K94: =ROUND(D94*H94,2) -> 0 | L94: =ROUND(D94*F94,2)+ROUND(D94*G94,2)+ROUND(D94*H94,2) -> 0 | M94: =ROUND(L94/$L$174,6) -> #DIV/0!
A95: 3.9 | B95: REVESTIMENTOS CERÂMICOS - ITENS 8.9.1 A 8.9.4 DO TERMO DE REFERÊNCIA
A96: 3.9.1 | B96: AZULEJO CERÂMICO ESMALTADO EXTRA, ASSENTADO COM ARGAMASSA COLANTE, JUNTAS A PRUMO, INCLUSO REJUNTAMENTO | C96: M2 | D96: 200 | E96: =F96+G96+H96 -> 0 | F96: =VI.A!$F$3007 -> 0 | G96: =VI.A!$F$3021 -> 0 | H96: =VI.A!$F$3033 -> 0 | I96: =ROUND(D96*F96,2) -> 0 | J96: =ROUND(D96*G96,2) -> 0 | K96: =ROUND(D96*H96,2) -> 0 | L96: =ROUND(D96*F96,2)+ROUND(D96*G96,2)+ROUND(D96*H96,2) -> 0 | M96: =ROUND(L96/$L$174,6) -> #DIV/0!
A97: 3.9.2 | B97: CONTRAPISO EM ARGAMASSA, ADERIDO, TRAÇO 1:4, E=3 CM, COM ADITIVO ADESIVO | C97: M2 | D97: 100 | E97: =F97+G97+H97 -> 0 | F97: =VI.A!$F$3055 -> 0 | G97: =VI.A!$F$3069 -> 0 | H97: =VI.A!$F$3081 -> 0 | I97: =ROUND(D97*F97,2) -> 0 | J97: =ROUND(D97*G97,2) -> 0 | K97: =ROUND(D97*H97,2) -> 0 | L97: =ROUND(D97*F97,2)+ROUND(D97*G97,2)+ROUND(D97*H97,2) -> 0 | M97: =ROUND(L97/$L$174,6) -> #DIV/0!
A98: 3.9.3 | B98: PISO COM CERÂMICA ESMALTADA PEI-5 | C98: M2 | D98: 250 | E98: =F98+G98+H98 -> 0 | F98: =VI.A!$F$3103 -> 0 | G98: =VI.A!$F$3117 -> 0 | H98: =VI.A!$F$3129 -> 0 | I98: =ROUND(D98*F98,2) -> 0 | J98: =ROUND(D98*G98,2) -> 0 | K98: =ROUND(D98*H98,2) -> 0 | L98: =ROUND(D98*F98,2)+ROUND(D98*G98,2)+ROUND(D98*H98,2) -> 0 | M98: =ROUND(L98/$L$174,6) -> #DIV/0!
A99: 3.9.4 | B99: CAMADA DE REGULARIZAÇÃO EM ARGAMASSA DESEMPENADA E=3CM, IMPERMEABILIZANTE E ADITIVO ADESIVO | C99: M2 | D99: 45 | E99: =F99+G99+H99 -> 0 | F99: =VI.A!$F$3151 -> 0 | G99: =VI.A!$F$3165 -> 0 | H99: =VI.A!$F$3177 -> 0 | I99: =ROUND(D99*F99,2) -> 0 | J99: =ROUND(D99*G99,2) -> 0 | K99: =ROUND(D99*H99,2) -> 0 | L99: =ROUND(D99*F99,2)+ROUND(D99*G99,2)+ROUND(D99*H99,2) -> 0 | M99: =ROUND(L99/$L$174,6) -> #DIV/0!
A100: 3.10 | B100: COBERTURA - ITENS 8.10.1 A 8.10.4 DO TERMO DE REFERÊNCIA
A101: 3.10.1 | B101: LAJE PRE-MOLDADA P/FORRO, E=8CM, C/LAJOTAS E CAP.C/CONC FCK=20MPA, 3CM, INTER-EIXO 38CM, C/ESCORAMENTO E FERRAGEM NEGATIVA | C101: M2 | D101: 200 | E101: =F101+G101+H101 -> 0 | F101: =VI.A!$F$3199 -> 0 | G101: =VI.A!$F$3213 -> 0 | H101: =VI.A!$F$3225 -> 0 | I101: =ROUND(D101*F101,2) -> 0 | J101: =ROUND(D101*G101,2) -> 0 | K101: =ROUND(D101*H101,2) -> 0 | L101: =ROUND(D101*F101,2)+ROUND(D101*G101,2)+ROUND(D101*H101,2) -> 0 | M101: =ROUND(L101/$L$174,6) -> #DIV/0!
A102: 3.10.2 | B102: TRAMA DE MADEIRA COMPOSTA POR TERÇAS PARA TELHADOS DE ATÉ 2 ÁGUAS PARA TELHA ONDULADA DE FIBROCIMENTO, METÁLICA, PLÁSTICA OU TERMOACÚSTICA | C102: M2 | D102: 50 | E102: =F102+G102+H102 -> 0 | F102: =VI.A!$F$3247 -> 0 | G102: =VI.A!$F$3261 -> 0 | H102: =VI.A!$F$3273 -> 0 | I102: =ROUND(D102*F102,2) -> 0 | J102: =ROUND(D102*G102,2) -> 0 | K102: =ROUND(D102*H102,2) -> 0 | L102: =ROUND(D102*F102,2)+ROUND(D102*G102,2)+ROUND(D102*H102,2) -> 0 | M102: =ROUND(L102/$L$174,6) -> #DIV/0!
A103: 3.10.3 | B103: TELHA DE FIBROCIMENTO ONDULADA E=6MM | C103: M2 | D103: 50 | E103: =F103+G103+H103 -> 0 | F103: =VI.A!$F$3295 -> 0 | G103: =VI.A!$F$3309 -> 0 | H103: =VI.A!$F$3321 -> 0 | I103: =ROUND(D103*F103,2) -> 0 | J103: =ROUND(D103*G103,2) -> 0 | K103: =ROUND(D103*H103,2) -> 0 | L103: =ROUND(D103*F103,2)+ROUND(D103*G103,2)+ROUND(D103*H103,2) -> 0 | M103: =ROUND(L103/$L$174,6) -> #DIV/0!
A104: 3.10.4 | B104: TELHA TIPO KALHETA E=8MM, COM FIO SINTÉTICO CRFS - PERFIL TRAPEZOIDAL DE 44CM | C104: M2 | D104: 20 | E104: =F104+G104+H104 -> 0 | F104: =VI.A!$F$3343 -> 0 | G104: =VI.A!$F$3357 -> 0 | H104: =VI.A!$F$3369 -> 0 | I104: =ROUND(D104*F104,2) -> 0 | J104: =ROUND(D104*G104,2) -> 0 | K104: =ROUND(D104*H104,2) -> 0 | L104: =ROUND(D104*F104,2)+ROUND(D104*G104,2)+ROUND(D104*H104,2) -> 0 | M104: =ROUND(L104/$L$174,6) -> #DIV/0!
A105: 3.10.5 | B105: CALHA DE CHAPA GALVANIZADA N° 26 | C105: M | D105: 25 | E105: =F105+G105+H105 -> 0 | F105: =VI.A!$F$3391 -> 0 | G105: =VI.A!$F$3405 -> 0 | H105: =VI.A!$F$3417 -> 0 | I105: =ROUND(D105*F105,2) -> 0 | J105: =ROUND(D105*G105,2) -> 0 | K105: =ROUND(D105*H105,2) -> 0 | L105: =ROUND(D105*F105,2)+ROUND(D105*G105,2)+ROUND(D105*H105,2) -> 0 | M105: =ROUND(L105/$L$174,6) -> #DIV/0!
A106: 3.10.6 | B106: RUFO / PINGADEIRA DE CHAPA GALVANIZADA Nº 26 | C106: M | D106: 25 | E106: =F106+G106+H106 -> 0 | F106: =VI.A!$F$3439 -> 0 | G106: =VI.A!$F$3453 -> 0 | H106: =VI.A!$F$3465 -> 0 | I106: =ROUND(D106*F106,2) -> 0 | J106: =ROUND(D106*G106,2) -> 0 | K106: =ROUND(D106*H106,2) -> 0 | L106: =ROUND(D106*F106,2)+ROUND(D106*G106,2)+ROUND(D106*H106,2) -> 0 | M106: =ROUND(L106/$L$174,6) -> #DIV/0!
A107: 3.11 | B107: VIDRO - ITEM 8.11 DO TERMO DE REFERÊNCIA
A108: 3.11.1 | B108: VIDRO FANTASIA, COLOCADO EM CAIXILIO COM OU SEM BAGUETE, DUAS DEMÃOS DE MASSA E= 4 MM | C108: M2 | D108: 16 | E108: =F108+G108+H108 -> 0 | F108: =VI.A!F3487 -> 0 | G108: =VI.A!F3501 -> 0 | H108: =VI.A!F3513 -> 0 | I108: =ROUND(D108*F108,2) -> 0 | J108: =ROUND(D108*G108,2) -> 0 | K108: =ROUND(D108*H108,2) -> 0 | L108: =ROUND(D108*F108,2)+ROUND(D108*G108,2)+ROUND(D108*H108,2) -> 0 | M108: =ROUND(L108/$L$174,6) -> #DIV/0!
...

Sheet V.A
B1: =IV.A!A1 -> TIMBRE LICITANTE
B7: =IV.A!$A$7 -> EXECUÇÃO DE SERVIÇO DE REFORMA CIVIL, CONSTRUÇÕES E MANUTENÇÕES GERAIS PARA MELHORIAS NAS ÁREAS DE PROPRIEDADE E/OU DE RESPONSABILIDADE DO SEMAE.
B9: ANEXO V.A - CRONOGRAMA FÍSICO-FINANCEIRO - LICITANTE
E12: 1º MÊS | H12: 2ºMÊS | K12: 3º MÊS | N12: 4º MÊS | Q12: 5º MÊS | T12: 6º MÊS
E13: MAT | F13: EQUIP | G13: MO | H13: MAT | I13: EQUIP | J13: MO | K13: MAT | L13: EQUIP | M13: MO | N13: MAT | O13: EQUIP | P13: MO | Q13: MAT | R13: EQUIP | S13: MO | T13: MAT | U13: EQUIP | V13: MO
B14: =IV.A!$A$14 -> 1.0 | C14: =IV.A!$B$14 -> CANTEIRO DE OBRAS | D14: =IV.A!$L$14 -> 0 | E14: =E15+F15+G15 -> 0 | H14: =H15+I15+J15 -> 0 | K14: =K15+L15+M15 -> 0 | N14: =N15+O15+P15 -> 0 | Q14: =Q15+R15+S15 -> 0 | T14: =T15+U15+V15 -> 0 | W14: =N14+Q14+T14+K14+H14+E14 -> 0
E15: =IV.A!$F$14*0.0819/2 -> 0 | F15: =IV.A!$G$14*0.0819/2 -> 0 | G15: =IV.A!$H$14*0.0819/2 -> 0 | H15: =IV.A!$F$14*0.0842/2 -> 0 | I15: =IV.A!$G$14*0.0842/2 -> 0 | J15: =IV.A!$H$14*0.0842/2 -> 0 | K15: =IV.A!$F$14*0.0842/2 -> 0 | L15: =IV.A!$G$14*0.0842/2 -> 0 | M15: =IV.A!$H$14*0.0842/2 -> 0 | N15: =IV.A!$F$14*0.0842/2 -> 0 | O15: =IV.A!$G$14*0.0842/2 -> 0 | P15: =IV.A!$H$14*0.0842/2 -> 0 | Q15: =IV.A!$F$14*0.09/2 -> 0 | R15: =IV.A!$G$14*0.09/2 -> 0 | S15: =IV.A!$H$14*0.09/2 -> 0 | T15: =IV.A!$F$14*0.09/2 -> 0 | U15: =IV.A!$G$14*0.09/2 -> 0 | V15: =IV.A!$H$14*0.09/2 -> 0
D16: =IV.A!$M$14 -> #DIV/0! | E16: =E14/$D$51 -> #DIV/0! | H16: =H14/$D$51 -> #DIV/0! | K16: =K14/$D$51 -> #DIV/0! | N16: =N14/$D$51 -> #DIV/0! | Q16: =Q14/$D$51 -> #DIV/0! | T16: =T14/$D$51 -> #DIV/0! | W16: =W14/D14 -> #DIV/0!
B17: =IV.A!$A$22 -> 2.0 | C17: =IV.A!$B$22 -> SERVIÇOS INICIAIS | D17: =IV.A!$L$22 -> 0 | E17: =E18+F18+G18 -> 0 | H17: =H18+I18+J18 -> 0 | K17: =K18+L18+M18 -> 0 | N17: =N18+O18+P18 -> 0 | Q17: =Q18+R18+S18 -> 0 | T17: =T18+U18+V18 -> 0 | W17: =N17+Q17+T17+K17+H17+E17 -> 0
E18: =IV.A!$F$22*0.09/2 -> 0 | F18: =IV.A!$G$22*0.09/2 -> 0 | G18: =IV.A!$H$22*0.09/2 -> 0 | H18: =IV.A!$F$22*0.09/2 -> 0 | I18: =IV.A!$G$22*0.09/2 -> 0 | J18: =IV.A!$H$22*0.09/2 -> 0 | K18: =IV.A!$F$22*0.09/2 -> 0 | L18: =IV.A!$G$22*0.09/2 -> 0 | M18: =IV.A!$H$22*0.09/2 -> 0 | N18: =IV.A!$F$22*0.09/2 -> 0 | O18: =IV.A!$G$22*0.09/2 -> 0 | P18: =IV.A!$H$22*0.09/2 -> 0 | Q18: =IV.A!$F$22/12/2 -> 0 | R18: =IV.A!$G$22/12/2 -> 0 | S18: =IV.A!$H$22/12/2 -> 0 | T18: =IV.A!$F$22/12/2 -> 0 | U18: =IV.A!$G$22/12/2 -> 0 | V18: =IV.A!$H$22/12/2 -> 0
D19: =IV.A!$M$22 -> #DIV/0! | E19: =E17/$D$54 -> #DIV/0! | H19: =H17/$D$54 -> #DIV/0! | K19: =K17/$D$54 -> #DIV/0! | N19: =N17/$D$54 -> #DIV/0! | Q19: =Q17/$D$54 -> #DIV/0! | T19: =T17/$D$54 -> #DIV/0! | W19: =W17/D17 -> #DIV/0!
B20: =IV.A!$A$43 -> 3.0 | C20: =IV.A!$B$43 -> FECHAMENTOS, PROTEÇÕES E ALVENARIAS EM GERAL | D20: =IV.A!$L$43 -> 0 | E20: =E21+F21+G21 -> 0 | H20: =H21+I21+J21 -> 0 | K20: =K21+L21+M21 -> 0 | N20: =N21+O21+P21 -> 0 | Q20: =Q21+R21+S21 -> 0 | T20: =T21+U21+V21 -> 0 | W20: =N20+Q20+T20+K20+H20+E20 -> 0
E21: =IV.A!$F$43*0.09/2 -> 0 | F21: =IV.A!$G$43*0.09/2 -> 0 | G21: =IV.A!$H$43*0.09/2 -> 0 | H21: =IV.A!$F$43*0.1/2 -> 0 | I21: =IV.A!$G$43*0.1/2 -> 0 | J21: =IV.A!$H$43*0.1/2 -> 0 | K21: =IV.A!$F$43*0.11/2 -> 0 | L21: =IV.A!$G$43*0.11/2 -> 0 | M21: =IV.A!$H$43*0.11/2 -> 0 | N21: =IV.A!$F$43*0.11/2 -> 0 | O21: =IV.A!$G$43*0.11/2 -> 0 | P21: =IV.A!$H$43*0.11/2 -> 0 | Q21: =IV.A!$F$43*0.1/2 -> 0 | R21: =IV.A!$G$43*0.1/2 -> 0 | S21: =IV.A!$H$43*0.1/2 -> 0 | T21: =IV.A!$F$43*0.09/2 -> 0 | U21: =IV.A!$G$43*0.09/2 -> 0 | V21: =IV.A!$H$43*0.09/2 -> 0
D22: =IV.A!$M$43 -> #DIV/0! | E22: =E20/$D$57 -> #DIV/0! | H22: =H20/$D$57 -> #DIV/0! | K22: =K20/$D$57 -> #DIV/0! | N22: =N20/$D$57 -> #DIV/0! | Q22: =Q20/$D$57 -> #DIV/0! | T22: =T20/$D$57 -> #DIV/0! | W22: =W20/D20 -> #DIV/0!
B23: =IV.A!$A$112 -> 4.0 | C23: =IV.A!$B$112 -> FORNECIMENTO E INSTALAÇÕES HIDRAULICAS - ITEM 9.0 DO TERMO DE REFERÊNCIA | D23: =IV.A!$L$112 -> 0 | E23: =E24+F24+G24 -> 0 | H23: =H24+I24+J24 -> 0 | K23: =K24+L24+M24 -> 0 | N23: =N24+O24+P24 -> 0 | Q23: =Q24+R24+S24 -> 0 | T23: =T24+U24+V24 -> 0 | W23: =N23+Q23+T23+K23+H23+E23 -> 0
E24: =IV.A!$F$112/12/2 -> 0 | F24: =IV.A!$G$112/12/2 -> 0 | G24: =IV.A!$H$112/12/2 -> 0 | H24: =IV.A!$F$112/12/2 -> 0 | I24: =IV.A!$G$112/12/2 -> 0 | J24: =IV.A!$H$112/12/2 -> 0 | K24: =IV.A!$F$112/12/2 -> 0 | L24: =IV.A!$G$112/12/2 -> 0 | M24: =IV.A!$H$112/12/2 -> 0 | N24: =IV.A!$F$112/12/2 -> 0 | O24: =IV.A!$G$112/12/2 -> 0 | P24: =IV.A!$H$112/12/2 -> 0 | Q24: =IV.A!$F$112/12/2 -> 0 | R24: =IV.A!$G$112/12/2 -> 0 | S24: =IV.A!$H$112/12/2 -> 0 | T24: =IV.A!$F$112/12/2 -> 0 | U24: =IV.A!$G$112/12/2 -> 0 | V24: =IV.A!$H$112/12/2 -> 0
D25: =IV.A!$M$112 -> #DIV/0! | E25: =E23/$D$60 -> #DIV/0! | H25: =H23/$D$60 -> #DIV/0! | K25: =K23/$D$60 -> #DIV/0! | N25: =N23/$D$60 -> #DIV/0! | Q25: =Q23/$D$60 -> #DIV/0! | T25: =T23/$D$60 -> #DIV/0! | W25: =W23/D23 -> #DIV/0!
B26: =IV.A!$A$126 -> 5.0 | C26: =IV.A!$B$126 -> RECUPERAÇÃO E TRATAMENTO DE SUPERFÍCIES EM CONCRETO ARMADO - ITEM 10.0 DO TERMO DE REFERÊNCIA | D26: =IV.A!$L$126 -> 0 | E26: =E27+F27+G27 -> 0 | H26: =H27+I27+J27 -> 0 | K26: =K27+L27+M27 -> 0 | N26: =N27+O27+P27 -> 0 | Q26: =Q27+R27+S27 -> 0 | T26: =T27+U27+V27 -> 0 | W26: =N26+Q26+T26+K26+H26+E26 -> 0
E27: =IV.A!$F$126/12/2 -> 0 | F27: =IV.A!$G$126/12/2 -> 0 | G27: =IV.A!$H$126/12/2 -> 0 | H27: =IV.A!$F$126/12/2 -> 0 | I27: =IV.A!$G$126/12/2 -> 0 | J27: =IV.A!$H$126/12/2 -> 0 | K27: =IV.A!$F$126/12/2 -> 0 | L27: =IV.A!$G$126/12/2 -> 0 | M27: =IV.A!$H$126/12/2 -> 0 | N27: =IV.A!$F$126/12/2 -> 0 | O27: =IV.A!$G$126/12/2 -> 0 | P27: =IV.A!$H$126/12/2 -> 0 | Q27: =IV.A!$F$126/12/2 -> 0 | R27: =IV.A!$G$126/12/2 -> 0 | S27: =IV.A!$H$126/12/2 -> 0 | T27: =IV.A!$F$126/12/2 -> 0 | U27: =IV.A!$G$126/12/2 -> 0 | V27: =IV.A!$H$126/12/2 -> 0
D28: =IV.A!$M$126 -> #DIV/0! | E28: =E26/$D$63 -> #DIV/0! | H28: =H26/$D$63 -> #DIV/0! | K28: =K26/$D$63 -> #DIV/0! | N28: =N26/$D$63 -> #DIV/0! | Q28: =Q26/$D$63 -> #DIV/0! | T28: =T26/$D$63 -> #DIV/0! | W28: =W26/D26 -> #DIV/0!
B29: =IV.A!$A$134 -> 6.0 | C29: =IV.A!$B$134 -> PINTURAS - ITEM 11.0 DO TERMO DE REFERÊNCIA | D29: =IV.A!$L$134 -> 0 | E29: =E30+F30+G30 -> 0 | H29: =H30+I30+J30 -> 0 | K29: =K30+L30+M30 -> 0 | N29: =N30+O30+P30 -> 0 | Q29: =Q30+R30+S30 -> 0 | T29: =T30+U30+V30 -> 0 | W29: =N29+Q29+T29+K29+H29+E29 -> 0
E30: =IV.A!$F$134*0.085/2 -> 0 | F30: =IV.A!$G$134*0.085/2 -> 0 | G30: =IV.A!$H$134*0.085/2 -> 0 | H30: =IV.A!$F$134*0.085/2 -> 0 | I30: =IV.A!$G$134*0.085/2 -> 0 | J30: =IV.A!$H$134*0.085/2 -> 0 | K30: =IV.A!$F$134*0.085/2 -> 0 | L30: =IV.A!$G$134*0.085/2 -> 0 | M30: =IV.A!$H$134*0.085/2 -> 0 | N30: =IV.A!$F$134*0.085/2 -> 0 | O30: =IV.A!$G$134*0.085/2 -> 0 | P30: =IV.A!$H$134*0.085/2 -> 0 | Q30: =IV.A!$F$134*0.08/2 -> 0 | R30: =IV.A!$G$134*0.08/2 -> 0 | S30: =IV.A!$H$134*0.08/2 -> 0 | T30: =IV.A!$F$134*0.08/2 -> 0 | U30: =IV.A!$G$134*0.08/2 -> 0 | V30: =IV.A!$H$134*0.08/2 -> 0
D31: =IV.A!$M$134 -> #DIV/0! | E31: =E29/$D$66 -> #DIV/0! | H31: =H29/$D$66 -> #DIV/0! | K31: =K29/$D$66 -> #DIV/0! | N31: =N29/$D$66 -> #DIV/0! | Q31: =Q29/$D$66 -> #DIV/0! | T31: =T29/$D$66 -> #DIV/0! | W31: =W29/D29 -> #DIV/0!
B32: =IV.A!$A$155 -> 7.0 | C32: =IV.A!$B$155 -> SERVIÇOS COMPLEMENTARES - ITEM 12.0 DO TERMO DE REFERÊNCIA | D32: =IV.A!$L$155 -> 0 | E32: =E33+F33+G33 -> 0 | H32: =H33+I33+J33 -> 0 | K32: =K33+L33+M33 -> 0 | N32: =N33+O33+P33 -> 0 | Q32: =Q33+R33+S33 -> 0 | T32: =T33+U33+V33 -> 0 | W32: =N32+Q32+T32+K32+H32+E32 -> 0
E33: =IV.A!$F$155*0.08/2 -> 0 | F33: =IV.A!$G$155*0.08/2 -> 0 | G33: =IV.A!$H$155*0.08/2 -> 0 | H33: =IV.A!$F$155/12/2 -> 0 | I33: =IV.A!$G$155/12/2 -> 0 | J33: =IV.A!$H$155/12/2 -> 0 | K33: =IV.A!$F$155/12/2 -> 0 | L33: =IV.A!$G$155/12/2 -> 0 | M33: =IV.A!$H$155/12/2 -> 0 | N33: =IV.A!$F$155/12/2 -> 0 | O33: =IV.A!$G$155/12/2 -> 0 | P33: =IV.A!$H$155/12/2 -> 0 | Q33: =IV.A!$F$155*0.12/2 -> 0 | R33: =IV.A!$G$155*0.12/2 -> 0 | S33: =IV.A!$H$155*0.12/2 -> 0 | T33: =IV.A!$F$155*0.12/2 -> 0 | U33: =IV.A!$G$155*0.12/2 -> 0 | V33: =IV.A!$H$155*0.12/2 -> 0
D34: =IV.A!$M$155 -> #DIV/0! | E34: =E32/$D$69 -> #DIV/0! | H34: =H32/$D$69 -> #DIV/0! | K34: =K32/$D$69 -> #DIV/0! | N34: =N32/$D$69 -> #DIV/0! | Q34: =Q32/$D$69 -> #DIV/0! | T34: =T32/$D$69 -> #DIV/0! | W34: =W32/D32 -> #DIV/0!
B36: MEDIÇÃO MENSAL | D36: =D14+D17+D20+D23+D26+D29+D32 -> 0 | E36: =E37+F37+G37 -> 0 | H36: =H37+I37+J37 -> 0 | K36: =K37+L37+M37 -> 0 | N36: =N37+O37+P37 -> 0 | Q36: =Q37+R37+S37 -> 0 | T36: =T37+U37+V37 -> 0 | W36: =W14+W17+W20+W23+W26+W29+W32 -> 0
E37: =E27+E24+E21+E18+E15+E30+E33 -> 0 | F37: =F27+F24+F21+F18+F15+F30+F33 -> 0 | G37: =G27+G24+G21+G18+G15+G30+G33 -> 0 | H37: =H27+H24+H21+H18+H15+H30+H33 -> 0 | I37: =I27+I24+I21+I18+I15+I30+I33 -> 0 | J37: =J27+J24+J21+J18+J15+J30+J33 -> 0 | K37: =K27+K24+K21+K18+K15+K30+K33 -> 0 | L37: =L27+L24+L21+L18+L15+L30+L33 -> 0 | ... V37: =V27+V24+V21+V18+V15+V30+V33 -> 0
D38: =D16+D19+D22+D25+D28+D31+D34 -> #DIV/0! | E38: =ROUND(E36/$D$36,6) -> #DIV/0! | H38: =ROUND(H36/$D$36,6) -> #DIV/0! | K38: =ROUND(K36/$D$36,6) -> #DIV/0! | N38: =ROUND(N36/$D$36,6) -> #DIV/0! | Q38: =ROUND(Q36/$D$36,6) -> #DIV/0! | T38: =ROUND(T36/$D$36,6) -> #DIV/0! | W38: =ROUND(N38+Q38+T38+K38+H38+E38,6) -> #DIV/0!
B40: MEDIÇÕES MENSAIS ACUMULADAS | D40: R$ | E40: =E36 -> 0 | H40: =H36+E40 -> 0 | K40: =K36+H40 -> 0 | N40: =N36+K40 -> 0 | Q40: =Q36+N40 -> 0 | T40: =T36+Q40 -> 0
B41: MEDIÇÕES MENSAIS ACUMULADAS | D41: R$ | E41: =E37 -> 0 | F41: =F37 -> 0 | G41: =G37 -> 0 | H41: =H37+E41 -> 0 | I41: =I37+F41 -> 0 | J41: =J37+G41 -> 0 | K41: =K37+H41 -> 0 | L41: =L37+I41 -> 0 | M41: =M37+J41 -> 0 | N41: =N37+K41 -> 0 | O41: =O37+L41 -> 0 | ... V41: =V37+S41 -> 0
B42: SALDO CONTRATUAL | D42: R$ | E42: =$D$36-E40 -> 0 | H42: =$D$36-H40 -> 0 | K42: =$D$36-K40 -> 0 | N42: =$D$36-N40 -> 0 | Q42: =$D$36-Q40 -> 0 | T42: =$D$36-T40 -> 0
B43: SALDO CONTRATUAL | D43: R$ | E43: =IV.A!$L$175-E41 -> 0 | F43: =IV.A!$L$176-F41 -> 0 | G43: =IV.A!$L$177-G41 -> 0 | H43: =IV.A!$L$175-H41 -> 0 | I43: =IV.A!$L$176-I41 -> 0 | J43: =IV.A!$L$177-J41 -> 0 | K43: =IV.A!$L$175-K41 -> 0 | L43: =IV.A!$L$176-L41 -> 0 | M43: =IV.A!$L$177-M41 -> 0 | N43: =IV.A!$L$175-N41 -> 0 | O43: =IV.A!$L$176-O41 -> 0 | P43: =IV.A!$L$177-P41 -> 0 | Q43: =IV.A!$L$175-Q41 -> 0 | R43: =IV.A!$L$176-R41 -> 0 | S43: =IV.A!$L$177-S41 -> 0 | T43: =IV.A!$L$175-T41 -> 0 | U43: =IV.A!$L$176-U41 -> 0 | V43: =IV.A!$L$177-V41 -> 0
B47: =IV.A!A203 -> 0
E49: 7º MÊS | H49: 8º MÊS | K49: 9º MÊS | N49: 10º MÊS | Q49: 11º MÊS | T49: 12º MÊS
E50: MAT | F50: EQUIP | G50: MO | H50: MAT | I50: EQUIP | J50: MO | K50: MAT | L50: EQUIP | M50: MO | N50: MAT | O50: EQUIP | P50: MO | Q50: MAT | R50: EQUIP | S50: MO | T50: MAT | U50: EQUIP | V50: MO
B51: =IV.A!$A$14 -> 1.0 | C51: =IV.A!$B$14 -> CANTEIRO DE OBRAS | D51: =IV.A!$L$14 -> 0 | E51: =E52+F52+G52 -> 0 | H51: =H52+I52+J52 -> 0 | K51: =K52+L52+M52 -> 0 | N51: =N52+O52+P52 -> 0 | Q51: =Q52+R52+S52 -> 0 | T51: =T52+U52+V52 -> 0 | W51: =N51+Q51+T51+K51+H51+E51+W14 -> 0
E52: =IV.A!$F$14*0.09/2 -> 0 | F52: =IV.A!$G$14*0.09/2 -> 0 | G52: =IV.A!$H$14*0.09/2 -> 0 | H52: =IV.A!$F$14*0.0811/2 -> 0 | I52: =IV.A!$G$14*0.0811/2 -> 0 | J52: =IV.A!$H$14*0.0811/2 -> 0 | K52: =IV.A!$F$14*0.0811/2 -> 0 | L52: =IV.A!$G$14*0.0811/2 -> 0 | M52: =IV.A!$H$14*0.0811/2 -> 0 | N52: =IV.A!$F$14*0.0811/2 -> 0 | O52: =IV.A!$G$14*0.0811/2 -> 0 | P52: =IV.A!$H$14*0.0811/2 -> 0 | Q52: =IV.A!$F$14*0.0811/2 -> 0 | R52: =IV.A!$G$14*0.0811/2 -> 0 | S52: =IV.A!$H$14*0.0811/2 -> 0 | T52: =IV.A!$F$14*0.0711/2 -> 0 | U52: =IV.A!$G$14*0.0711/2 -> 0 | V52: =IV.A!$H$14*0.0711/2 -> 0
D53: =IV.A!$M$14 -> #DIV/0! | E53: =E51/$D$51 -> #DIV/0! | H53: =H51/$D$51 -> #DIV/0! | K53: =K51/$D$51 -> #DIV/0! | N53: =N51/$D$51 -> #DIV/0! | Q53: =Q51/$D$51 -> #DIV/0! | T53: =T51/$D$51 -> #DIV/0! | W53: =W51/D51 -> #DIV/0!
B54: =IV.A!$A$22 -> 2.0 | C54: =IV.A!$B$22 -> SERVIÇOS INICIAIS | D54: =IV.A!$L$22 -> 0 | E54: =E55+F55+G55 -> 0 | H54: =H55+I55+J55 -> 0 | K54: =K55+L55+M55 -> 0 | N54: =N55+O55+P55 -> 0 | Q54: =Q55+R55+S55 -> 0 | T54: =T55+U55+V55 -> 0 | W54: =N54+Q54+T54+K54+H54+E54+W17 -> 0
E55: =IV.A!$F$22/12/2 -> 0 | F55: =IV.A!$G$22/12/2 -> 0 | G55: =IV.A!$H$22/12/2 -> 0 | H55: =IV.A!$F$22/12/2 -> 0 | I55: =IV.A!$G$22/12/2 -> 0 | J55: =IV.A!$H$22/12/2 -> 0 | K55: =IV.A!$F$22/12/2 -> 0 | L55: =IV.A!$G$22/12/2 -> 0 | M55: =IV.A!$H$22/12/2 -> 0 | N55: =IV.A!$F$22/12/2 -> 0 | O55: =IV.A!$G$22/12/2 -> 0 | P55: =IV.A!$H$22/12/2 -> 0 | Q55: =IV.A!$F$22/12/2 -> 0 | R55: =IV.A!$G$22/12/2 -> 0 | S55: =IV.A!$H$22/12/2 -> 0 | T55: =IV.A!$F$22/2-Q55-N55-K55-H55-E55-T18-Q18-N18-K18-H18-E18 -> 0 | U55: =IV.A!$G$22/2-R55-O55-L55-I55-F55-U18-R18-O18-L18-I18-F18 -> 0 | V55: =IV.A!$H$22/2-S55-P55-M55-J55-G55-V18-S18-P18-M18-J18-G18 -> 0
D56: =IV.A!$M$22 -> #DIV/0! | E56: =E54/$D$54 -> #DIV/0! | H56: =H54/$D$54 -> #DIV/0! | K56: =K54/$D$54 -> #DIV/0! | N56: =N54/$D$54 -> #DIV/0! | Q56: =Q54/$D$54 -> #DIV/0! | T56: =T54/$D$54 -> #DIV/0! | W56: =W54/D54 -> #DIV/0!
B57: =IV.A!$A$43 -> 3.0 | C57: =IV.A!$B$43 -> FECHAMENTOS, PROTEÇÕES E ALVENARIAS EM GERAL | D57: =IV.A!$L$43 -> 0 | E57: =E58+F58+G58 -> 0 | H57: =H58+I58+J58 -> 0 | K57: =K58+L58+M58 -> 0 | N57: =N58+O58+P58 -> 0 | Q57: =Q58+R58+S58 -> 0 | T57: =T58+U58+V58 -> 0 | W57: =N57+Q57+T57+K57+H57+E57+W20 -> 0
E58: =IV.A!$F$43*0.09/2 -> 0 | F58: =IV.A!$G$43*0.09/2 -> 0 | G58: =IV.A!$H$43*0.09/2 -> 0 | H58: =IV.A!$F$43*0.1/2 -> 0 | I58: =IV.A!$G$43*0.1/2 -> 0 | J58: =IV.A!$H$43*0.1/2 -> 0 | K58: =IV.A!$F$43*0.11/2 -> 0 | L58: =IV.A!$G$43*0.11/2 -> 0 | M58: =IV.A!$H$43*0.11/2 -> 0 | N58: =IV.A!$F$43*0.11/2 -> 0 | O58: =IV.A!$G$43*0.11/2 -> 0 | P58: =IV.A!$H$43*0.11/2 -> 0 | Q58: =IV.A!$F$43*0.1/2 -> 0 | R58: =IV.A!$G$43*0.1/2 -> 0 | S58: =IV.A!$H$43*0.1/2 -> 0 | T58: =IV.A!$F$43*0.09/2 -> 0 | U58: =IV.A!$G$43*0.09/2 -> 0 | V58: =IV.A!$H$43*0.09/2 -> 0
D59: =IV.A!$M$43 -> #DIV/0! | E59: =E57/$D$57 -> #DIV/0! | H59: =H57/$D$57 -> #DIV/0! | K59: =K57/$D$57 -> #DIV/0! | N59: =N57/$D$57 -> #DIV/0! | Q59: =Q57/$D$57 -> #DIV/0! | T59: =T57/$D$57 -> #DIV/0! | W59: =W57/D57 -> #DIV/0!
B60: =IV.A!$A$112 -> 4.0 | C60: =IV.A!$B$112 -> FORNECIMENTO E INSTALAÇÕES HIDRAULICAS - ITEM 9.0 DO TERMO DE REFERÊNCIA | D60: =IV.A!$L$112 -> 0 | E60: =E61+F61+G61 -> 0 | H60: =H61+I61+J61 -> 0 | K60: =K61+L61+M61 -> 0 | N60: =N61+O61+P61 -> 0 | Q60: =Q61+R61+S61 -> 0 | T60: =T61+U61+V61 -> 0 | W60: =N60+Q60+T60+K60+H60+E60+W23 -> 0
E61: =IV.A!$F$112/12/2 -> 0 | F61: =IV.A!$G$112/12/2 -> 0 | G61: =IV.A!$H$112/12/2 -> 0 | H61: =IV.A!$F$112/12/2 -> 0 | I61: =IV.A!$G$112/12/2 -> 0 | J61: =IV.A!$H$112/12/2 -> 0 | K61: =IV.A!$F$112/12/2 -> 0 | L61: =IV.A!$G$112/12/2 -> 0 | M61: =IV.A!$H$112/12/2 -> 0 | N61: =IV.A!$F$112/12/2 -> 0 | O61: =IV.A!$G$112/12/2 -> 0 | P61: =IV.A!$H$112/12/2 -> 0 | Q61: =IV.A!$F$112/12/2 -> 0 | R61: =IV.A!$G$112/12/2 -> 0 | S61: =IV.A!$H$112/12/2 -> 0 | T61: =IV.A!$F$112/2-Q61-N61-K61-H61-E61-T24-Q24-N24-K24-H24-E24 -> 0 | U61: =IV.A!$G$112/2-R61-O61-L61-I61-F61-U24-R24-O24-L24-I24-F24 -> 0 | V61: =IV.A!$H$112/2-S61-P61-M61-J61-G61-V24-S24-P24-M24-J24-G24 -> 0
D62: =IV.A!$M$112 -> #DIV/0! | E62: =E60/$D$60 -> #DIV/0! | H62: =H60/$D$60 -> #DIV/0! | K62: =K60/$D$60 -> #DIV/0! | N62: =N60/$D$60 -> #DIV/0! | Q62: =Q60/$D$60 -> #DIV/0! | T62: =T60/$D$60 -> #DIV/0! | W62: =W60/D60 -> #DIV/0!
B63: =IV.A!$A$126 -> 5.0 | C63: =IV.A!$B$126 -> RECUPERAÇÃO E TRATAMENTO DE SUPERFÍCIES EM CONCRETO ARMADO - ITEM 10.0 DO TERMO DE REFERÊNCIA | D63: =IV.A!$L$126 -> 0 | E63: =E64+F64+G64 -> 0 | H63: =H64+I64+J64 -> 0 | K63: =K64+L64+M64 -> 0 | N63: =N64+O64+P64 -> 0 | Q63: =Q64+R64+S64 -> 0 | T63: =T64+U64+V64 -> 0 | W63: =N63+Q63+T63+K63+H63+E63+W26 -> 0
E64: =IV.A!$F$126/12/2 -> 0 | F64: =IV.A!$G$126/12/2 -> 0 | G64: =IV.A!$H$126/12/2 -> 0 | H64: =IV.A!$F$126/12/2 -> 0 | I64: =IV.A!$G$126/12/2 -> 0 | J64: =IV.A!$H$126/12/2 -> 0 | K64: =IV.A!$F$126/12/2 -> 0 | L64: =IV.A!$G$126/12/2 -> 0 | M64: =IV.A!$H$126/12/2 -> 0 | N64: =IV.A!$F$126/12/2 -> 0 | O64: =IV.A!$G$126/12/2 -> 0 | P64: =IV.A!$H$126/12/2 -> 0 | Q64: =IV.A!$F$126/12/2 -> 0 | R64: =IV.A!$G$126/12/2 -> 0 | S64: =IV.A!$H$126/12/2 -> 0 | T64: =IV.A!$F$126/2-Q64-N64-K64-H64-E64-T27-Q27-N27-K27-H27-E27 -> 0 | U64: =IV.A!$G$126/2-R64-O64-L64-I64-F64-U27-R27-O27-L27-I27-F27 -> 0 | V64: =IV.A!$H$126/2-S64-P64-M64-J64-G64-V27-S27-P27-M27-J27-G27 -> 0
D65: =IV.A!$M$126 -> #DIV/0! | E65: =E63/$D$63 -> #DIV/0! | H65: =H63/$D$63 -> #DIV/0! | K65: =K63/$D$63 -> #DIV/0! | N65: =N63/$D$63 -> #DIV/0! | Q65: =Q63/$D$63 -> #DIV/0! | T65: =T63/$D$63 -> #DIV/0! | W65: =W63/D63 -> #DIV/0!
B66: =IV.A!$A$134 -> 6.0 | C66: =IV.A!$B$134 -> PINTURAS - ITEM 11.0 DO TERMO DE REFERÊNCIA | D66: =IV.A!$L$134 -> 0 | E66: =E67+F67+G67 -> 0 | H66: =H67+I67+J67 -> 0 | K66: =K67+L67+M67 -> 0 | N66: =N67+O67+P67 -> 0 | Q66: =Q67+R67+S67 -> 0 | T66: =T67+U67+V67 -> 0 | W66: =N66+Q66+T66+K66+H66+E66+W29 -> 0
E67: =IV.A!$F$134*0.08/2 -> 0 | F67: =IV.A!$G$134*0.08/2 -> 0 | G67: =IV.A!$H$134*0.08/2 -> 0 | H67: =IV.A!$F$134/12/2 -> 0 | I67: =IV.A!$G$134/12/2 -> 0 | J67: =IV.A!$H$134/12/2 -> 0 | K67: =IV.A!$F$134/12/2 -> 0 | L67: =IV.A!$G$134/12/2 -> 0 | M67: =IV.A!$H$134/12/2 -> 0 | N67: =IV.A!$F$134/12/2 -> 0 | O67: =IV.A!$G$134/12/2 -> 0 | P67: =IV.A!$H$134/12/2 -> 0 | Q67: =IV.A!$F$134/12/2 -> 0 | R67: =IV.A!$G$134/12/2 -> 0 | S67: =IV.A!$H$134/12/2 -> 0 | T67: =IV.A!$F$134/2-Q67-N67-K67-H67-E67-T30-Q30-N30-K30-H30-E30 -> 0 | U67: =IV.A!$G$134/2-R67-O67-L67-I67-F67-U30-R30-O30-L30-I30-F30 -> 0 | V67: =IV.A!$H$134/2-S67-P67-M67-J67-G67-V30-S30-P30-M30-J30-G30 -> 0
D68: =IV.A!$M$134 -> #DIV/0! | E68: =E66/$D$66 -> #DIV/0! | H68: =H66/$D$66 -> #DIV/0! | K68: =K66/$D$66 -> #DIV/0! | N68: =N66/$D$66 -> #DIV/0! | Q68: =Q66/$D$66 -> #DIV/0! | T68: =T66/$D$66 -> #DIV/0! | W68: =W66/D66 -> #DIV/0!
B69: =IV.A!$A$155 -> 7.0 | C69: =IV.A!$B$155 -> SERVIÇOS COMPLEMENTARES - ITEM 12.0 DO TERMO DE REFERÊNCIA | D69: =IV.A!$L$155 -> 0 | E69: =E70+F70+G70 -> 0 | H69: =H70+I70+J70 -> 0 | K69: =K70+L70+M70 -> 0 | N69: =N70+O70+P70 -> 0 | Q69: =Q70+R70+S70 -> 0 | T69: =T70+U70+V70 -> 0 | W69: =N69+Q69+T69+K69+H69+E69+W32 -> 0
E70: =IV.A!$F$155*0.12/2 -> 0 | F70: =IV.A!$G$155*0.12/2 -> 0 | G70: =IV.A!$H$155*0.12/2 -> 0 | H70: =IV.A!$F$155*0.07/2 -> 0 | I70: =IV.A!$G$155*0.07/2 -> 0 | J70: =IV.A!$H$155*0.07/2 -> 0 | K70: =IV.A!$F$155*0.07/2 -> 0 | L70: =IV.A!$G$155*0.07/2 -> 0 | M70: =IV.A!$H$155*0.07/2 -> 0 | N70: =IV.A!$F$155*0.07/2 -> 0 | O70: =IV.A!$G$155*0.07/2 -> 0 | P70: =IV.A!$H$155*0.07/2 -> 0 | Q70: =IV.A!$F$155*0.07/2 -> 0 | R70: =IV.A!$G$155*0.07/2 -> 0 | S70: =IV.A!$H$155*0.07/2 -> 0 | T70: =Q70 -> 0 | U70: =R70 -> 0 | V70: =S70 -> 0
D71: =IV.A!$M$155 -> #DIV/0! | E71: =E69/$D$69 -> #DIV/0! | H71: =H69/$D$69 -> #DIV/0! | K71: =K69/$D$69 -> #DIV/0! | N71: =N69/$D$69 -> #DIV/0! | Q71: =Q69/$D$69 -> #DIV/0! | T71: =T69/$D$69 -> #DIV/0! | W71: =W69/D69 -> #DIV/0!
B73: MEDIÇÃO MENSAL | D73: =D51+D54+D57+D60+D63+D66+D69 -> 0 | E73: =E74+F74+G74 -> 0 | H73: =H74+I74+J74 -> 0 | K73: =K74+L74+M74 -> 0 | N73: =N74+O74+P74 -> 0 | Q73: =Q74+R74+S74 -> 0 | T73: =T74+U74+V74 -> 0 | W73: =W51+W54+W57+W60+W63+W66+W69 -> 0
E74: =E64+E61+E58+E55+E52+E67+E70 -> 0 | F74: =F64+F61+F58+F55+F52+F67+F70 -> 0 | G74: =G64+G61+G58+G55+G52+G67+G70 -> 0 | H74: =H64+H61+H58+H55+H52+H67+H70 -> 0 | I74: =I64+I61+I58+I55+I52+I67+I70 -> 0 | J74: =J64+J61+J58+J55+J52+J67+J70 -> 0 | K74: =K64+K61+K58+K55+K52+K67+K70 -> 0 | L74: =L64+L61+L58+L55+L52+L67+L70 -> 0 | ... V74: =V64+V61+V58+V55+V52+V67+V70 -> 0
D75: =D53+D56+D59+D62+D65+D68+D71 -> #DIV/0! | E75: =ROUND(E73/$D$36,6) -> #DIV/0! | H75: =ROUND(H73/$D$36,6) -> #DIV/0! | K75: =ROUND(K73/$D$36,6) -> #DIV/0! | N75: =ROUND(N73/$D$36,6) -> #DIV/0! | Q75: =ROUND(Q73/$D$36,6) -> #DIV/0! | T75: =ROUND(T73/$D$36,6) -> #DIV/0! | W75: =ROUND(N75+Q75+T75+K75+H75+E75+W38,6) -> #DIV/0!
B77: MEDIÇÕES MENSAIS ACUMULADAS | D77: R$ | E77: =E73+T40 -> 0 | H77: =H73+E77 -> 0 | K77: =K73+H77 -> 0 | N77: =N73+K77 -> 0 | Q77: =Q73+N77 -> 0 | T77: =T73+Q77 -> 0
B78: MEDIÇÕES MENSAIS ACUMULADAS | D78: R$ | E78: =E74+T41 -> 0 | F78: =F74+U41 -> 0 | G78: =G74+V41 -> 0 | H78: =H74+E78 -> 0 | I78: =I74+F78 -> 0 | J78: =J74+G78 -> 0 | K78: =K74+H78 -> 0 | L78: =L74+I78 -> 0 | M78: =M74+J78 -> 0 | N78: =N74+K78 -> 0 | O78: =O74+L78 -> 0 | ... V78: =V74+S78 -> 0
B79: SALDO CONTRATUAL | D79: R$ | E79: =$D$36-E77 -> 0 | H79: =$D$36-H77 -> 0 | K79: =$D$36-K77 -> 0 | N79: =$D$36-N77 -> 0 | Q79: =$D$36-Q77 -> 0 | T79: =$D$36-T77 -> 0
B80: SALDO CONTRATUAL | D80: R$ | E80: =IV.A!$L$175-E78 -> 0 | F80: =IV.A!$L$176-F78 -> 0 | G80: =IV.A!$L$177-G78 -> 0 | H80: =IV.A!$L$175-H78 -> 0 | I80: =IV.A!$L$176-I78 -> 0 | J80: =IV.A!$L$177-J78 -> 0 | K80: =IV.A!$L$175-K78 -> 0 | L80: =IV.A!$L$176-L78 -> 0 | M80: =IV.A!$L$177-M78 -> 0 | N80: =IV.A!$L$175-N78 -> 0 | O80: =IV.A!$L$176-O78 -> 0 | P80: =IV.A!$L$177-P78 -> 0 | Q80: =IV.A!$L$175-Q78 -> 0 | R80: =IV.A!$L$176-R78 -> 0 | S80: =IV.A!$L$177-S78 -> 0 | T80: =IV.A!$L$175-T78 -> 0 | U80: =IV.A!$L$176-U78 -> 0 | V80: =IV.A!$L$177-V78 -> 0
B84: =B47 -> 0
E86: 13º MÊS | H86: 14º MÊS | K86: 15º MÊS | N86: 16º MÊS | Q86: 17º MÊS | T86: 18º MÊS
E87: MAT | F87: EQUIP | G87: MO | H87: MAT | I87: EQUIP | J87: MO | K87: MAT | L87: EQUIP | M87: MO | N87: MAT | O87: EQUIP | P87: MO | Q87: MAT | R87: EQUIP | S87: MO | T87: MAT | U87: EQUIP | V87: MO
B88: =IV.A!$A$14 -> 1.0 | C88: =IV.A!$B$14 -> CANTEIRO DE OBRAS | D88: =IV.A!$L$14 -> 0 | E88: =E89+F89+G89 -> 0 | H88: =H89+I89+J89 -> 0 | K88: =K89+L89+M89 -> 0 | N88: =N89+O89+P89 -> 0 | Q88: =Q89+R89+S89 -> 0 | T88: =T89+U89+V89 -> 0 | W88: =N88+Q88+T88+K88+H88+E88+W51 -> 0
E89: =IV.A!$F$14*0.0819/2 -> 0 | F89: =IV.A!$G$14*0.0819/2 -> 0 | G89: =IV.A!$H$14*0.0819/2 -> 0 | H89: =IV.A!$F$14*0.0842/2 -> 0 | I89: =IV.A!$G$14*0.0842/2 -> 0 | J89: =IV.A!$H$14*0.0842/2 -> 0 | K89: =IV.A!$F$14*0.0842/2 -> 0 | L89: =IV.A!$G$14*0.0842/2 -> 0 | M89: =IV.A!$H$14*0.0842/2 -> 0 | N89: =IV.A!$F$14*0.0842/2 -> 0 | O89: =IV.A!$G$14*0.0842/2 -> 0 | P89: =IV.A!$H$14*0.0842/2 -> 0 | Q89: =IV.A!$F$14*0.09/2 -> 0 | R89: =IV.A!$G$14*0.09/2 -> 0 | S89: =IV.A!$H$14*0.09/2 -> 0 | T89: =IV.A!$F$14*0.09/2 -> 0 | U89: =IV.A!$G$14*0.09/2 -> 0 | V89: =IV.A!$H$14*0.09/2 -> 0
D90: =IV.A!$M$14 -> #DIV/0! | E90: =E88/$D$51 -> #DIV/0! | H90: =H88/$D$51 -> #DIV/0! | K90: =K88/$D$51 -> #DIV/0! | N90: =N88/$D$51 -> #DIV/0! | Q90: =Q88/$D$51 -> #DIV/0! | T90: =T88/$D$51 -> #DIV/0! | W90: =W88/D88 -> #DIV/0!
B91: =IV.A!$A$22 -> 2.0 | C91: =IV.A!$B$22 -> SERVIÇOS INICIAIS | D91: =IV.A!$L$22 -> 0 | E91: =E92+F92+G92 -> 0 | H91: =H92+I92+J92 -> 0 | K91: =K92+L92+M92 -> 0 | N91: =N92+O92+P92 -> 0 | Q91: =Q92+R92+S92 -> 0 | T91: =T92+U92+V92 -> 0 | W91: =N91+Q91+T91+K91+H91+E91+W54 -> 0
E92: =IV.A!$F$22*0.09/2 -> 0 | F92: =IV.A!$G$22*0.09/2 -> 0 | G92: =IV.A!$H$22*0.09/2 -> 0 | H92: =IV.A!$F$22*0.09/2 -> 0 | I92: =IV.A!$G$22*0.09/2 -> 0 | J92: =IV.A!$H$22*0.09/2 -> 0 | K92: =IV.A!$F$22*0.09/2 -> 0 | L92: =IV.A!$G$22*0.09/2 -> 0 | M92: =IV.A!$H$22*0.09/2 -> 0 | N92: =IV.A!$F$22*0.09/2 -> 0 | O92: =IV.A!$G$22*0.09/2 -> 0 | P92: =IV.A!$H$22*0.09/2 -> 0 | Q92: =IV.A!$F$22/12/2 -> 0 | R92: =IV.A!$G$22/12/2 -> 0 | S92: =IV.A!$H$22/12/2 -> 0 | T92: =IV.A!$F$22/12/2 -> 0 | U92: =IV.A!$G$22/12/2 -> 0 | V92: =IV.A!$H$22/12/2 -> 0
D93: =IV.A!$M$22 -> #DIV/0! | E93: =E91/$D$54 -> #DIV/0! | H93: =H91/$D$54 -> #DIV/0! | K93: =K91/$D$54 -> #DIV/0! | N93: =N91/$D$54 -> #DIV/0! | Q93: =Q91/$D$54 -> #DIV/0! | T93: =T91/$D$54 -> #DIV/0! | W93: =W91/D91 -> #DIV/0!
B94: =IV.A!$A$43 -> 3.0 | C94: =IV.A!$B$43 -> FECHAMENTOS, PROTEÇÕES E ALVENARIAS EM GERAL | D94: =IV.A!$L$43 -> 0 | E94: =E95+F95+G95 -> 0 | H94: =H95+I95+J95 -> 0 | K94: =K95+L95+M95 -> 0 | N94: =N95+O95+P95 -> 0 | Q94: =Q95+R95+S95 -> 0 | T94: =T95+U95+V95 -> 0 | W94: =N94+Q94+T94+K94+H94+E94+W57 -> 0
E95: =IV.A!$F$43*0.09/2 -> 0 | F95: =IV.A!$G$43*0.09/2 -> 0 | G95: =IV.A!$H$43*0.09/2 -> 0 | H95: =IV.A!$F$43*0.1/2 -> 0 | I95: =IV.A!$G$43*0.1/2 -> 0 | J95: =IV.A!$H$43*0.1/2 -> 0 | K95: =IV.A!$F$43*0.11/2 -> 0 | L95: =IV.A!$G$43*0.11/2 -> 0 | M95: =IV.A!$H$43*0.11/2 -> 0 | N95: =IV.A!$F$43*0.11/2 -> 0 | O95: =IV.A!$G$43*0.11/2 -> 0 | P95: =IV.A!$H$43*0.11/2 -> 0 | Q95: =IV.A!$F$43*0.1/2 -> 0 | R95: =IV.A!$G$43*0.1/2 -> 0 | S95: =IV.A!$H$43*0.1/2 -> 0 | T95: =IV.A!$F$43*0.09/2 -> 0 | U95: =IV.A!$G$43*0.09/2 -> 0 | V95: =IV.A!$H$43*0.09/2 -> 0
D96: =IV.A!$M$43 -> #DIV/0! | E96: =E94/$D$57 -> #DIV/0! | H96: =H94/$D$57 -> #DIV/0! | K96: =K94/$D$57 -> #DIV/0! | N96: =N94/$D$57 -> #DIV/0! | Q96: =Q94/$D$57 -> #DIV/0! | T96: =T94/$D$57 -> #DIV/0! | W96: =W94/D94 -> #DIV/0!
B97: =IV.A!$A$112 -> 4.0 | C97: =IV.A!$B$112 -> FORNECIMENTO E INSTALAÇÕES HIDRAULICAS - ITEM 9.0 DO TERMO DE REFERÊNCIA | D97: =IV.A!$L$112 -> 0 | E97: =E98+F98+G98 -> 0 | H97: =H98+I98+J98 -> 0 | K97: =K98+L98+M98 -> 0 | N97: =N98+O98+P98 -> 0 | Q97: =Q98+R98+S98 -> 0 | T97: =T98+U98+V98 -> 0 | W97: =N97+Q97+T97+K97+H97+E97+W60 -> 0
E98: =IV.A!$F$112/12/2 -> 0 | F98: =IV.A!$G$112/12/2 -> 0 | G98: =IV.A!$H$112/12/2 -> 0 | H98: =IV.A!$F$112/12/2 -> 0 | I98: =IV.A!$G$112/12/2 -> 0 | J98: =IV.A!$H$112/12/2 -> 0 | K98: =IV.A!$F$112/12/2 -> 0 | L98: =IV.A!$G$112/12/2 -> 0 | M98: =IV.A!$H$112/12/2 -> 0 | N98: =IV.A!$F$112/12/2 -> 0 | O98: =IV.A!$G$112/12/2 -> 0 | P98: =IV.A!$H$112/12/2 -> 0 | Q98: =IV.A!$F$112/12/2 -> 0 | R98: =IV.A!$G$112/12/2 -> 0 | S98: =IV.A!$H$112/12/2 -> 0 | T98: =IV.A!$F$112/12/2 -> 0 | U98: =IV.A!$G$112/12/2 -> 0 | V98: =IV.A!$H$112/12/2 -> 0
D99: =IV.A!$M$112 -> #DIV/0! | E99: =E97/$D$60 -> #DIV/0! | H99: =H97/$D$60 -> #DIV/0! | K99: =K97/$D$60 -> #DIV/0! | N99: =N97/$D$60 -> #DIV/0! | Q99: =Q97/$D$60 -> #DIV/0! | T99: =T97/$D$60 -> #DIV/0! | W99: =W97/D97 -> #DIV/0!
B100: =IV.A!$A$126 -> 5.0 | C100: =IV.A!$B$126 -> RECUPERAÇÃO E TRATAMENTO DE SUPERFÍCIES EM CONCRETO ARMADO - ITEM 10.0 DO TERMO DE REFERÊNCIA | D100: =IV.A!$L$126 -> 0 | E100: =E101+F101+G101 -> 0 | H100: =H101+I101+J101 -> 0 | K100: =K101+L101+M101 -> 0 | N100: =N101+O101+P101 -> 0 | Q100: =Q101+R101+S101 -> 0 | T100: =T101+U101+V101 -> 0 | W100: =N100+Q100+T100+K100+H100+E100+W63 -> 0
E101: =IV.A!$F$126/12/2 -> 0 | F101: =IV.A!$G$126/12/2 -> 0 | G101: =IV.A!$H$126/12/2 -> 0 | H101: =IV.A!$F$126/12/2 -> 0 | I101: =IV.A!$G$126/12/2 -> 0 | J101: =IV.A!$H$126/12/2 -> 0 | K101: =IV.A!$F$126/12/2 -> 0 | L101: =IV.A!$G$126/12/2 -> 0 | M101: =IV.A!$H$126/12/2 -> 0 | N101: =IV.A!$F$126/12/2 -> 0 | O101: =IV.A!$G$126/12/2 -> 0 | P101: =IV.A!$H$126/12/2 -> 0 | Q101: =IV.A!$F$126/12/2 -> 0 | R101: =IV.A!$G$126/12/2 -> 0 | S101: =IV.A!$H$126/12/2 -> 0 | T101: =IV.A!$F$126/12/2 -> 0 | U101: =IV.A!$G$126/12/2 -> 0 | V101: =IV.A!$H$126/12/2 -> 0
D102: =IV.A!$M$126 -> #DIV/0! | E102: =E100/$D$63 -> #DIV/0! | H102: =H100/$D$63 -> #DIV/0! | K102: =K100/$D$63 -> #DIV/0! | N102: =N100/$D$63 -> #DIV/0! | Q102: =Q100/$D$63 -> #DIV/0! | T102: =T100/$D$63 -> #DIV/0! | W102: =W100/D100 -> #DIV/0!
B103: =IV.A!$A$134 -> 6.0 | C103: =IV.A!$B$134 -> PINTURAS - ITEM 11.0 DO TERMO DE REFERÊNCIA | D103: =IV.A!$L$134 -> 0 | E103: =E104+F104+G104 -> 0 | H103: =H104+I104+J104 -> 0 | K103: =K104+L104+M104 -> 0 | N103: =N104+O104+P104 -> 0 | Q103: =Q104+R104+S104 -> 0 | T103: =T104+U104+V104 -> 0 | W103: =N103+Q103+T103+K103+H103+E103+W66 -> 0
E104: =IV.A!$F$134*0.085/2 -> 0 | F104: =IV.A!$G$134*0.085/2 -> 0 | G104: =IV.A!$H$134*0.085/2 -> 0 | H104: =IV.A!$F$134*0.085/2 -> 0 | I104: =IV.A!$G$134*0.085/2 -> 0 | J104: =IV.A!$H$134*0.085/2 -> 0 | K104: =IV.A!$F$134*0.085/2 -> 0 | L104: =IV.A!$G$134*0.085/2 -> 0 | M104: =IV.A!$H$134*0.085/2 -> 0 | N104: =IV.A!$F$134*0.085/2 -> 0 | O104: =IV.A!$G$134*0.085/2 -> 0 | P104: =IV.A!$H$134*0.085/2 -> 0 | Q104: =IV.A!$F$134*0.08/2 -> 0 | R104: =IV.A!$G$134*0.08/2 -> 0 | S104: =IV.A!$H$134*0.08/2 -> 0 | T104: =IV.A!$F$134*0.08/2 -> 0 | U104: =IV.A!$G$134*0.08/2 -> 0 | V104: =IV.A!$H$134*0.08/2 -> 0
D105: =IV.A!$M$134 -> #DIV/0! | E105: =E103/$D$66 -> #DIV/0! | H105: =H103/$D$66 -> #DIV/0! | K105: =K103/$D$66 -> #DIV/0! | N105: =N103/$D$66 -> #DIV/0! | Q105: =Q103/$D$66 -> #DIV/0! | T105: =T103/$D$66 -> #DIV/0! | W105: =W103/D103 -> #DIV/0!
B106: =IV.A!$A$155 -> 7.0 | C106: =IV.A!$B$155 -> SERVIÇOS COMPLEMENTARES - ITEM 12.0 DO TERMO DE REFERÊNCIA | D106: =IV.A!$L$155 -> 0 | E106: =E107+F107+G107 -> 0 | H106: =H107+I107+J107 -> 0 | K106: =K107+L107+M107 -> 0 | N106: =N107+O107+P107 -> 0 | Q106: =Q107+R107+S107 -> 0 | T106: =T107+U107+V107 -> 0 | W106: =N106+Q106+T106+K106+H106+E106+W69 -> 0
E107: =IV.A!$F$155*0.08/2 -> 0 | F107: =IV.A!$G$155*0.08/2 -> 0 | G107: =IV.A!$H$155*0.08 -> 0 | H107: =IV.A!$F$155/12/2 -> 0 | I107: =IV.A!$G$155/12/2 -> 0 | J107: =IV.A!$H$155/12 -> 0 | K107: =IV.A!$F$155/12/2 -> 0 | L107: =IV.A!$G$155/12/2 -> 0 | M107: =IV.A!$H$155/12/2 -> 0 | N107: =IV.A!$F$155/12/2 -> 0 | O107: =IV.A!$G$155/12/2 -> 0 | P107: =IV.A!$H$155/12/2 -> 0 | Q107: =IV.A!$F$155*0.12/2 -> 0 | R107: =IV.A!$G$155*0.12/2 -> 0 | S107: =IV.A!$H$155*0.12/2 -> 0 | T107: =IV.A!$F$155*0.12/2 -> 0 | U107: =IV.A!$G$155*0.12/2 -> 0 | V107: =IV.A!$H$155*0.12/2 -> 0
D108: =IV.A!$M$155 -> #DIV/0! | E108: =E106/$D$69 -> #DIV/0! | H108: =H106/$D$69 -> #DIV/0! | K108: =K106/$D$69 -> #DIV/0! | N108: =N106/$D$69 -> #DIV/0! | Q108: =Q106/$D$69 -> #DIV/0! | T108: =T106/$D$69 -> #DIV/0! | W108: =W106/D106 -> #DIV/0!
B110: MEDIÇÃO MENSAL | D110: =D88+D91+D94+D97+D100+D103+D106 -> 0 | E110: =E111+F111+G111 -> 0 | H110: =H111+I111+J111 -> 0 | K110: =K111+L111+M111 -> 0 | N110: =N111+O111+P111 -> 0 | Q110: =Q111+R111+S111 -> 0 | T110: =T111+U111+V111 -> 0 | W110: =W88+W91+W94+W97+W100+W103+W106 -> 0
E111: =E101+E98+E95+E92+E89+E104+E107 -> 0 | F111: =F101+F98+F95+F92+F89+F104+F107 -> 0 | G111: =G101+G98+G95+G92+G89+G104+G107 -> 0 | H111: =H101+H98+H95+H92+H89+H104+H107 -> 0 | I111: =I101+I98+I95+I92+I89+I104+I107 -> 0 | J111: =J101+J98+J95+J92+J89+J104+J107 -> 0 | K111: =K101+K98+K95+K92+K89+K104+K107 -> 0 | L111: =L101+L98+L95+L92+L89+L104+L107 -> 0 | ... V111: =V101+V98+V95+V92+V89+V104+V107 -> 0
D112: =D90+D93+D96+D99+D102+D105+D108 -> #DIV/0! | E112: =ROUND(E110/$D$36,6) -> #DIV/0! | H112: =ROUND(H110/$D$36,6) -> #DIV/0! | K112: =ROUND(K110/$D$36,6) -> #DIV/0! | N112: =ROUND(N110/$D$36,6) -> #DIV/0! | Q112: =ROUND(Q110/$D$36,6) -> #DIV/0! | T112: =ROUND(T110/$D$36,6) -> #DIV/0! | W112: =ROUND(N112+Q112+T112+K112+H112+E112,6)+W75 -> #DIV/0!
B114: MEDIÇÕES MENSAIS ACUMULADAS | D114: R$ | E114: =E110+T77 -> 0 | H114: =H110+E114 -> 0 | K114: =K110+H114 -> 0 | N114: =N110+K114 -> 0 | Q114: =Q110+N114 -> 0 | T114: =T110+Q114 -> 0
B115: MEDIÇÕES MENSAIS ACUMULADAS | D115: R$ | E115: =E111+T78 -> 0 | F115: =F111+U78 -> 0 | G115: =G111+V78 -> 0 | H115: =H111+E115 -> 0 | I115: =I111+F115 -> 0 | J115: =J111+G115 -> 0 | K115: =K111+H115 -> 0 | L115: =L111+I115 -> 0 | M115: =M111+J115 -> 0 | N115: =N111+K115 -> 0 | O115: =O111+L115 -> 0 | ... V115: =V111+S115 -> 0
B116: SALDO CONTRATUAL | D116: R$ | E116: =$D$36-E114 -> 0 | H116: =$D$36-H114 -> 0 | K116: =$D$36-K114 -> 0 | N116: =$D$36-N114 -> 0 | Q116: =$D$36-Q114 -> 0 | T116: =$D$36-T114 -> 0
B117: SALDO CONTRATUAL | D117: R$ | E117: =IV.A!$L$175-E115 -> 0 | F117: =IV.A!$L$176-F115 -> 0 | G117: =IV.A!$L$177-G115 -> 0 | H117: =IV.A!$L$175-H115 -> 0 | I117: =IV.A!$L$176-I115 -> 0 | J117: =IV.A!$L$177-J115 -> 0 | K117: =IV.A!$L$175-K115 -> 0 | L117: =IV.A!$L$176-L115 -> 0 | M117: =IV.A!$L$177-M115 -> 0 | N117: =IV.A!$L$175-N115 -> 0 | O117: =IV.A!$L$176-O115 -> 0 | P117: =IV.A!$L$177-P115 -> 0 | Q117: =IV.A!$L$175-Q115 -> 0 | R117: =IV.A!$L$176-R115 -> 0 | S117: =IV.A!$L$177-S115 -> 0 | T117: =IV.A!$L$175-T115 -> 0 | U117: =IV.A!$L$176-U115 -> 0 | V117: =IV.A!$L$177-V115 -> 0
B121: =B84 -> 0
E123: 19º MÊS | H123: 20º MÊS | K123: 21º MÊS | N123: 22º MÊS | Q123: 23º MÊS | T123: 24º MÊS
E124: MAT | F124: EQUIP | G124: MO | H124: MAT | I124: EQUIP | J124: MO | K124: MAT | L124: EQUIP | M124: MO | N124: MAT | O124: EQUIP | P124: MO | Q124: MAT | R124: EQUIP | S124: MO | T124: MAT | U124: EQUIP | V124: MO
B125: =IV.A!$A$14 -> 1.0 | C125: =IV.A!$B$14 -> CANTEIRO DE OBRAS | D125: =IV.A!$L$14 -> 0 | E125: =E126+F126+G126 -> 0 | H125: =H126+I126+J126 -> 0 | K125: =K126+L126+M126 -> 0 | N125: =N126+O126+P126 -> 0 | Q125: =Q126+R126+S126 -> 0 | T125: =T126+U126+V126 -> 0 | W125: =N125+Q125+T125+K125+H125+E125+W88 -> 0
E126: =IV.A!$F$14*0.09/2 -> 0 | F126: =IV.A!$G$14*0.09/2 -> 0 | G126: =IV.A!$H$14*0.09/2 -> 0 | H126: =IV.A!$F$14*0.0811/2 -> 0 | I126: =IV.A!$G$14*0.0811/2 -> 0 | J126: =IV.A!$H$14*0.0811/2 -> 0 | K126: =IV.A!$F$14*0.0811/2 -> 0 | L126: =IV.A!$G$14*0.0811/2 -> 0 | M126: =IV.A!$H$14*0.0811/2 -> 0 | N126: =IV.A!$F$14*0.0811/2 -> 0 | O126: =IV.A!$G$14*0.0811/2 -> 0 | P126: =IV.A!$H$14*0.0811/2 -> 0 | Q126: =IV.A!$F$14*0.0811/2 -> 0 | R126: =IV.A!$G$14*0.0811/2 -> 0 | S126: =IV.A!$H$14*0.0811/2 -> 0 | T126: =IV.A!$F$14*0.0711/2 -> 0 | U126: =IV.A!$G$14*0.0711/2 -> 0 | V126: =IV.A!$H$14*0.0711/2 -> 0
...

Sheet VI.A
A1: =IV.A!A1 -> TIMBRE LICITANTE
A6: =IV.A!$A$7 -> EXECUÇÃO DE SERVIÇO DE REFORMA CIVIL, CONSTRUÇÕES E MANUTENÇÕES GERAIS PARA MELHORIAS NAS ÁREAS DE PROPRIEDADE E/OU DE RESPONSABILIDADE DO SEMAE.
A7: LEIS SOCIAIS HORISTA - JORNADA NORMAL | D7: =IX.A!$C$45 -> 0 | E7: DATA-BASE: | F7: =IV.A!L8 -> 46175
A8: BDI | D8: =VIII.A!$C$29 -> 0
A9: ANEXO VI.A - PLANILHA DE COMPOSIÇÕES UNITÁRIAS DE SERVIÇOS - LICITANTE
A11: =IV.A!$A$16 -> 1.1 | B11: =IV.A!$B$16 -> CANTEIRO DE OBRAS (ITEM 6.0 DO TERMO DE REFERÊNCIA) | C11: UNIDADE: | E11: =IV.A!$C$16 -> GB | F11: =ROUND(F31+F45+F57,2) -> 0 | G11: =VLOOKUP(A11,IV.A!$A$16:$L$172,4,FALSE) -> 1 | H11: =SUM(F13:F28)+F30 -> 0 | I11: =SUM(F33:F42)+F44 -> 0 | J11: =SUM(F47:F53)+F55+F56 -> 0 | K11: =SUM(H11:J11) -> 0 | L11: =IF(K11=F11,"SIM","NÃO") -> SIM | M11: =ROUND(SUM(F13:F28),2)+ROUND(SUM(F13:F28)*C30,2)+ROUND(SUM(F33:F42)*C44,2)+ROUND(SUM(F33:F42),2)+ROUND(SUM(F47:F53)*C55,2)+ROUND((SUM(F47:F53)+ROUND(SUM(F47:F53)*C55,2))*C56,2)+ROUND(SUM(F47:F53),2) -> 0 | N11: =IF(M11=F11,"SIM","NÃO") -> SIM | O11: =VLOOKUP(A11,IV.A!$A$16:$E$172,3,FALSE) -> GB | P11: =IF(O11=E11,"SIM","NÃO") -> SIM | Q11: =ROUND(G11*F31,2)+ROUND(G11*F45,2)+ROUND(G11*F57,2) -> 0 | R11: =VLOOKUP(A11,IV.A!$A$16:$L$172,12,FALSE) -> 0 | S11: =IF(Q11=R11,"si","no") -> si | T11: =SUM(L13:L28)+SUM(L33:L42)+SUM(L47:L53) -> 21120 | U11: =(SUM(C13:C28)+SUM(C33:C42)+SUM(C47:C53))*G11 -> 21120 | V11: =IF(T11=U11,"si","no") -> si | W11: =SUM(F13:F28) -> 0 | X11: =SUM(F33:F42) -> 0 | Y11: =SUM(F47:F53) -> 0
A12: 1.0 | B12: MATERIAIS | C12: COEF | D12: UNID | E12: CUSTO UNIT (R$) | F12: TOTAL (R$)
F13: =ROUND(C13*E13,2) -> 0 | H13: =IF(A13="","",VLOOKUP(A13,VII.A!$A$10:$D$199,4,FALSE)) | I13: =IF(A13="","",IF(E13=H13,"SIM","NÃO")) | J13: =IF(A13="","",VLOOKUP(A13,VII.A!$A$10:$D$199,3,FALSE)) | K13: =IF(A13="","",IF(J13=D13,"SIM","NÃO")) | L13: =IF(C13="","",G11*C13) | M13: =IF(A13="","",VLOOKUP(A13,VII.A!$A$10:$B$199,2,FALSE)) | N13: =IF(B13="","",IF(M13=B13,"si","no"))
F14: =ROUND(C14*E14,2) -> 0 | H14: =IF(A14="","",VLOOKUP(A14,VII.A!$A$10:$D$199,4,FALSE)) | I14: =IF(A14="","",IF(E14=H14,"SIM","NÃO")) | J14: =IF(A14="","",VLOOKUP(A14,VII.A!$A$10:$D$199,3,FALSE)) | K14: =IF(A14="","",IF(J14=D14,"SIM","NÃO")) | L14: =IF(C14="","",G11*C14) | M14: =IF(A14="","",VLOOKUP(A14,VII.A!$A$10:$B$199,2,FALSE)) | N14: =IF(B14="","",IF(M14=B14,"si","no"))
F15: =ROUND(C15*E15,2) -> 0 | H15: =IF(A15="","",VLOOKUP(A15,VII.A!$A$10:$D$199,4,FALSE)) | I15: =IF(A15="","",IF(E15=H15,"SIM","NÃO")) | J15: =IF(A15="","",VLOOKUP(A15,VII.A!$A$10:$D$199,3,FALSE)) | K15: =IF(A15="","",IF(J15=D15,"SIM","NÃO")) | L15: =IF(C15="","",G11*C15) | M15: =IF(A15="","",VLOOKUP(A15,VII.A!$A$10:$B$199,2,FALSE)) | N15: =IF(B15="","",IF(M15=B15,"si","no"))
F16: =ROUND(C16*E16,2) -> 0 | H16: =IF(A16="","",VLOOKUP(A16,VII.A!$A$10:$D$199,4,FALSE)) | I16: =IF(A16="","",IF(E16=H16,"SIM","NÃO")) | J16: =IF(A16="","",VLOOKUP(A16,VII.A!$A$10:$D$199,3,FALSE)) | K16: =IF(A16="","",IF(J16=D16,"SIM","NÃO")) | L16: =IF(C16="","",G11*C16) | M16: =IF(A16="","",VLOOKUP(A16,VII.A!$A$10:$B$199,2,FALSE)) | N16: =IF(B16="","",IF(M16=B16,"si","no"))
F17: =ROUND(C17*E17,2) -> 0 | H17: =IF(A17="","",VLOOKUP(A17,VII.A!$A$10:$D$199,4,FALSE)) | I17: =IF(A17="","",IF(E17=H17,"SIM","NÃO")) | J17: =IF(A17="","",VLOOKUP(A17,VII.A!$A$10:$D$199,3,FALSE)) | K17: =IF(A17="","",IF(J17=D17,"SIM","NÃO")) | L17: =IF(C17="","",G11*C17) | M17: =IF(A17="","",VLOOKUP(A17,VII.A!$A$10:$B$199,2,FALSE)) | N17: =IF(B17="","",IF(M17=B17,"si","no"))
F18: =ROUND(C18*E18,2) -> 0 | H18: =IF(A18="","",VLOOKUP(A18,VII.A!$A$10:$D$199,4,FALSE)) | I18: =IF(A18="","",IF(E18=H18,"SIM","NÃO")) | J18: =IF(A18="","",VLOOKUP(A18,VII.A!$A$10:$D$199,3,FALSE)) | K18: =IF(A18="","",IF(J18=D18,"SIM","NÃO")) | L18: =IF(C18="","",G11*C18) | M18: =IF(A18="","",VLOOKUP(A18,VII.A!$A$10:$B$199,2,FALSE)) | N18: =IF(B18="","",IF(M18=B18,"si","no"))
F19: =ROUND(C19*E19,2) -> 0 | H19: =IF(A19="","",VLOOKUP(A19,VII.A!$A$10:$D$199,4,FALSE)) | I19: =IF(A19="","",IF(E19=H19,"SIM","NÃO")) | J19: =IF(A19="","",VLOOKUP(A19,VII.A!$A$10:$D$199,3,FALSE)) | K19: =IF(A19="","",IF(J19=D19,"SIM","NÃO")) | L19: =IF(C19="","",G11*C19) | M19: =IF(A19="","",VLOOKUP(A19,VII.A!$A$10:$B$199,2,FALSE)) | N19: =IF(B19="","",IF(M19=B19,"si","no"))
F20: =ROUND(C20*E20,2) -> 0 | H20: =IF(A20="","",VLOOKUP(A20,VII.A!$A$10:$D$199,4,FALSE)) | I20: =IF(A20="","",IF(E20=H20,"SIM","NÃO")) | J20: =IF(A20="","",VLOOKUP(A20,VII.A!$A$10:$D$199,3,FALSE)) | K20: =IF(A20="","",IF(J20=D20,"SIM","NÃO")) | L20: =IF(C20="","",G11*C20) | M20: =IF(A20="","",VLOOKUP(A20,VII.A!$A$10:$B$199,2,FALSE)) | N20: =IF(B20="","",IF(M20=B20,"si","no"))
F21: =ROUND(C21*E21,2) -> 0 | H21: =IF(A21="","",VLOOKUP(A21,VII.A!$A$10:$D$199,4,FALSE)) | I21: =IF(A21="","",IF(E21=H21,"SIM","NÃO")) | J21: =IF(A21="","",VLOOKUP(A21,VII.A!$A$10:$D$199,3,FALSE)) | K21: =IF(A21="","",IF(J21=D21,"SIM","NÃO")) | L21: =IF(C21="","",G11*C21) | M21: =IF(A21="","",VLOOKUP(A21,VII.A!$A$10:$B$199,2,FALSE)) | N21: =IF(B21="","",IF(M21=B21,"si","no"))
F22: =ROUND(C22*E22,2) -> 0 | H22: =IF(A22="","",VLOOKUP(A22,VII.A!$A$10:$D$199,4,FALSE)) | I22: =IF(A22="","",IF(E22=H22,"SIM","NÃO")) | J22: =IF(A22="","",VLOOKUP(A22,VII.A!$A$10:$D$199,3,FALSE)) | K22: =IF(A22="","",IF(J22=D22,"SIM","NÃO")) | L22: =IF(C22="","",G11*C22) | M22: =IF(A22="","",VLOOKUP(A22,VII.A!$A$10:$B$199,2,FALSE)) | N22: =IF(B22="","",IF(M22=B22,"si","no"))
F23: =ROUND(C23*E23,2) -> 0 | H23: =IF(A23="","",VLOOKUP(A23,VII.A!$A$10:$D$199,4,FALSE)) | I23: =IF(A23="","",IF(E23=H23,"SIM","NÃO")) | J23: =IF(A23="","",VLOOKUP(A23,VII.A!$A$10:$D$199,3,FALSE)) | K23: =IF(A23="","",IF(J23=D23,"SIM","NÃO")) | L23: =IF(C23="","",G11*C23) | M23: =IF(A23="","",VLOOKUP(A23,VII.A!$A$10:$B$199,2,FALSE)) | N23: =IF(B23="","",IF(M23=B23,"si","no"))
F24: =ROUND(C24*E24,2) -> 0 | H24: =IF(A24="","",VLOOKUP(A24,VII.A!$A$10:$D$199,4,FALSE)) | I24: =IF(A24="","",IF(E24=H24,"SIM","NÃO")) | J24: =IF(A24="","",VLOOKUP(A24,VII.A!$A$10:$D$199,3,FALSE)) | K24: =IF(A24="","",IF(J24=D24,"SIM","NÃO")) | L24: =IF(C24="","",G11*C24) | M24: =IF(A24="","",VLOOKUP(A24,VII.A!$A$10:$B$199,2,FALSE)) | N24: =IF(B24="","",IF(M24=B24,"si","no"))
F25: =ROUND(C25*E25,2) -> 0 | H25: =IF(A25="","",VLOOKUP(A25,VII.A!$A$10:$D$199,4,FALSE)) | I25: =IF(A25="","",IF(E25=H25,"SIM","NÃO")) | J25: =IF(A25="","",VLOOKUP(A25,VII.A!$A$10:$D$199,3,FALSE)) | K25: =IF(A25="","",IF(J25=D25,"SIM","NÃO")) | L25: =IF(C25="","",G11*C25) | M25: =IF(A25="","",VLOOKUP(A25,VII.A!$A$10:$B$199,2,FALSE)) | N25: =IF(B25="","",IF(M25=B25,"si","no"))
F26: =ROUND(C26*E26,2) -> 0 | H26: =IF(A26="","",VLOOKUP(A26,VII.A!$A$10:$D$199,4,FALSE)) | I26: =IF(A26="","",IF(E26=H26,"SIM","NÃO")) | J26: =IF(A26="","",VLOOKUP(A26,VII.A!$A$10:$D$199,3,FALSE)) | K26: =IF(A26="","",IF(J26=D26,"SIM","NÃO")) | L26: =IF(C26="","",G11*C26) | M26: =IF(A26="","",VLOOKUP(A26,VII.A!$A$10:$B$199,2,FALSE)) | N26: =IF(B26="","",IF(M26=B26,"si","no"))
F27: =ROUND(C27*E27,2) -> 0 | H27: =IF(A27="","",VLOOKUP(A27,VII.A!$A$10:$D$199,4,FALSE)) | I27: =IF(A27="","",IF(E27=H27,"SIM","NÃO")) | J27: =IF(A27="","",VLOOKUP(A27,VII.A!$A$10:$D$199,3,FALSE)) | K27: =IF(A27="","",IF(J27=D27,"SIM","NÃO")) | L27: =IF(C27="","",G11*C27) | M27: =IF(A27="","",VLOOKUP(A27,VII.A!$A$10:$B$199,2,FALSE)) | N27: =IF(B27="","",IF(M27=B27,"si","no"))
F28: =ROUND(C28*E28,2) -> 0 | H28: =IF(A28="","",VLOOKUP(A28,VII.A!$A$10:$D$199,4,FALSE)) | I28: =IF(A28="","",IF(E28=H28,"SIM","NÃO")) | J28: =IF(A28="","",VLOOKUP(A28,VII.A!$A$10:$D$199,3,FALSE)) | K28: =IF(A28="","",IF(J28=D28,"SIM","NÃO")) | L28: =IF(C28="","",G11*C28) | M28: =IF(A28="","",VLOOKUP(A28,VII.A!$A$10:$B$199,2,FALSE)) | N28: =IF(B28="","",IF(M28=B28,"si","no"))
B29: SOMA | F29: =SUM(F13:F28) -> 0
B30: BDI | C30: =$D$8 -> 0 | F30: =ROUND(F29*C30,2) -> 0
B31: TOTAL MATERIAIS | F31: =F29+F30 -> 0
A32: 2.0 | B32: EQUIPAMENTOS E SERVIÇOS TERCEIRIZADOS | C32: COEF | D32: UNID | E32: CUSTO UNIT (R$) | F32: TOTAL (R$)
A33: =VII.A!$A$145 -> 2.3 | B33: =VLOOKUP(A33,VII.A!$A$10:$G$199,2,FALSE) -> VEÍCULO LEVE 4 PORTAS - 65 A 80 CV | C33: =C48*0.2 -> 844.8 | D33: =VLOOKUP(A33,VII.A!$A$10:$G$199,3,FALSE) -> CHP | E33: =VII.A!D145 -> 0 | F33: =ROUND(C33*E33,2) -> 0 | H33: =IF(A33="","",VLOOKUP(A33,VII.A!$A$10:$D$199,4,FALSE)) -> 0 | I33: =IF(A33="","",IF(E33=H33,"SIM","NÃO")) -> SIM | J33: =IF(A33="","",VLOOKUP(A33,VII.A!$A$10:$D$199,3,FALSE)) -> CHP | K33: =IF(A33="","",IF(J33=D33,"SIM","NÃO")) -> SIM | L33: =IF(C33="","",G11*C33) -> 844.8 | M33: =IF(A33="","",VLOOKUP(A33,VII.A!$A$10:$B$199,2,FALSE)) -> VEÍCULO LEVE 4 PORTAS - 65 A 80 CV | N33: =IF(B33="","",IF(M33=B33,"si","no")) -> si
A34: =VII.A!$A$146 -> 2.4 | B34: =VLOOKUP(A34,VII.A!$A$10:$G$199,2,FALSE) -> VEÍCULO LEVE 4 PORTAS - 65 A 80 CV - À DISPOSIÇÃO | C34: =C48*0.8 -> 3379.2 | D34: =VLOOKUP(A34,VII.A!$A$10:$G$199,3,FALSE) -> CHI | E34: =VII.A!D146 -> 0 | F34: =ROUND(C34*E34,2) -> 0 | H34: =IF(A34="","",VLOOKUP(A34,VII.A!$A$10:$D$199,4,FALSE)) -> 0 | I34: =IF(A34="","",IF(E34=H34,"SIM","NÃO")) -> SIM | J34: =IF(A34="","",VLOOKUP(A34,VII.A!$A$10:$D$199,3,FALSE)) -> CHI | K34: =IF(A34="","",IF(J34=D34,"SIM","NÃO")) -> SIM | L34: =IF(C34="","",G11*C34) -> 3379.2 | M34: =IF(A34="","",VLOOKUP(A34,VII.A!$A$10:$B$199,2,FALSE)) -> VEÍCULO LEVE 4 PORTAS - 65 A 80 CV - À DISPOSIÇÃO | N34: =IF(B34="","",IF(M34=B34,"si","no")) -> si
A35: =VII.A!$A$177 -> 2.35 | B35: =VLOOKUP(A35,VII.A!$A$10:$G$199,2,FALSE) -> PICAPE LEVE CABINE SIMPLES - CARGA ÚTIL 700KG - 85 A 95CV - STRADA WORKING OU SIMILAR | C35: =C47*0.2 -> 844.8 | D35: =VLOOKUP(A35,VII.A!$A$10:$G$199,3,FALSE) -> CHP | E35: =VII.A!D177 -> 0 | F35: =ROUND(C35*E35,2) -> 0 | H35: =IF(A35="","",VLOOKUP(A35,VII.A!$A$10:$D$199,4,FALSE)) -> 0 | I35: =IF(A35="","",IF(E35=H35,"SIM","NÃO")) -> SIM | J35: =IF(A35="","",VLOOKUP(A35,VII.A!$A$10:$D$199,3,FALSE)) -> CHP | K35: =IF(A35="","",IF(J35=D35,"SIM","NÃO")) -> SIM | L35: =IF(C35="","",G11*C35) -> 844.8 | M35: =IF(A35="","",VLOOKUP(A35,VII.A!$A$10:$B$199,2,FALSE)) -> PICAPE LEVE CABINE SIMPLES - CARGA ÚTIL 700KG - 85 A 95CV - STRADA WORKING OU SIMILAR | N35: =IF(B35="","",IF(M35=B35,"si","no")) -> si
A36: =VII.A!$A$178 -> 2.36 | B36: =VLOOKUP(A36,VII.A!$A$10:$G$199,2,FALSE) -> PICAPE LEVE CABINE SIMPLES - CARGA ÚTIL 700KG - 85 A 95CV - STRADA WORKING OU SIMILAR | C36: =C47*0.8 -> 3379.2 | D36: =VLOOKUP(A36,VII.A!$A$10:$G$199,3,FALSE) -> CHI | E36: =VII.A!D178 -> 0 | F36: =ROUND(C36*E36,2) -> 0 | H36: =IF(A36="","",VLOOKUP(A36,VII.A!$A$10:$D$199,4,FALSE)) -> 0 | I36: =IF(A36="","",IF(E36=H36,"SIM","NÃO")) -> SIM | J36: =IF(A36="","",VLOOKUP(A36,VII.A!$A$10:$D$199,3,FALSE)) -> CHI | K36: =IF(A36="","",IF(J36=D36,"SIM","NÃO")) -> SIM | L36: =IF(C36="","",G11*C36) -> 3379.2 | M36: =IF(A36="","",VLOOKUP(A36,VII.A!$A$10:$B$199,2,FALSE)) -> PICAPE LEVE CABINE SIMPLES - CARGA ÚTIL 700KG - 85 A 95CV - STRADA WORKING OU SIMILAR | N36: =IF(B36="","",IF(M36=B36,"si","no")) -> si
A37: =VII.A!$A$152 -> 2.10 | B37: =VLOOKUP(A37,VII.A!$A$10:$G$199,2,FALSE) -> CAMINHÃO - CARROCERIA FIXA ABERTA DE MADEIRA COM CAPACIDADE 5 T *160CV - CHP | C37: =C47*0.2 -> 844.8 | D37: =VLOOKUP(A37,VII.A!$A$10:$G$199,3,FALSE) -> CHP | E37: =VII.A!D152 -> 0 | F37: =ROUND(C37*E37,2) -> 0 | H37: =IF(A37="","",VLOOKUP(A37,VII.A!$A$10:$D$199,4,FALSE)) -> 0 | I37: =IF(A37="","",IF(E37=H37,"SIM","NÃO")) -> SIM | J37: =IF(A37="","",VLOOKUP(A37,VII.A!$A$10:$D$199,3,FALSE)) -> CHP | K37: =IF(A37="","",IF(J37=D37,"SIM","NÃO")) -> SIM | L37: =IF(C37="","",G11*C37) -> 844.8 | M37: =IF(A37="","",VLOOKUP(A37,VII.A!$A$10:$B$199,2,FALSE)) -> CAMINHÃO - CARROCERIA FIXA ABERTA DE MADEIRA COM CAPACIDADE 5 T *160CV - CHP | N37: =IF(B37="","",IF(M37=B37,"si","no")) -> si
A38: =VII.A!$A$153 -> 2.11 | B38: =VLOOKUP(A38,VII.A!$A$10:$G$199,2,FALSE) -> CAMINHÃO - CARROCERIA FIXA ABERTA DE MADEIRA COM CAPACIDADE 5 T *160CV - CHI | C38: =C47*0.8 -> 3379.2 | D38: =VLOOKUP(A38,VII.A!$A$10:$G$199,3,FALSE) -> CHI | E38: =VII.A!D153 -> 0 | F38: =ROUND(C38*E38,2) -> 0 | H38: =IF(A38="","",VLOOKUP(A38,VII.A!$A$10:$D$199,4,FALSE)) -> 0 | I38: =IF(A38="","",IF(E38=H38,"SIM","NÃO")) -> SIM | J38: =IF(A38="","",VLOOKUP(A38,VII.A!$A$10:$D$199,3,FALSE)) -> CHI | K38: =IF(A38="","",IF(J38=D38,"SIM","NÃO")) -> SIM | L38: =IF(C38="","",G11*C38) -> 3379.2 | M38: =IF(A38="","",VLOOKUP(A38,VII.A!$A$10:$B$199,2,FALSE)) -> CAMINHÃO - CARROCERIA FIXA ABERTA DE MADEIRA COM CAPACIDADE 5 T *160CV - CHI | N38: =IF(B38="","",IF(M38=B38,"si","no")) -> si
F39: =ROUND(C39*E39,2) -> 0 | H39: =IF(A39="","",VLOOKUP(A39,VII.A!$A$10:$D$199,4,FALSE)) | I39: =IF(A39="","",IF(E39=H39,"SIM","NÃO")) | J39: =IF(A39="","",VLOOKUP(A39,VII.A!$A$10:$D$199,3,FALSE)) | K39: =IF(A39="","",IF(J39=D39,"SIM","NÃO")) | L39: =IF(C39="","",G11*C39) | M39: =IF(A39="","",VLOOKUP(A39,VII.A!$A$10:$B$199,2,FALSE)) | N39: =IF(B39="","",IF(M39=B39,"si","no"))
F40: =ROUND(C40*E40,2) -> 0 | H40: =IF(A40="","",VLOOKUP(A40,VII.A!$A$10:$D$199,4,FALSE)) | I40: =IF(A40="","",IF(E40=H40,"SIM","NÃO")) | J40: =IF(A40="","",VLOOKUP(A40,VII.A!$A$10:$D$199,3,FALSE)) | K40: =IF(A40="","",IF(J40=D40,"SIM","NÃO")) | L40: =IF(C40="","",G11*C40) | M40: =IF(A40="","",VLOOKUP(A40,VII.A!$A$10:$B$199,2,FALSE)) | N40: =IF(B40="","",IF(M40=B40,"si","no"))
F41: =ROUND(C41*E41,2) -> 0 | H41: =IF(A41="","",VLOOKUP(A41,VII.A!$A$10:$D$199,4,FALSE)) | I41: =IF(A41="","",IF(E41=H41,"SIM","NÃO")) | J41: =IF(A41="","",VLOOKUP(A41,VII.A!$A$10:$D$199,3,FALSE)) | K41: =IF(A41="","",IF(J41=D41,"SIM","NÃO")) | L41: =IF(C41="","",G11*C41) | M41: =IF(A41="","",VLOOKUP(A41,VII.A!$A$10:$B$199,2,FALSE)) | N41: =IF(B41="","",IF(M41=B41,"si","no"))
F42: =ROUND(C42*E42,2) -> 0 | H42: =IF(A42="","",VLOOKUP(A42,VII.A!$A$10:$D$199,4,FALSE)) | I42: =IF(A42="","",IF(E42=H42,"SIM","NÃO")) | J42: =IF(A42="","",VLOOKUP(A42,VII.A!$A$10:$D$199,3,FALSE)) | K42: =IF(A42="","",IF(J42=D42,"SIM","NÃO")) | L42: =IF(C42="","",G11*C42) | M42: =IF(A42="","",VLOOKUP(A42,VII.A!$A$10:$B$199,2,FALSE)) | N42: =IF(B42="","",IF(M42=B42,"si","no"))
B43: SOMA | F43: =SUM(F33:F42) -> 0
B44: BDI | C44: =$D$8 -> 0 | F44: =ROUND(C44*F43,2) -> 0
B45: TOTAL EQUIPAMENTOS E SERVIÇOS TERCEIRIZADOS | F45: =F43+F44 -> 0
A46: 3.0 | B46: MÃO DE OBRA | C46: COEF | D46: UNID | E46: CUSTO UNIT (R$) | F46: TOTAL (R$)
A47: =VII.A!$A$188 -> 3.8 | B47: ENCARREGADO GERAL COM ENCARGOS COMPLEMENTARES | C47: =(44*4)*24 -> 4224 | D47: =VLOOKUP(A47,VII.A!$A$10:$G$199,3,FALSE) -> H | E47: =VII.A!D188 -> 0 | F47: =ROUND(C47*E47,2) -> 0 | H47: =IF(A47="","",VLOOKUP(A47,VII.A!$A$10:$D$199,4,FALSE)) -> 0 | I47: =IF(A47="","",IF(E47=H47,"SIM","NÃO")) -> SIM | J47: =IF(A47="","",VLOOKUP(A47,VII.A!$A$10:$D$199,3,FALSE)) -> H | K47: =IF(A47="","",IF(J47=D47,"SIM","NÃO")) -> SIM | L47: =IF(C47="","",G11*C47) -> 4224 | M47: =IF(A47="","",VLOOKUP(A47,VII.A!$A$10:$B$199,2,FALSE)) -> ENCARREGADO GERAL COM ENCARGOS COMPLEMENTARES | N47: =IF(B47="","",IF(M47=B47,"si","no")) -> si
A48: =VII.A!$A$190 -> 3.10 | B48: ENGENHEIRO CIVIL DE OBRA JUNIOR COM ENCARGOS COMPLEMENTARES | C48: =(44*4)*24 -> 4224 | D48: =VLOOKUP(A48,VII.A!$A$10:$G$199,3,FALSE) -> H | E48: =VII.A!$D$190 -> 0 | F48: =ROUND(C48*E48,2) -> 0 | H48: =IF(A48="","",VLOOKUP(A48,VII.A!$A$10:$D$199,4,FALSE)) -> 0 | I48: =IF(A48="","",IF(E48=H48,"SIM","NÃO")) -> SIM | J48: =IF(A48="","",VLOOKUP(A48,VII.A!$A$10:$D$199,3,FALSE)) -> H | K48: =IF(A48="","",IF(J48=D48,"SIM","NÃO")) -> SIM | L48: =IF(C48="","",G11*C48) -> 4224 | M48: =IF(A48="","",VLOOKUP(A48,VII.A!$A$10:$B$199,2,FALSE)) -> ENGENHEIRO CIVIL DE OBRA JUNIOR COM ENCARGOS COMPLEMENTARES | N48: =IF(B48="","",IF(M48=B48,"si","no")) -> si
F49: =ROUND(C49*E49,2) -> 0 | H49: =IF(A49="","",VLOOKUP(A49,VII.A!$A$10:$D$200,4,FALSE)) | I49: =IF(A49="","",IF(E49=H49,"SIM","NÃO")) | J49: =IF(A49="","",VLOOKUP(A49,VII.A!$A$10:$D$200,3,FALSE)) | K49: =IF(A49="","",IF(J49=D49,"SIM","NÃO")) | L49: =IF(C49="","",G11*C49) | M49: =IF(A49="","",VLOOKUP(A49,VII.A!$A$10:$B$200,2,FALSE)) | N49: =IF(B49="","",IF(M49=B49,"si","no"))
F50: =ROUND(C50*E50,2) -> 0 | H50: =IF(A50="","",VLOOKUP(A50,VII.A!$A$10:$D$199,4,FALSE)) | I50: =IF(A50="","",IF(E50=H50,"SIM","NÃO")) | J50: =IF(A50="","",VLOOKUP(A50,VII.A!$A$10:$D$199,3,FALSE)) | K50: =IF(A50="","",IF(J50=D50,"SIM","NÃO")) | L50: =IF(C50="","",G11*C50) | M50: =IF(A50="","",VLOOKUP(A50,VII.A!$A$10:$B$199,2,FALSE)) | N50: =IF(B50="","",IF(M50=B50,"si","no"))
F51: =ROUND(C51*E51,2) -> 0 | H51: =IF(A51="","",VLOOKUP(A51,VII.A!$A$10:$D$199,4,FALSE)) | I51: =IF(A51="","",IF(E51=H51,"SIM","NÃO")) | J51: =IF(A51="","",VLOOKUP(A51,VII.A!$A$10:$D$199,3,FALSE)) | K51: =IF(A51="","",IF(J51=D51,"SIM","NÃO")) | L51: =IF(C51="","",G11*C51) | M51: =IF(A51="","",VLOOKUP(A51,VII.A!$A$10:$B$199,2,FALSE)) | N51: =IF(B51="","",IF(M51=B51,"si","no"))
F52: =ROUND(C52*E52,2) -> 0 | H52: =IF(A52="","",VLOOKUP(A52,VII.A!$A$10:$D$199,4,FALSE)) | I52: =IF(A52="","",IF(E52=H52,"SIM","NÃO")) | J52: =IF(A52="","",VLOOKUP(A52,VII.A!$A$10:$D$199,3,FALSE)) | K52: =IF(A52="","",IF(J52=D52,"SIM","NÃO")) | L52: =IF(C52="","",G11*C52) | M52: =IF(A52="","",VLOOKUP(A52,VII.A!$A$10:$B$199,2,FALSE)) | N52: =IF(B52="","",IF(M52=B52,"si","no"))
F53: =ROUND(C53*E53,2) -> 0 | H53: =IF(A53="","",VLOOKUP(A53,VII.A!$A$10:$D$199,4,FALSE)) | I53: =IF(A53="","",IF(E53=H53,"SIM","NÃO")) | J53: =IF(A53="","",VLOOKUP(A53,VII.A!$A$10:$D$199,3,FALSE)) | K53: =IF(A53="","",IF(J53=D53,"SIM","NÃO")) | L53: =IF(C53="","",G11*C53) | M53: =IF(A53="","",VLOOKUP(A53,VII.A!$A$10:$B$199,2,FALSE)) | N53: =IF(B53="","",IF(M53=B53,"si","no"))
B54: SOMA | F54: =SUM(F47:F53) -> 0
B55: LEIS SOCIAIS | C55: =$D$7 -> 0 | F55: =ROUND(F54*C55,2) -> 0
B56: BDI | C56: =$D$8 -> 0 | F56: =ROUND(SUM(F54:F55)*C56,2) -> 0
B57: TOTAL MÃO DE OBRA | F57: =SUM(F54:F56) -> 0
A59: =IV.A!$A$17 -> 1.2 | B59: =IV.A!$B$17 -> PLACA DE IDENTIFICAÇÃO DE OBRA, CONFORME PADRÃO SEMAE (ITEM 6.8 DO TERMO DE REFERÊNCIA) | C59: UNIDADE: | E59: =IV.A!$C$17 -> M2 | F59: =ROUND(F79+F93+F105,2) -> 0 | G59: =VLOOKUP(A59,IV.A!$A$16:$L$172,4,FALSE) -> 90 | H59: =SUM(F61:F76)+F78 -> 0 | I59: =SUM(F81:F90)+F92 -> 0 | J59: =SUM(F95:F101)+F103+F104 -> 0 | K59: =SUM(H59:J59) -> 0 | L59: =IF(K59=F59,"SIM","NÃO") -> SIM | M59: =ROUND(SUM(F61:F76),2)+ROUND(SUM(F61:F76)*C78,2)+ROUND(SUM(F81:F90)*C92,2)+ROUND(SUM(F81:F90),2)+ROUND(SUM(F95:F101)*C103,2)+ROUND((SUM(F95:F101)+ROUND(SUM(F95:F101)*C103,2))*C104,2)+ROUND(SUM(F95:F101),2) -> 0 | N59: =IF(M59=F59,"SIM","NÃO") -> SIM | O59: =VLOOKUP(A59,IV.A!$A$16:$E$172,3,FALSE) -> M2 | P59: =IF(O59=E59,"SIM","NÃO") -> SIM | Q59: =ROUND(G59*F79,2)+ROUND(G59*F93,2)+ROUND(G59*F105,2) -> 0 | R59: =VLOOKUP(A59,IV.A!$A$16:$L$172,12,FALSE) -> 0 | S59: =IF(Q59=R59,"si","no") -> si | T59: =SUM(L61:L76)+SUM(L81:L90)+SUM(L95:L101) -> 593.1 | U59: =(SUM(C61:C76)+SUM(C81:C90)+SUM(C95:C101))*G59 -> 593.1 | V59: =IF(T59=U59,"si","no") -> si | W59: =SUM(F61:F76) -> 0 | X59: =SUM(F81:F90) -> 0 | Y59: =SUM(F95:F101) -> 0
A60: 1.0 | B60: MATERIAIS | C60: COEF | D60: UNID | E60: CUSTO UNIT (R$) | F60: TOTAL (R$)
A61: =VII.A!$A$86 -> 1.76 | B61: =VLOOKUP(A61,VII.A!$A$10:$G$199,2,FALSE) -> PLACA DE OBRA (IDENTIFICAÇÃO) PARA CONSTRUÇÃO CIVIL EM CHAPA GALVANIZADA Nº 22 - COMPLETA | C61: 1 | D61: =VLOOKUP(A61,VII.A!$A$10:$G$199,3,FALSE) -> M2 | E61: =VII.A!D86 -> 0 | F61: =ROUND(C61*E61,2) -> 0 | H61: =IF(A61="","",VLOOKUP(A61,VII.A!$A$10:$D$199,4,FALSE)) -> 0 | I61: =IF(A61="","",IF(E61=H61,"SIM","NÃO")) -> SIM | J61: =IF(A61="","",VLOOKUP(A61,VII.A!$A$10:$D$199,3,FALSE)) -> M2 | K61: =IF(A61="","",IF(J61=D61,"SIM","NÃO")) -> SIM | L61: =IF(C61="","",G59*C61) -> 90 | M61: =IF(A61="","",VLOOKUP(A61,VII.A!$A$10:$B$199,2,FALSE)) -> PLACA DE OBRA (IDENTIFICAÇÃO) PARA CONSTRUÇÃO CIVIL EM CHAPA GALVANIZADA Nº 22 - COMPLETA | N61: =IF(B61="","",IF(M61=B61,"si","no")) -> si
A62: =VII.A!$A$79 -> 1.70 | B62: =VLOOKUP(A62,VII.A!$A$10:$G$199,2,FALSE) -> PONTALETE DE MADEIRA NAO APARELHADA - 7,5 X 7,5 CM (3 X 3 ") | C62: 2.65 | D62: =VLOOKUP(A62,VII.A!$A$10:$G$199,3,FALSE) -> M | E62: =VII.A!D79 -> 0 | F62: =ROUND(C62*E62,2) -> 0 | H62: =IF(A62="","",VLOOKUP(A62,VII.A!$A$10:$D$199,4,FALSE)) -> 0 | I62: =IF(A62="","",IF(E62=H62,"SIM","NÃO")) -> SIM | J62: =IF(A62="","",VLOOKUP(A62,VII.A!$A$10:$D$199,3,FALSE)) -> M | K62: =IF(A62="","",IF(J62=D62,"SIM","NÃO")) -> SIM | L62: =IF(C62="","",G59*C62) -> 238.5 | M62: =IF(A62="","",VLOOKUP(A62,VII.A!$A$10:$B$199,2,FALSE)) -> PONTALETE DE MADEIRA NAO APARELHADA - 7,5 X 7,5 CM (3 X 3 ") | N62: =IF(B62="","",IF(M62=B62,"si","no")) -> si
A63: =VII.A!$A$90 -> 1.80 | B63: =VLOOKUP(A63,VII.A!$A$10:$G$199,2,FALSE) -> PREGO EM AÇO POLIDO COM CABEÇA (MEDIA DAS BITOLAS) | C63: 0.04 | D63: =VLOOKUP(A63,VII.A!$A$10:$G$199,3,FALSE) -> KG | E63: =VII.A!D90 -> 0 | F63: =ROUND(C63*E63,2) -> 0 | H63: =IF(A63="","",VLOOKUP(A63,VII.A!$A$10:$D$199,4,FALSE)) -> 0 | I63: =IF(A63="","",IF(E63=H63,"SIM","NÃO")) -> SIM | J63: =IF(A63="","",VLOOKUP(A63,VII.A!$A$10:$D$199,3,FALSE)) -> KG | K63: =IF(A63="","",IF(J63=D63,"SIM","NÃO")) -> SIM | L63: =IF(C63="","",G59*C63) -> 3.6 | M63: =IF(A63="","",VLOOKUP(A63,VII.A!$A$10:$B$199,2,FALSE)) -> PREGO EM AÇO POLIDO COM CABEÇA (MEDIA DAS BITOLAS) | N63: =IF(B63="","",IF(M63=B63,"si","no")) -> si
A64: =VII.A!$A$97 -> 1.87 | B64: =VLOOKUP(A64,VII.A!$A$10:$G$199,2,FALSE) -> SARRAFO 3A. CONSTRUÇÃO (SEÇÃO TRANSVERSAL: 1X4" - 2,5CM X 10,0CM) | C64: 1.78 | D64: =VLOOKUP(A64,VII.A!$A$10:$G$199,3,FALSE) -> M | E64: =VII.A!D97 -> 0 | F64: =ROUND(C64*E64,2) -> 0 | H64: =IF(A64="","",VLOOKUP(A64,VII.A!$A$10:$D$199,4,FALSE)) -> 0 | I64: =IF(A64="","",IF(E64=H64,"SIM","NÃO")) -> SIM | J64: =IF(A64="","",VLOOKUP(A64,VII.A!$A$10:$D$199,3,FALSE)) -> M | K64: =IF(A64="","",IF(J64=D64,"SIM","NÃO")) -> SIM | L64: =IF(C64="","",G59*C64) -> 160.2 | M64: =IF(A64="","",VLOOKUP(A64,VII.A!$A$10:$B$199,2,FALSE)) -> SARRAFO 3A. CONSTRUÇÃO (SEÇÃO TRANSVERSAL: 1X4" - 2,5CM X 10,0CM) | N64: =IF(B64="","",IF(M64=B64,"si","no")) -> si
F65: =ROUND(C65*E65,2) -> 0 | H65: =IF(A65="","",VLOOKUP(A65,VII.A!$A$10:$D$199,4,FALSE)) | I65: =IF(A65="","",IF(E65=H65,"SIM","NÃO")) | J65: =IF(A65="","",VLOOKUP(A65,VII.A!$A$10:$D$199,3,FALSE)) | K65: =IF(A65="","",IF(J65=D65,"SIM","NÃO")) | L65: =IF(C65="","",G59*C65) | M65: =IF(A65="","",VLOOKUP(A65,VII.A!$A$10:$B$199,2,FALSE)) | N65: =IF(B65="","",IF(M65=B65,"si","no"))
F66: =ROUND(C66*E66,2) -> 0 | H66: =IF(A66="","",VLOOKUP(A66,VII.A!$A$10:$D$199,4,FALSE)) | I66: =IF(A66="","",IF(E66=H66,"SIM","NÃO")) | J66: =IF(A66="","",VLOOKUP(A66,VII.A!$A$10:$D$199,3,FALSE)) | K66: =IF(A66="","",IF(J66=D66,"SIM","NÃO")) | L66: =IF(C66="","",G59*C66) | M66: =IF(A66="","",VLOOKUP(A66,VII.A!$A$10:$B$199,2,FALSE)) | N66: =IF(B66="","",IF(M66=B66,"si","no"))
F67: =ROUND(C67*E67,2) -> 0 | H67: =IF(A67="","",VLOOKUP(A67,VII.A!$A$10:$D$199,4,FALSE)) | I67: =IF(A67="","",IF(E67=H67,"SIM","NÃO")) | J67: =IF(A67="","",VLOOKUP(A67,VII.A!$A$10:$D$199,3,FALSE)) | K67: =IF(A67="","",IF(J67=D67,"SIM","NÃO")) | L67: =IF(C67="","",G59*C67) | M67: =IF(A67="","",VLOOKUP(A67,VII.A!$A$10:$B$199,2,FALSE)) | N67: =IF(B67="","",IF(M67=B67,"si","no"))
F68: =ROUND(C68*E68,2) -> 0 | H68: =IF(A68="","",VLOOKUP(A68,VII.A!$A$10:$D$199,4,FALSE)) | I68: =IF(A68="","",IF(E68=H68,"SIM","NÃO")) | J68: =IF(A68="","",VLOOKUP(A68,VII.A!$A$10:$D$199,3,FALSE)) | K68: =IF(A68="","",IF(J68=D68,"SIM","NÃO")) | L68: =IF(C68="","",G59*C68) | M68: =IF(A68="","",VLOOKUP(A68,VII.A!$A$10:$B$199,2,FALSE)) | N68: =IF(B68="","",IF(M68=B68,"si","no"))
F69: =ROUND(C69*E69,2) -> 0 | H69: =IF(A69="","",VLOOKUP(A69,VII.A!$A$10:$D$199,4,FALSE)) | I69: =IF(A69="","",IF(E69=H69,"SIM","NÃO")) | J69: =IF(A69="","",VLOOKUP(A69,VII.A!$A$10:$D$199,3,FALSE)) | K69: =IF(A69="","",IF(J69=D69,"SIM","NÃO")) | L69: =IF(C69="","",G59*C69) | M69: =IF(A69="","",VLOOKUP(A69,VII.A!$A$10:$B$199,2,FALSE)) | N69: =IF(B69="","",IF(M69=B69,"si","no"))
F70: =ROUND(C70*E70,2) -> 0 | H70: =IF(A70="","",VLOOKUP(A70,VII.A!$A$10:$D$199,4,FALSE)) | I70: =IF(A70="","",IF(E70=H70,"SIM","NÃO")) | J70: =IF(A70="","",VLOOKUP(A70,VII.A!$A$10:$D$199,3,FALSE)) | K70: =IF(A70="","",IF(J70=D70,"SIM","NÃO")) | L70: =IF(C70="","",G59*C70) | M70: =IF(A70="","",VLOOKUP(A70,VII.A!$A$10:$B$199,2,FALSE)) | N70: =IF(B70="","",IF(M70=B70,"si","no"))
F71: =ROUND(C71*E71,2) -> 0 | H71: =IF(A71="","",VLOOKUP(A71,VII.A!$A$10:$D$199,4,FALSE)) | I71: =IF(A71="","",IF(E71=H71,"SIM","NÃO")) | J71: =IF(A71="","",VLOOKUP(A71,VII.A!$A$10:$D$199,3,FALSE)) | K71: =IF(A71="","",IF(J71=D71,"SIM","NÃO")) | L71: =IF(C71="","",G59*C71) | M71: =IF(A71="","",VLOOKUP(A71,VII.A!$A$10:$B$199,2,FALSE)) | N71: =IF(B71="","",IF(M71=B71,"si","no"))
F72: =ROUND(C72*E72,2) -> 0 | H72: =IF(A72="","",VLOOKUP(A72,VII.A!$A$10:$D$199,4,FALSE)) | I72: =IF(A72="","",IF(E72=H72,"SIM","NÃO")) | J72: =IF(A72="","",VLOOKUP(A72,VII.A!$A$10:$D$199,3,FALSE)) | K72: =IF(A72="","",IF(J72=D72,"SIM","NÃO")) | L72: =IF(C72="","",G59*C72) | M72: =IF(A72="","",VLOOKUP(A72,VII.A!$A$10:$B$199,2,FALSE)) | N72: =IF(B72="","",IF(M72=B72,"si","no"))
F73: =ROUND(C73*E73,2) -> 0 | H73: =IF(A73="","",VLOOKUP(A73,VII.A!$A$10:$D$199,4,FALSE)) | I73: =IF(A73="","",IF(E73=H73,"SIM","NÃO")) | J73: =IF(A73="","",VLOOKUP(A73,VII.A!$A$10:$D$199,3,FALSE)) | K73: =IF(A73="","",IF(J73=D73,"SIM","NÃO")) | L73: =IF(C73="","",G59*C73) | M73: =IF(A73="","",VLOOKUP(A73,VII.A!$A$10:$B$199,2,FALSE)) | N73: =IF(B73="","",IF(M73=B73,"si","no"))
F74: =ROUND(C74*E74,2) -> 0 | H74: =IF(A74="","",VLOOKUP(A74,VII.A!$A$10:$D$199,4,FALSE)) | I74: =IF(A74="","",IF(E74=H74,"SIM","NÃO")) | J74: =IF(A74="","",VLOOKUP(A74,VII.A!$A$10:$D$199,3,FALSE)) | K74: =IF(A74="","",IF(J74=D74,"SIM","NÃO")) | L74: =IF(C74="","",G59*C74) | M74: =IF(A74="","",VLOOKUP(A74,VII.A!$A$10:$B$199,2,FALSE)) | N74: =IF(B74="","",IF(M74=B74,"si","no"))
F75: =ROUND(C75*E75,2) -> 0 | H75: =IF(A75="","",VLOOKUP(A75,VII.A!$A$10:$D$199,4,FALSE)) | I75: =IF(A75="","",IF(E75=H75,"SIM","NÃO")) | J75: =IF(A75="","",VLOOKUP(A75,VII.A!$A$10:$D$199,3,FALSE)) | K75: =IF(A75="","",IF(J75=D75,"SIM","NÃO")) | L75: =IF(C75="","",G59*C75) | M75: =IF(A75="","",VLOOKUP(A75,VII.A!$A$10:$B$199,2,FALSE)) | N75: =IF(B75="","",IF(M75=B75,"si","no"))
F76: =ROUND(C76*E76,2) -> 0 | H76: =IF(A76="","",VLOOKUP(A76,VII.A!$A$10:$D$199,4,FALSE)) | I76: =IF(A76="","",IF(E76=H76,"SIM","NÃO")) | J76: =IF(A76="","",VLOOKUP(A76,VII.A!$A$10:$D$199,3,FALSE)) | K76: =IF(A76="","",IF(J76=D76,"SIM","NÃO")) | L76: =IF(C76="","",G59*C76) | M76: =IF(A76="","",VLOOKUP(A76,VII.A!$A$10:$B$199,2,FALSE)) | N76: =IF(B76="","",IF(M76=B76,"si","no"))
B77: SOMA | F77: =SUM(F61:F76) -> 0
B78: BDI | C78: =$D$8 -> 0 | F78: =ROUND(F77*C78,2) -> 0
B79: TOTAL MATERIAIS | F79: =F77+F78 -> 0
A80: 2.0 | B80: EQUIPAMENTOS E SERVIÇOS TERCEIRIZADOS | C80: COEF | D80: UNID | E80: CUSTO UNIT (R$) | F80: TOTAL (R$)
F81: =ROUND(C81*E81,2) -> 0 | H81: =IF(A81="","",VLOOKUP(A81,VII.A!$A$10:$D$199,4,FALSE)) | I81: =IF(A81="","",IF(E81=H81,"SIM","NÃO")) | J81: =IF(A81="","",VLOOKUP(A81,VII.A!$A$10:$D$199,3,FALSE)) | K81: =IF(A81="","",IF(J81=D81,"SIM","NÃO")) | L81: =IF(C81="","",G59*C81) | M81: =IF(A81="","",VLOOKUP(A81,VII.A!$A$10:$B$199,2,FALSE)) | N81: =IF(B81="","",IF(M81=B81,"si","no"))
F82: =ROUND(C82*E82,2) -> 0 | H82: =IF(A82="","",VLOOKUP(A82,VII.A!$A$10:$D$199,4,FALSE)) | I82: =IF(A82="","",IF(E82=H82,"SIM","NÃO")) | J82: =IF(A82="","",VLOOKUP(A82,VII.A!$A$10:$D$199,3,FALSE)) | K82: =IF(A82="","",IF(J82=D82,"SIM","NÃO")) | L82: =IF(C82="","",G59*C82) | M82: =IF(A82="","",VLOOKUP(A82,VII.A!$A$10:$B$199,2,FALSE)) | N82: =IF(B82="","",IF(M82=B82,"si","no"))
F83: =ROUND(C83*E83,2) -> 0 | H83: =IF(A83="","",VLOOKUP(A83,VII.A!$A$10:$D$199,4,FALSE)) | I83: =IF(A83="","",IF(E83=H83,"SIM","NÃO")) | J83: =IF(A83="","",VLOOKUP(A83,VII.A!$A$10:$D$199,3,FALSE)) | K83: =IF(A83="","",IF(J83=D83,"SIM","NÃO")) | L83: =IF(C83="","",G59*C83) | M83: =IF(A83="","",VLOOKUP(A83,VII.A!$A$10:$B$199,2,FALSE)) | N83: =IF(B83="","",IF(M83=B83,"si","no"))
F84: =ROUND(C84*E84,2) -> 0 | H84: =IF(A84="","",VLOOKUP(A84,VII.A!$A$10:$D$199,4,FALSE)) | I84: =IF(A84="","",IF(E84=H84,"SIM","NÃO")) | J84: =IF(A84="","",VLOOKUP(A84,VII.A!$A$10:$D$199,3,FALSE)) | K84: =IF(A84="","",IF(J84=D84,"SIM","NÃO")) | L84: =IF(C84="","",G59*C84) | M84: =IF(A84="","",VLOOKUP(A84,VII.A!$A$10:$B$199,2,FALSE)) | N84: =IF(B84="","",IF(M84=B84,"si","no"))
F85: =ROUND(C85*E85,2) -> 0 | H85: =IF(A85="","",VLOOKUP(A85,VII.A!$A$10:$D$199,4,FALSE)) | I85: =IF(A85="","",IF(E85=H85,"SIM","NÃO")) | J85: =IF(A85="","",VLOOKUP(A85,VII.A!$A$10:$D$199,3,FALSE)) | K85: =IF(A85="","",IF(J85=D85,"SIM","NÃO")) | L85: =IF(C85="","",G59*C85) | M85: =IF(A85="","",VLOOKUP(A85,VII.A!$A$10:$B$199,2,FALSE)) | N85: =IF(B85="","",IF(M85=B85,"si","no"))
F86: =ROUND(C86*E86,2) -> 0 | H86: =IF(A86="","",VLOOKUP(A86,VII.A!$A$10:$D$199,4,FALSE)) | I86: =IF(A86="","",IF(E86=H86,"SIM","NÃO")) | J86: =IF(A86="","",VLOOKUP(A86,VII.A!$A$10:$D$199,3,FALSE)) | K86: =IF(A86="","",IF(J86=D86,"SIM","NÃO")) | L86: =IF(C86="","",G59*C86) | M86: =IF(A86="","",VLOOKUP(A86,VII.A!$A$10:$B$199,2,FALSE)) | N86: =IF(B86="","",IF(M86=B86,"si","no"))
F87: =ROUND(C87*E87,2) -> 0 | H87: =IF(A87="","",VLOOKUP(A87,VII.A!$A$10:$D$199,4,FALSE)) | I87: =IF(A87="","",IF(E87=H87,"SIM","NÃO")) | J87: =IF(A87="","",VLOOKUP(A87,VII.A!$A$10:$D$199,3,FALSE)) | K87: =IF(A87="","",IF(J87=D87,"SIM","NÃO")) | L87: =IF(C87="","",G59*C87) | M87: =IF(A87="","",VLOOKUP(A87,VII.A!$A$10:$B$199,2,FALSE)) | N87: =IF(B87="","",IF(M87=B87,"si","no"))
F88: =ROUND(C88*E88,2) -> 0 | H88: =IF(A88="","",VLOOKUP(A88,VII.A!$A$10:$D$199,4,FALSE)) | I88: =IF(A88="","",IF(E88=H88,"SIM","NÃO")) | J88: =IF(A88="","",VLOOKUP(A88,VII.A!$A$10:$D$199,3,FALSE)) | K88: =IF(A88="","",IF(J88=D88,"SIM","NÃO")) | L88: =IF(C88="","",G59*C88) | M88: =IF(A88="","",VLOOKUP(A88,VII.A!$A$10:$B$199,2,FALSE)) | N88: =IF(B88="","",IF(M88=B88,"si","no"))
F89: =ROUND(C89*E89,2) -> 0 | H89: =IF(A89="","",VLOOKUP(A89,VII.A!$A$10:$D$199,4,FALSE)) | I89: =IF(A89="","",IF(E89=H89,"SIM","NÃO")) | J89: =IF(A89="","",VLOOKUP(A89,VII.A!$A$10:$D$199,3,FALSE)) | K89: =IF(A89="","",IF(J89=D89,"SIM","NÃO")) | L89: =IF(C89="","",G59*C89) | M89: =IF(A89="","",VLOOKUP(A89,VII.A!$A$10:$B$199,2,FALSE)) | N89: =IF(B89="","",IF(M89=B89,"si","no"))
F90: =ROUND(C90*E90,2) -> 0 | H90: =IF(A90="","",VLOOKUP(A90,VII.A!$A$10:$D$199,4,FALSE)) | I90: =IF(A90="","",IF(E90=H90,"SIM","NÃO")) | J90: =IF(A90="","",VLOOKUP(A90,VII.A!$A$10:$D$199,3,FALSE)) | K90: =IF(A90="","",IF(J90=D90,"SIM","NÃO")) | L90: =IF(C90="","",G59*C90) | M90: =IF(A90="","",VLOOKUP(A90,VII.A!$A$10:$B$199,2,FALSE)) | N90: =IF(B90="","",IF(M90=B90,"si","no"))
B91: SOMA | F91: =SUM(F81:F90) -> 0
B92: BDI | C92: =$D$8 -> 0 | F92: =ROUND(C92*F91,2) -> 0
B93: TOTAL EQUIPAMENTOS E SERVIÇOS TERCEIRIZADOS | F93: =F91+F92 -> 0
A94: 3.0 | B94: MÃO DE OBRA | C94: COEF | D94: UNID | E94: CUSTO UNIT (R$) | F94: TOTAL (R$)
A95: =VII.A!$A$183 -> 3.3 | B95: AJUDANTE DE CARPINTEIRO COM ENCARGOS COMPLEMENTARES | C95: 0.56 | D95: =VLOOKUP(A95,VII.A!$A$10:$G$199,3,FALSE) -> H | E95: =VII.A!$D$183 -> 0 | F95: =ROUND(C95*E95,2) -> 0 | H95: =IF(A95="","",VLOOKUP(A95,VII.A!$A$10:$D$199,4,FALSE)) -> 0 | I95: =IF(A95="","",IF(E95=H95,"SIM","NÃO")) -> SIM | J95: =IF(A95="","",VLOOKUP(A95,VII.A!$A$10:$D$199,3,FALSE)) -> H | K95: =IF(A95="","",IF(J95=D95,"SIM","NÃO")) -> SIM | L95: =IF(C95="","",G59*C95) -> 50.4 | M95: =IF(A95="","",VLOOKUP(A95,VII.A!$A$10:$B$199,2,FALSE)) -> AJUDANTE DE CARPINTEIRO | N95: =IF(B95="","",IF(M95=B95,"si","no")) -> no
A96: =VII.A!$A$186 -> 3.6 | B96: CARPINTEIRO COM ENCARGOS COMPLEMENTARES | C96: 0.56 | D96: =VLOOKUP(A96,VII.A!$A$10:$G$199,3,FALSE) -> H | E96: =VII.A!$D$186 -> 0 | F96: =ROUND(C96*E96,2) -> 0 | H96: =IF(A96="","",VLOOKUP(A96,VII.A!$A$10:$D$199,4,FALSE)) -> 0 | I96: =IF(A96="","",IF(E96=H96,"SIM","NÃO")) -> SIM | J96: =IF(A96="","",VLOOKUP(A96,VII.A!$A$10:$D$199,3,FALSE)) -> H | K96: =IF(A96="","",IF(J96=D96,"SIM","NÃO")) -> SIM | L96: =IF(C96="","",G59*C96) -> 50.4 | M96: =IF(A96="","",VLOOKUP(A96,VII.A!$A$10:$B$199,2,FALSE)) -> CARPINTEIRO COM ENCARGOS COMPLEMENTARES | N96: =IF(B96="","",IF(M96=B96,"si","no")) -> si
F97: =ROUND(C97*E97,2) -> 0 | H97: =IF(A97="","",VLOOKUP(A97,VII.A!$A$10:$D$199,4,FALSE)) | I97: =IF(A97="","",IF(E97=H97,"SIM","NÃO")) | J97: =IF(A97="","",VLOOKUP(A97,VII.A!$A$10:$D$199,3,FALSE)) | K97: =IF(A97="","",IF(J97=D97,"SIM","NÃO")) | L97: =IF(C97="","",G59*C97) | M97: =IF(A97="","",VLOOKUP(A97,VII.A!$A$10:$B$199,2,FALSE)) | N97: =IF(B97="","",IF(M97=B97,"si","no"))
F98: =ROUND(C98*E98,2) -> 0 | H98: =IF(A98="","",VLOOKUP(A98,VII.A!$A$10:$D$199,4,FALSE)) | I98: =IF(A98="","",IF(E98=H98,"SIM","NÃO")) | J98: =IF(A98="","",VLOOKUP(A98,VII.A!$A$10:$D$199,3,FALSE)) | K98: =IF(A98="","",IF(J98=D98,"SIM","NÃO")) | L98: =IF(C98="","",G59*C98) | M98: =IF(A98="","",VLOOKUP(A98,VII.A!$A$10:$B$199,2,FALSE)) | N98: =IF(B98="","",IF(M98=B98,"si","no"))
F99: =ROUND(C99*E99,2) -> 0 | H99: =IF(A99="","",VLOOKUP(A99,VII.A!$A$10:$D$199,4,FALSE)) | I99: =IF(A99="","",IF(E99=H99,"SIM","NÃO")) | J99: =IF(A99="","",VLOOKUP(A99,VII.A!$A$10:$D$199,3,FALSE)) | K99: =IF(A99="","",IF(J99=D99,"SIM","NÃO")) | L99: =IF(C99="","",G59*C99) | M99: =IF(A99="","",VLOOKUP(A99,VII.A!$A$10:$B$199,2,FALSE)) | N99: =IF(B99="","",IF(M99=B99,"si","no"))
F100: =ROUND(C100*E100,2) -> 0 | H100: =IF(A100="","",VLOOKUP(A100,VII.A!$A$10:$D$199,4,FALSE)) | I100: =IF(A100="","",IF(E100=H100,"SIM","NÃO")) | J100: =IF(A100="","",VLOOKUP(A100,VII.A!$A$10:$D$199,3,FALSE)) | K100: =IF(A100="","",IF(J100=D100,"SIM","NÃO")) | L100: =IF(C100="","",G59*C100) | M100: =IF(A100="","",VLOOKUP(A100,VII.A!$A$10:$B$199,2,FALSE)) | N100: =IF(B100="","",IF(M100=B100,"si","no"))
F101: =ROUND(C101*E101,2) -> 0 | H101: =IF(A101="","",VLOOKUP(A101,VII.A!$A$10:$D$199,4,FALSE)) | I101: =IF(A101="","",IF(E101=H101,"SIM","NÃO")) | J101: =IF(A101="","",VLOOKUP(A101,VII.A!$A$10:$D$199,3,FALSE)) | K101: =IF(A101="","",IF(J101=D101,"SIM","NÃO")) | L101: =IF(C101="","",G59*C101) | M101: =IF(A101="","",VLOOKUP(A101,VII.A!$A$10:$B$199,2,FALSE)) | N101: =IF(B101="","",IF(M101=B101,"si","no"))
B102: SOMA | F102: =SUM(F95:F101) -> 0
B103: LEIS SOCIAIS | C103: =IX.A!$C$45 -> 0 | F103: =ROUND(F102*C103,2) -> 0
B104: BDI | C104: =$D$8 -> 0 | F104: =ROUND(SUM(F102:F103)*C104,2) -> 0
B105: TOTAL MÃO DE OBRA | F105: =SUM(F102:F104) -> 0
A107: =IV.A!$A$18 -> 1.3 | B107: =IV.A!$B$18 -> VIGILANTE PARA ÁREAS EM OBRA | C107: UNIDADE: | E107: =IV.A!$C$18 -> H | F107: =ROUND(F127+F141+F153,2) -> 0 | G107: =VLOOKUP(A107,IV.A!$A$16:$L$172,4,FALSE) -> 8640 | H107: =SUM(F109:F124)+F126 -> 0 | I107: =SUM(F129:F138)+F140 -> 0 | J107: =SUM(F143:F149)+F151+F152 -> 0 | K107: =SUM(H107:J107) -> 0 | L107: =IF(K107=F107,"SIM","NÃO") -> SIM | M107: =ROUND(SUM(F109:F124),2)+ROUND(SUM(F109:F124)*C126,2)+ROUND(SUM(F129:F138)*C140,2)+ROUND(SUM(F129:F138),2)+ROUND(SUM(F143:F149)*C151,2)+ROUND((SUM(F143:F149)+ROUND(SUM(F143:F149)*C151,2))*C152,2)+ROUND(SUM(F143:F149),2) -> 0 | N107: =IF(M107=F107,"SIM","NÃO") -> SIM | O107: =VLOOKUP(A107,IV.A!$A$16:$E$172,3,FALSE) -> H | P107: =IF(O107=E107,"SIM","NÃO") -> SIM | Q107: =ROUND(G107*F127,2)+ROUND(G107*F141,2)+ROUND(G107*F153,2) -> 0 | R107: =VLOOKUP(A107,IV.A!$A$16:$L$172,12,FALSE) -> 0 | S107: =IF(Q107=R107,"si","no") -> si | T107: =SUM(L109:L124)+SUM(L129:L138)+SUM(L143:L149) -> 8640 | U107: =(SUM(C109:C124)+SUM(C129:C138)+SUM(C143:C149))*G107 -> 8640 | V107: =IF(T107=U107,"si","no") -> si | W107: =SUM(F109:F124) -> 0 | X107: =SUM(F129:F138) -> 0 | Y107: =SUM(F143:F149) -> 0
...

Sheet VII.A
A1: =IV.A!A1 -> TIMBRE LICITANTE
B4: ANEXO VII.A - PLANILHA DE CUSTOS UNITÁRIOS DE INSUMOS / SERVIÇOS - LICITANTE
A5: =IV.A!$A$7 -> EXECUÇÃO DE SERVIÇO DE REFORMA CIVIL, CONSTRUÇÕES E MANUTENÇÕES GERAIS PARA MELHORIAS NAS ÁREAS DE PROPRIEDADE E/OU DE RESPONSABILIDADE DO SEMAE.
A9: 1.0 | B9: MATERIAL | C9: UN | D9: VALOR | E9: FONTE | F9: CÓDIGO | G9: DATA
A10: 1.1 | B10: AÇO CA-50 (MÉDIA DAS BITOLAS) | C10: KG | E10: SINAPI | F10: 34 | G10: =IF(TRIM(E10)="SINAPI", "01/2026",IF(TRIM(E10)="SABESP","07/2025","OUTRO")) -> 01/2026 | H10: =SUMIF(VI.A!$B$6:$B$5963,B10,VI.A!$L$6:$L$5963) -> 41551.308 | I10: =IF(H10=0,"no","si") -> si | K10: =IF(E10="SABESP","OK",VLOOKUP(F10,[6]ISD!$B$11:$F$4861,5,FALSE)) -> 6.23 | L10: =IF(D10=K10,"OK",IF(K10="OK","OK","VERIFICAR")) -> VERIFICAR | M10: =IFERROR(IF(K10="não encontrado",D10,K10),D10) -> 6.23 | N10: =_xlfn.ISFORMULA(D10) -> FALSE
A11: 1.2 | B11: ADESIVO PARA TUBO EM PVC - FRASCO 850 GR. | C11: UN | E11: SINAPI | F11: 122 | G11: =IF(TRIM(E11)="SINAPI", "01/2026",IF(TRIM(E11)="SABESP","07/2025","OUTRO")) -> 01/2026 | H11: =SUMIF(VI.A!$B$6:$B$5963,B11,VI.A!$L$6:$L$5963) -> 6.9372176 | I11: =IF(H11=0,"no","si") -> si | K11: =IF(E11="SABESP","OK",VLOOKUP(F11,[6]ISD!$B$11:$F$4861,5,FALSE)) -> 60.78 | L11: =IF(D11=K11,"OK",IF(K11="OK","OK","VERIFICAR")) -> VERIFICAR | M11: =IFERROR(IF(K11="não encontrado",D11,K11),D11) -> 60.78 | N11: =_xlfn.ISFORMULA(D11) -> FALSE
A12: 1.3 | B12: ADITIVO HIDROFUGO IMPERMEABILIZANTE DE PEGA NORMAL PARA CONCRETO E ARGAMASSA | C12: KG | E12: SABESP | F12: CV00379 | G12: =IF(TRIM(E12)="SINAPI", "01/2026",IF(TRIM(E12)="SABESP","07/2025","OUTRO")) -> 07/2025 | H12: =SUMIF(VI.A!$B$6:$B$5963,B12,VI.A!$L$6:$L$5963) -> 27 | I12: =IF(H12=0,"no","si") -> si | K12: =IF(E12="SABESP","OK",VLOOKUP(F12,[6]ISD!$B$11:$F$4861,5,FALSE)) -> OK | L12: =IF(D12=K12,"OK",IF(K12="OK","OK","VERIFICAR")) -> OK | M12: =IFERROR(IF(K12="não encontrado",D12,K12),D12) -> OK | N12: =_xlfn.ISFORMULA(D12) -> FALSE
A13: 1.4 | B13: ADITIVO ADESIVO LIQUIDO PARA ARGAMASSAS DE REVESTIMENTOS CIMENTICIOS | C13: L | E13: SINAPI | F13: 7334 | G13: =IF(TRIM(E13)="SINAPI", "01/2026",IF(TRIM(E13)="SABESP","07/2025","OUTRO")) -> 01/2026 | H13: =SUMIF(VI.A!$B$6:$B$5963,B13,VI.A!$L$6:$L$5963) -> 70.5 | I13: =IF(H13=0,"no","si") -> si | K13: =IF(E13="SABESP","OK",VLOOKUP(F13,[6]ISD!$B$11:$F$4861,5,FALSE)) -> 14.39 | L13: =IF(D13=K13,"OK",IF(K13="OK","OK","VERIFICAR")) -> VERIFICAR | M13: =IFERROR(IF(K13="não encontrado",D13,K13),D13) -> 14.39 | N13: =_xlfn.ISFORMULA(D13) -> FALSE
A14: 1.5 | B14: SOLVENTE DILUENTE A BASE DE AGUARRÁS | C14: L | E14: SINAPI | F14: 5318 | G14: =IF(TRIM(E14)="SINAPI", "01/2026",IF(TRIM(E14)="SABESP","07/2025","OUTRO")) -> 01/2026 | H14: =SUMIF(VI.A!$B$6:$B$5963,B14,VI.A!$L$6:$L$5963) -> 1330.49 | I14: =IF(H14=0,"no","si") -> si | K14: =IF(E14="SABESP","OK",VLOOKUP(F14,[6]ISD!$B$11:$F$4861,5,FALSE)) -> 25.18 | L14: =IF(D14=K14,"OK",IF(K14="OK","OK","VERIFICAR")) -> VERIFICAR | M14: =IFERROR(IF(K14="não encontrado",D14,K14),D14) -> 25.18 | N14: =_xlfn.ISFORMULA(D14) -> FALSE
A15: 1.6 | B15: ARAME FARPADO GALVANIZADO 16 BWG, CLASSE 250 | C15: M | E15: SINAPI | F15: 340 | G15: =IF(TRIM(E15)="SINAPI", "01/2026",IF(TRIM(E15)="SABESP","07/2025","OUTRO")) -> 01/2026 | H15: =SUMIF(VI.A!$B$6:$B$5963,B15,VI.A!$L$6:$L$5963) -> 750 | I15: =IF(H15=0,"no","si") -> si | K15: =IF(E15="SABESP","OK",VLOOKUP(F15,[6]ISD!$B$11:$F$4861,5,FALSE)) -> 1.19 | L15: =IF(D15=K15,"OK",IF(K15="OK","OK","VERIFICAR")) -> VERIFICAR | M15: =IFERROR(IF(K15="não encontrado",D15,K15),D15) -> 1.19 | N15: =_xlfn.ISFORMULA(D15) -> FALSE
A16: 1.7 | B16: ARAME GALVANIZADO 14 BWG (0,026 KG/M) | C16: KG | E16: SINAPI | F16: 344 | G16: =IF(TRIM(E16)="SINAPI", "01/2026",IF(TRIM(E16)="SABESP","07/2025","OUTRO")) -> 01/2026 | H16: =SUMIF(VI.A!$B$6:$B$5963,B16,VI.A!$L$6:$L$5963) -> 160 | I16: =IF(H16=0,"no","si") -> si | K16: =IF(E16="SABESP","OK",VLOOKUP(F16,[6]ISD!$B$11:$F$4861,5,FALSE)) -> 28.47 | L16: =IF(D16=K16,"OK",IF(K16="OK","OK","VERIFICAR")) -> VERIFICAR | M16: =IFERROR(IF(K16="não encontrado",D16,K16),D16) -> 28.47 | N16: =_xlfn.ISFORMULA(D16) -> FALSE
A17: 1.8 | B17: ARAME GALVANIZADO 10 BWG (0,0713 KG/M) | C17: KG | E17: SINAPI | F17: 43131 | G17: =IF(TRIM(E17)="SINAPI", "01/2026",IF(TRIM(E17)="SABESP","07/2025","OUTRO")) -> 01/2026 | H17: =SUMIF(VI.A!$B$6:$B$5963,B17,VI.A!$L$6:$L$5963) -> 14.96 | I17: =IF(H17=0,"no","si") -> si | K17: =IF(E17="SABESP","OK",VLOOKUP(F17,[6]ISD!$B$11:$F$4861,5,FALSE)) -> 25.16 | L17: =IF(D17=K17,"OK",IF(K17="OK","OK","VERIFICAR")) -> VERIFICAR | M17: =IFERROR(IF(K17="não encontrado",D17,K17),D17) -> 25.16 | N17: =_xlfn.ISFORMULA(D17) -> FALSE
A18: 1.9 | B18: ARAME RECOZIDO 18 BWG - 1,25MM - 9,60 G/M | C18: KG | E18: SINAPI | F18: 43132 | G18: =IF(TRIM(E18)="SINAPI", "01/2026",IF(TRIM(E18)="SABESP","07/2025","OUTRO")) -> 01/2026 | H18: =SUMIF(VI.A!$B$6:$B$5963,B18,VI.A!$L$6:$L$5963) -> 950.5 | I18: =IF(H18=0,"no","si") -> si | K18: =IF(E18="SABESP","OK",VLOOKUP(F18,[6]ISD!$B$11:$F$4861,5,FALSE)) -> 21.66 | L18: =IF(D18=K18,"OK",IF(K18="OK","OK","VERIFICAR")) -> VERIFICAR | M18: =IFERROR(IF(K18="não encontrado",D18,K18),D18) -> 21.66 | N18: =_xlfn.ISFORMULA(D18) -> FALSE
A19: 1.10 | B19: AREIA MÉDIA LAVADA | C19: M3 | E19: SABESP | F19: CV00182 | G19: =IF(TRIM(E19)="SINAPI", "01/2026",IF(TRIM(E19)="SABESP","07/2025","OUTRO")) -> 07/2025 | H19: =SUMIF(VI.A!$B$6:$B$5963,B19,VI.A!$L$6:$L$5963) -> 1928.5258 | I19: =IF(H19=0,"no","si") -> si | K19: =IF(E19="SABESP","OK",VLOOKUP(F19,[6]ISD!$B$11:$F$4861,5,FALSE)) -> OK | L19: =IF(D19=K19,"OK",IF(K19="OK","OK","VERIFICAR")) -> OK | M19: =IFERROR(IF(K19="não encontrado",D19,K19),D19) -> OK | N19: =_xlfn.ISFORMULA(D19) -> FALSE
A20: 1.11 | B20: ARGAMASSA COLANTE TIPO AC III | C20: KG | E20: SINAPI | F20: 37595 | G20: =IF(TRIM(E20)="SINAPI", "01/2026",IF(TRIM(E20)="SABESP","07/2025","OUTRO")) -> 01/2026 | H20: =SUMIF(VI.A!$B$6:$B$5963,B20,VI.A!$L$6:$L$5963) -> 2187 | I20: =IF(H20=0,"no","si") -> si | K20: =IF(E20="SABESP","OK",VLOOKUP(F20,[6]ISD!$B$11:$F$4861,5,FALSE)) -> 2.46 | L20: =IF(D20=K20,"OK",IF(K20="OK","OK","VERIFICAR")) -> VERIFICAR | M20: =IFERROR(IF(K20="não encontrado",D20,K20),D20) -> 2.46 | N20: =_xlfn.ISFORMULA(D20) -> FALSE
A21: 1.12 | B21: REVESTIMENTO EM CERAMICA ESMALTADA EXTRA, PEI MAIOR OU IGUAL A 4 FORMATO MAIOR A 2025CM2 | C21: M2 | E21: SINAPI | F21: 536 | G21: =IF(TRIM(E21)="SINAPI", "01/2026",IF(TRIM(E21)="SABESP","07/2025","OUTRO")) -> 01/2026 | H21: =SUMIF(VI.A!$B$6:$B$5963,B21,VI.A!$L$6:$L$5963) -> 212 | I21: =IF(H21=0,"no","si") -> si | K21: =IF(E21="SABESP","OK",VLOOKUP(F21,[6]ISD!$B$11:$F$4861,5,FALSE)) -> 26.2 | L21: =IF(D21=K21,"OK",IF(K21="OK","OK","VERIFICAR")) -> VERIFICAR | M21: =IFERROR(IF(K21="não encontrado",D21,K21),D21) -> 26.2 | N21: =_xlfn.ISFORMULA(D21) -> FALSE
A22: 1.13 | B22: BANCO DE CONCRETO PRE-FABRICADO (C=140CM E L= 35CM) | C22: UN | E22: SIURB | F22: 88185 | G22: 07-2025 | H22: =SUMIF(VI.A!$B$6:$B$5963,B22,VI.A!$L$6:$L$5963) -> 200 | I22: =IF(H22=0,"no","si") -> si | K22: 537.14 | L22: =IF(D22=K22,"OK",IF(K22="OK","OK","VERIFICAR")) -> VERIFICAR | M22: =IFERROR(IF(K22="não encontrado",D22,K22),D22) -> 537.14 | N22: =_xlfn.ISFORMULA(D22) -> FALSE
A23: 1.14 | B23: BARRA DE FERRO RETANGULAR, BARRA CHATA (QUALQUER DIMENSÃO / VALOR MÉDIO) | C23: KG | E23: SINAPI | F23: 546 | G23: =IF(TRIM(E23)="SINAPI", "01/2026",IF(TRIM(E23)="SABESP","07/2025","OUTRO")) -> 01/2026 | H23: =SUMIF(VI.A!$B$6:$B$5963,B23,VI.A!$L$6:$L$5963) -> 4580.37 | I23: =IF(H23=0,"no","si") -> si | K23: =IF(E23="SABESP","OK",VLOOKUP(F23,[6]ISD!$B$11:$F$4861,5,FALSE)) -> 9.24 | L23: =IF(D23=K23,"OK",IF(K23="OK","OK","VERIFICAR")) -> VERIFICAR | M23: =IFERROR(IF(K23="não encontrado",D23,K23),D23) -> 9.24 | N23: =_xlfn.ISFORMULA(D23) -> FALSE
A24: 1.15 | B24: BLOCO DE CONCRETO PARA VEDAÇÃO - 9 X 19 X 39 CM - CLASSE D - M-10 | C24: UN | E24: SINAPI | F24: 25071 | G24: =IF(TRIM(E24)="SINAPI", "01/2026",IF(TRIM(E24)="SABESP","07/2025","OUTRO")) -> 01/2026 | H24: =SUMIF(VI.A!$B$6:$B$5963,B24,VI.A!$L$6:$L$5963) -> 680 | I24: =IF(H24=0,"no","si") -> si | K24: =IF(E24="SABESP","OK",VLOOKUP(F24,[6]ISD!$B$11:$F$4861,5,FALSE)) -> 2.98 | L24: =IF(D24=K24,"OK",IF(K24="OK","OK","VERIFICAR")) -> VERIFICAR | M24: =IFERROR(IF(K24="não encontrado",D24,K24),D24) -> 2.98 | N24: =_xlfn.ISFORMULA(D24) -> FALSE
A25: 1.16 | B25: BUCHA DE NYLON S10 E PARAFUSO 6,10X65MM ACO ZINCADO ROSCA SOBERBA, CAB. CHATA FENDA PHILLIPS | C25: UN | E25: SINAPI | F25: 7568 | G25: =IF(TRIM(E25)="SINAPI", "01/2026",IF(TRIM(E25)="SABESP","07/2025","OUTRO")) -> 01/2026 | H25: =SUMIF(VI.A!$B$6:$B$5963,B25,VI.A!$L$6:$L$5963) -> 267.23 | I25: =IF(H25=0,"no","si") -> si | K25: =IF(E25="SABESP","OK",VLOOKUP(F25,[6]ISD!$B$11:$F$4861,5,FALSE)) -> 0.3 | L25: =IF(D25=K25,"OK",IF(K25="OK","OK","VERIFICAR")) -> VERIFICAR | M25: =IFERROR(IF(K25="não encontrado",D25,K25),D25) -> 0.3 | N25: =_xlfn.ISFORMULA(D25) -> FALSE
A26: 1.17 | B26: CADEADO SIMPLES, CORPO EM LATAO MACICO, COM LARGURA DE 50 MM E ALTURA DE APROX 40 MM, HASTE CEMENTADA EM ACO TEMPERADO COM DIAMETRO DE APROX 8,0 MM, INCLUINDO 2 CHAVES | C26: UN | E26: SINAPI | F26: 43603 | G26: =IF(TRIM(E26)="SINAPI", "01/2026",IF(TRIM(E26)="SABESP","07/2025","OUTRO")) -> 01/2026 | H26: =SUMIF(VI.A!$B$6:$B$5963,B26,VI.A!$L$6:$L$5963) -> 166 | I26: =IF(H26=0,"no","si") -> si | K26: =IF(E26="SABESP","OK",VLOOKUP(F26,[6]ISD!$B$11:$F$4861,5,FALSE)) -> 42.53 | L26: =IF(D26=K26,"OK",IF(K26="OK","OK","VERIFICAR")) -> VERIFICAR | M26: =IFERROR(IF(K26="não encontrado",D26,K26),D26) -> 42.53 | N26: =_xlfn.ISFORMULA(D26) -> FALSE
A27: 1.18 | B27: CAIXA DE LUZ "4 X 2" EM ACO ESMALTADA | C27: UN | E27: SINAPI | F27: 2556 | G27: =IF(TRIM(E27)="SINAPI", "01/2026",IF(TRIM(E27)="SABESP","07/2025","OUTRO")) -> 01/2026 | H27: =SUMIF(VI.A!$B$6:$B$5963,B27,VI.A!$L$6:$L$5963) -> 100 | I27: =IF(H27=0,"no","si") -> si | K27: =IF(E27="SABESP","OK",VLOOKUP(F27,[6]ISD!$B$11:$F$4861,5,FALSE)) -> 1.33 | L27: =IF(D27=K27,"OK",IF(K27="OK","OK","VERIFICAR")) -> VERIFICAR | M27: =IFERROR(IF(K27="não encontrado",D27,K27),D27) -> 1.33 | N27: =_xlfn.ISFORMULA(D27) -> FALSE
A28: 1.19 | B28: CAIXA SIFONADA PVC, 150 X 150 X 50 MM, COM GRELHA REDONDA BRANCA | C28: UN | E28: SINAPI | F28: 11717 | G28: =IF(TRIM(E28)="SINAPI", "01/2026",IF(TRIM(E28)="SABESP","07/2025","OUTRO")) -> 01/2026 | H28: =SUMIF(VI.A!$B$6:$B$5963,B28,VI.A!$L$6:$L$5963) -> 2 | I28: =IF(H28=0,"no","si") -> si | K28: =IF(E28="SABESP","OK",VLOOKUP(F28,[6]ISD!$B$11:$F$4861,5,FALSE)) -> 56.74 | L28: =IF(D28=K28,"OK",IF(K28="OK","OK","VERIFICAR")) -> VERIFICAR | M28: =IFERROR(IF(K28="não encontrado",D28,K28),D28) -> 56.74 | N28: =_xlfn.ISFORMULA(D28) -> FALSE
A29: 1.20 | B29: CAL HIDRATADA CH III - NBR 7175 | C29: KG | E29: SINAPI | F29: 1106 | G29: =IF(TRIM(E29)="SINAPI", "01/2026",IF(TRIM(E29)="SABESP","07/2025","OUTRO")) -> 01/2026 | H29: =SUMIF(VI.A!$B$6:$B$5963,B29,VI.A!$L$6:$L$5963) -> 21840.548 | I29: =IF(H29=0,"no","si") -> si | K29: =IF(E29="SABESP","OK",VLOOKUP(F29,[6]ISD!$B$11:$F$4861,5,FALSE)) -> 1.14 | L29: =IF(D29=K29,"OK",IF(K29="OK","OK","VERIFICAR")) -> VERIFICAR | M29: =IFERROR(IF(K29="não encontrado",D29,K29),D29) -> 1.14 | N29: =_xlfn.ISFORMULA(D29) -> FALSE
A30: 1.21 | B30: CALHA PARA AGUA FURTADA DE CHAPA DE ACO GALVANIZADA NUM 26, CORTE 50 CM | C30: M | E30: SINAPI | F30: 1118 | G30: =IF(TRIM(E30)="SINAPI", "01/2026",IF(TRIM(E30)="SABESP","07/2025","OUTRO")) -> 01/2026 | H30: =SUMIF(VI.A!$B$6:$B$5963,B30,VI.A!$L$6:$L$5963) -> 26.25 | I30: =IF(H30=0,"no","si") -> si | K30: =IF(E30="SABESP","OK",VLOOKUP(F30,[6]ISD!$B$11:$F$4861,5,FALSE)) -> 28.97 | L30: =IF(D30=K30,"OK",IF(K30="OK","OK","VERIFICAR")) -> VERIFICAR | M30: =IFERROR(IF(K30="não encontrado",D30,K30),D30) -> 28.97 | N30: =_xlfn.ISFORMULA(D30) -> FALSE
A31: 1.22 | B31: CANTONEIRA DE AÇO GALVANIZADO COM ABAS IGUAIS DE 1" X 1/8" - 25,4 X 3,17 MM - (L x E) - 1,20 KG/M | C31: M | E31: SINAPI | F31: 567 | G31: =IF(TRIM(E31)="SINAPI", "01/2026",IF(TRIM(E31)="SABESP","07/2025","OUTRO")) -> 01/2026 | H31: =SUMIF(VI.A!$B$6:$B$5963,B31,VI.A!$L$6:$L$5963) -> 300 | I31: =IF(H31=0,"no","si") -> si | K31: =IF(E31="SABESP","OK",VLOOKUP(F31,[6]ISD!$B$11:$F$4861,5,FALSE)) -> 11.72 | L31: =IF(D31=K31,"OK",IF(K31="OK","OK","VERIFICAR")) -> VERIFICAR | M31: =IFERROR(IF(K31="não encontrado",D31,K31),D31) -> 11.72 | N31: =_xlfn.ISFORMULA(D31) -> FALSE
A32: 1.23 | B32: CANTONEIRA DE AÇO ABAS IGUAIS (QUALQUER BITOLA), ESPESSURA ENTRE 1/8" E 1/4" | C32: KG | E32: SINAPI | F32: 4777 | G32: =IF(TRIM(E32)="SINAPI", "01/2026",IF(TRIM(E32)="SABESP","07/2025","OUTRO")) -> 01/2026 | H32: =SUMIF(VI.A!$B$6:$B$5963,B32,VI.A!$L$6:$L$5963) -> 1016 | I32: =IF(H32=0,"no","si") -> si | K32: =IF(E32="SABESP","OK",VLOOKUP(F32,[6]ISD!$B$11:$F$4861,5,FALSE)) -> 8.02 | L32: =IF(D32=K32,"OK",IF(K32="OK","OK","VERIFICAR")) -> VERIFICAR | M32: =IFERROR(IF(K32="não encontrado",D32,K32),D32) -> 8.02 | N32: =_xlfn.ISFORMULA(D32) -> FALSE
A33: 1.24 | B33: CERÂMICA ESMALTADA EXTRA OU 1ª QUALIDADE PARA PISO, PEI-5 | C33: M2 | E33: SINAPI | F33: 1287 | G33: =IF(TRIM(E33)="SINAPI", "01/2026",IF(TRIM(E33)="SABESP","07/2025","OUTRO")) -> 01/2026 | H33: =SUMIF(VI.A!$B$6:$B$5963,B33,VI.A!$L$6:$L$5963) -> 265 | I33: =IF(H33=0,"no","si") -> si | K33: =IF(E33="SABESP","OK",VLOOKUP(F33,[6]ISD!$B$11:$F$4861,5,FALSE)) -> 28.17 | L33: =IF(D33=K33,"OK",IF(K33="OK","OK","VERIFICAR")) -> VERIFICAR | M33: =IFERROR(IF(K33="não encontrado",D33,K33),D33) -> 28.17 | N33: =_xlfn.ISFORMULA(D33) -> FALSE
A34: 1.25 | B34: CHAPA DE AÇO - MÉDIA DAS BITOLAS | C34: KG | E34: SINAPI | F34: 1321 | G34: =IF(TRIM(E34)="SINAPI", "01/2026",IF(TRIM(E34)="SABESP","07/2025","OUTRO")) -> 01/2026 | H34: =SUMIF(VI.A!$B$6:$B$5963,B34,VI.A!$L$6:$L$5963) -> 3.28592 | I34: =IF(H34=0,"no","si") -> si | K34: =IF(E34="SABESP","OK",VLOOKUP(F34,[6]ISD!$B$11:$F$4861,5,FALSE)) -> 8.17 | L34: =IF(D34=K34,"OK",IF(K34="OK","OK","VERIFICAR")) -> VERIFICAR | M34: =IFERROR(IF(K34="não encontrado",D34,K34),D34) -> 8.17 | N34: =_xlfn.ISFORMULA(D34) -> FALSE
... A40: 1.31 | B40: CONCERTINA CLIPADA (DUPLA) EM ACO GALVANIZADO DE ALTA RESISTENCIA, ESPIRAL DE 300 MM, D = 2,76 MM | C40: M | E40: SINAPI | F40: 34348 | G40: =IF(TRIM(E40)="SINAPI", "01/2026",IF(TRIM(E40)="SABESP","07/2025","OUTRO")) -> 01/2026 | H40: =SUMIF(VI.A!$B$6:$B$5963,B40,VI.A!$L$6:$L$5963) -> 3500 | I40: =IF(H40=0,"no","si") -> si | K40: =IF(E40="SABESP","OK",VLOOKUP(F40,[6]ISD!$B$11:$F$4861,5,FALSE)) -> 22.69 | L40: =IF(D40=K40,"OK",IF(K40="OK","OK","VERIFICAR")) -> VERIFICAR | M40: =IFERROR(IF(K40="não encontrado",D40,K40),D40) -> 22.69 | N40: =_xlfn.ISFORMULA(D40) -> FALSE
A41: 1.32 | B41: CONCRETO USINADO FCK = 20,0 MPA | C41: M3 | E41: SABESP | F41: CV00198 | G41: =IF(TRIM(E41)="SINAPI", "01/2026",IF(TRIM(E41)="SABESP","07/2025","OUTRO")) -> 07/2025 | H41: =SUMIF(VI.A!$B$6:$B$5963,B41,VI.A!$L$6:$L$5963) -> 3135 | I41: =IF(H41=0,"no","si") -> si | K41: =IF(E41="SABESP","OK",VLOOKUP(F41,[6]ISD!$B$11:$F$4861,5,FALSE)) -> OK | L41: =IF(D41=K41,"OK",IF(K41="OK","OK","VERIFICAR")) -> OK | M41: =IFERROR(IF(K41="não encontrado",D41,K41),D41) -> OK | N41: =_xlfn.ISFORMULA(D41) -> FALSE
A42: 1.33 | B42: CONE DE SINALIZACAO EM PVC RIGIDO COM FAIXA REFLETIVA, H = 70 / 76 CM | C42: UN | E42: SINAPI | F42: 13244 | G42: =IF(TRIM(E42)="SINAPI", "01/2026",IF(TRIM(E42)="SABESP","07/2025","OUTRO")) -> 01/2026 | H42: =SUMIF(VI.A!$B$6:$B$5963,B42,VI.A!$L$6:$L$5963) -> 12 | I42: =IF(H42=0,"no","si") -> si | K42: =IF(E42="SABESP","OK",VLOOKUP(F42,[6]ISD!$B$11:$F$4861,5,FALSE)) -> 49.4 | L42: =IF(D42=K42,"OK",IF(K42="OK","OK","VERIFICAR")) -> VERIFICAR | M42: =IFERROR(IF(K42="não encontrado",D42,K42),D42) -> 49.4 | N42: =_xlfn.ISFORMULA(D42) -> FALSE
A43: 1.34 | B43: DESMOLDANTE PARA FÔRMAS - BASE DE ÓLEO MINERAL EMULSIONADO | C43: L | E43: SINAPI | F43: 2692 | G43: =IF(TRIM(E43)="SINAPI", "01/2026",IF(TRIM(E43)="SABESP","07/2025","OUTRO")) -> 01/2026 | H43: =SUMIF(VI.A!$B$6:$B$5963,B43,VI.A!$L$6:$L$5963) -> 156.1 | I43: =IF(H43=0,"no","si") -> si | K43: =IF(E43="SABESP","OK",VLOOKUP(F43,[6]ISD!$B$11:$F$4861,5,FALSE)) -> 6.46 | L43: =IF(D43=K43,"OK",IF(K43="OK","OK","VERIFICAR")) -> VERIFICAR | M43: =IFERROR(IF(K43="não encontrado",D43,K43),D43) -> 6.46 | N43: =_xlfn.ISFORMULA(D43) -> FALSE
A44: 1.35 | B44: DOBRADICA EM AÇO/FERRO, 3" X 2 1/2", CROMADO OU ZINCADO, COM PARAFUSOS | C44: UN | E44: SINAPI | F44: 2433 | G44: =IF(TRIM(E44)="SINAPI", "01/2026",IF(TRIM(E44)="SABESP","07/2025","OUTRO")) -> 01/2026 | H44: =SUMIF(VI.A!$B$6:$B$5963,B44,VI.A!$L$6:$L$5963) -> 20 | I44: =IF(H44=0,"no","si") -> si | K44: =IF(E44="SABESP","OK",VLOOKUP(F44,[6]ISD!$B$11:$F$4861,5,FALSE)) -> 10.08 | L44: =IF(D44=K44,"OK",IF(K44="OK","OK","VERIFICAR")) -> VERIFICAR | M44: =IFERROR(IF(K44="não encontrado",D44,K44),D44) -> 10.08 | N44: =_xlfn.ISFORMULA(D44) -> FALSE
A45: 1.36 | B45: ELEMENTO VAZADO DE CONCRETO (COBOGÓ) - 33 X 33 X 9 CM - 16 FUROS | C45: UN | E45: SINAPI | F45: 10578 | G45: =IF(TRIM(E45)="SINAPI", "01/2026",IF(TRIM(E45)="SABESP","07/2025","OUTRO")) -> 01/2026 | H45: =SUMIF(VI.A!$B$6:$B$5963,B45,VI.A!$L$6:$L$5963) -> 63 | I45: =IF(H45=0,"no","si") -> si | K45: =IF(E45="SABESP","OK",VLOOKUP(F45,[6]ISD!$B$11:$F$4861,5,FALSE)) -> 23.75 | L45: =IF(D45=K45,"OK",IF(K45="OK","OK","VERIFICAR")) -> VERIFICAR | M45: =IFERROR(IF(K45="não encontrado",D45,K45),D45) -> 23.75 | N45: =_xlfn.ISFORMULA(D45) -> FALSE
A46: 1.37 | B46: ELETRODO REVESTIDO AWS - E7018, DIAMETRO IGUAL A 4,00 MM | C46: KG | E46: SINAPI | F46: 10997 | G46: =IF(TRIM(E46)="SINAPI", "01/2026",IF(TRIM(E46)="SABESP","07/2025","OUTRO")) -> 01/2026 | H46: =SUMIF(VI.A!$B$6:$B$5963,B46,VI.A!$L$6:$L$5963) -> 35 | I46: =IF(H46=0,"no","si") -> si | K46: =IF(E46="SABESP","OK",VLOOKUP(F46,[6]ISD!$B$11:$F$4861,5,FALSE)) -> 51.84 | L46: =IF(D46=K46,"OK",IF(K46="OK","OK","VERIFICAR")) -> VERIFICAR | M46: =IFERROR(IF(K46="não encontrado",D46,K46),D46) -> 51.84 | N46: =_xlfn.ISFORMULA(D46) -> FALSE
A47: 1.38 | B47: ELETRODUTO PVC FLEXIVEL CORRUGADO, REFORCADO, COR LARANJA, DE 25 MM, 3/4" | C47: M | E47: SINAPI | F47: 39244 | G47: =IF(TRIM(E47)="SINAPI", "01/2026",IF(TRIM(E47)="SABESP","07/2025","OUTRO")) -> 01/2026 | H47: =SUMIF(VI.A!$B$6:$B$5963,B47,VI.A!$L$6:$L$5963) -> 71.19 | I47: =IF(H47=0,"no","si") -> si | K47: =IF(E47="SABESP","OK",VLOOKUP(F47,[6]ISD!$B$11:$F$4861,5,FALSE)) -> 3.44 | L47: =IF(D47=K47,"OK",IF(K47="OK","OK","VERIFICAR")) -> VERIFICAR | M47: =IFERROR(IF(K47="não encontrado",D47,K47),D47) -> 3.44 | N47: =_xlfn.ISFORMULA(D47) -> FALSE
A48: 1.39 | B48: ELETRODUTO PVC FLEXIVEL CORRUGADO, REFORCADO, COR LARANJA, DE 32 MM, 1" | C48: M | E48: SINAPI | F48: 39245 | G48: =IF(TRIM(E48)="SINAPI", "01/2026",IF(TRIM(E48)="SABESP","07/2025","OUTRO")) -> 01/2026 | H48: =SUMIF(VI.A!$B$6:$B$5963,B48,VI.A!$L$6:$L$5963) -> 50.85 | I48: =IF(H48=0,"no","si") -> si | K48: =IF(E48="SABESP","OK",VLOOKUP(F48,[6]ISD!$B$11:$F$4861,5,FALSE)) -> 6.62 | L48: =IF(D48=K48,"OK",IF(K48="OK","OK","VERIFICAR")) -> VERIFICAR | M48: =IFERROR(IF(K48="não encontrado",D48,K48),D48) -> 6.62 | N48: =_xlfn.ISFORMULA(D48) -> FALSE
A49: 1.40 | B49: ELETRODUTO/DUTO PEAD FLEXIVEL PAREDE SIMPLES, CORRUGACAO HELICOIDAL, COR PRETA, DE 1 1/2" | C49: M | E49: SINAPI | F49: 39246 | G49: =IF(TRIM(E49)="SINAPI", "01/2026",IF(TRIM(E49)="SABESP","07/2025","OUTRO")) -> 01/2026 | H49: =SUMIF(VI.A!$B$6:$B$5963,B49,VI.A!$L$6:$L$5963) -> 246.4 | I49: =IF(H49=0,"no","si") -> si | K49: =IF(E49="SABESP","OK",VLOOKUP(F49,[6]ISD!$B$11:$F$4861,5,FALSE)) -> 4.9 | L49: =IF(D49=K49,"OK",IF(K49="OK","OK","VERIFICAR")) -> VERIFICAR | M49: =IFERROR(IF(K49="não encontrado",D49,K49),D49) -> 4.9 | N49: =_xlfn.ISFORMULA(D49) -> FALSE
A50: 1.41 | B50: ELETRODUTO/DUTO PEAD FLEXIVEL PAREDE SIMPLES, CORRUGACAO HELICOIDAL, COR PRETA, DE 2" | C50: M | E50: SINAPI | F50: 2446 | G50: =IF(TRIM(E50)="SINAPI", "01/2026",IF(TRIM(E50)="SABESP","07/2025","OUTRO")) -> 01/2026 | H50: =SUMIF(VI.A!$B$6:$B$5963,B50,VI.A!$L$6:$L$5963) -> 137.5 | I50: =IF(H50=0,"no","si") -> si | K50: =IF(E50="SABESP","OK",VLOOKUP(F50,[6]ISD!$B$11:$F$4861,5,FALSE)) -> 7.04 | L50: =IF(D50=K50,"OK",IF(K50="OK","OK","VERIFICAR")) -> VERIFICAR | M50: =IFERROR(IF(K50="não encontrado",D50,K50),D50) -> 7.04 | N50: =_xlfn.ISFORMULA(D50) -> FALSE
A51: 1.42 | B51: ESTANHO PARA SOLDA | C51: KG | E51: SINAPI | F51: 13388 | G51: =IF(TRIM(E51)="SINAPI", "01/2026",IF(TRIM(E51)="SABESP","07/2025","OUTRO")) -> 01/2026 | H51: =SUMIF(VI.A!$B$6:$B$5963,B51,VI.A!$L$6:$L$5963) -> 39.045 | I51: =IF(H51=0,"no","si") -> si | K51: =IF(E51="SABESP","OK",VLOOKUP(F51,[6]ISD!$B$11:$F$4861,5,FALSE)) -> 252.27 | L51: =IF(D51=K51,"OK",IF(K51="OK","OK","VERIFICAR")) -> VERIFICAR | M51: =IFERROR(IF(K51="não encontrado",D51,K51),D51) -> 252.27 | N51: =_xlfn.ISFORMULA(D51) -> FALSE
A52: 1.43 | B52: FERRO REDONDO (1/2") - CA-50 | C52: KG | E52: ORSE | F52: 4797 | G52: =IF(TRIM(E52)="SINAPI", "01/2026",IF(TRIM(E52)="SABESP","07/2025","OUTRO")) -> OUTRO | H52: =SUMIF(VI.A!$B$6:$B$5963,B52,VI.A!$L$6:$L$5963) -> 1 | I52: =IF(H52=0,"no","si") -> si | K52: 7.3 | L52: =IF(D52=K52,"OK",IF(K52="OK","OK","VERIFICAR")) -> VERIFICAR | M52: =IFERROR(IF(K52="não encontrado",D52,K52),D52) -> 7.3 | N52: =_xlfn.ISFORMULA(D52) -> FALSE
A53: 1.44 | B53: FITA PLASTICA ZEBRADA PARA DEMARCACAO DE AREAS, LARGURA = 7 CM | C53: M | E53: ORSE | F53: 977 | G53: =IF(TRIM(E53)="SINAPI", "01/2026",IF(TRIM(E53)="SABESP","07/2025","OUTRO")) -> OUTRO | H53: =SUMIF(VI.A!$B$6:$B$5963,B53,VI.A!$L$6:$L$5963) -> 6000 | I53: =IF(H53=0,"no","si") -> si | K53: =IF(E53="SABESP","OK",VLOOKUP(F53,[6]ISD!$B$11:$F$4861,5,FALSE)) -> 75.44 | L53: =IF(D53=K53,"OK",IF(K53="OK","OK","VERIFICAR")) -> VERIFICAR | M53: =IFERROR(IF(K53="não encontrado",D53,K53),D53) -> 75.44 | N53: =_xlfn.ISFORMULA(D53) -> FALSE
A54: 1.45 | B54: FUNDO ANTICORROSIVO PARA METAIS FERROSOS (ZARCAO) | C54: L | E54: SINAPI | F54: 7307 | G54: =IF(TRIM(E54)="SINAPI", "01/2026",IF(TRIM(E54)="SABESP","07/2025","OUTRO")) -> 01/2026 | H54: =SUMIF(VI.A!$B$6:$B$5963,B54,VI.A!$L$6:$L$5963) -> 239.878 | I54: =IF(H54=0,"no","si") -> si | K54: =IF(E54="SABESP","OK",VLOOKUP(F54,[6]ISD!$B$11:$F$4861,5,FALSE)) -> 49.72 | L54: =IF(D54=K54,"OK",IF(K54="OK","OK","VERIFICAR")) -> VERIFICAR | M54: =IFERROR(IF(K54="não encontrado",D54,K54),D54) -> 49.72 | N54: =_xlfn.ISFORMULA(D54) -> FALSE
A55: 1.46 | B55: FUNDO PREPARADOR | C55: L | E55: SINAPI | F55: 38122 | G55: =IF(TRIM(E55)="SINAPI", "01/2026",IF(TRIM(E55)="SABESP","07/2025","OUTRO")) -> 01/2026 | H55: =SUMIF(VI.A!$B$6:$B$5963,B55,VI.A!$L$6:$L$5963) -> 9072 | I55: =IF(H55=0,"no","si") -> si | K55: =IF(E55="SABESP","OK",VLOOKUP(F55,[6]ISD!$B$11:$F$4861,5,FALSE)) -> 22.39 | L55: =IF(D55=K55,"OK",IF(K55="OK","OK","VERIFICAR")) -> VERIFICAR | M55: =IFERROR(IF(K55="não encontrado",D55,K55),D55) -> 22.39 | N55: =_xlfn.ISFORMULA(D55) -> FALSE
A56: 1.47 | B56: FUNDO PREPARADOR BASE ÁGUA PARA MADEIRA E METAIS | C56: L | E56: SINAPI | F56: 38122 | G56: =IF(TRIM(E56)="SINAPI", "01/2026",IF(TRIM(E56)="SABESP","07/2025","OUTRO")) -> 01/2026 | H56: =SUMIF(VI.A!$B$6:$B$5963,B56,VI.A!$L$6:$L$5963) -> 3602.4 | I56: =IF(H56=0,"no","si") -> si | K56: =IF(E56="SABESP","OK",VLOOKUP(F56,[6]ISD!$B$11:$F$4861,5,FALSE)) -> 22.39 | L56: =IF(D56=K56,"OK",IF(K56="OK","OK","VERIFICAR")) -> VERIFICAR | M56: =IFERROR(IF(K56="não encontrado",D56,K56),D56) -> 22.39 | N56: =_xlfn.ISFORMULA(D56) -> FALSE
A57: 1.48 | B57: GUARNICAO/MOLDURA DE ACABAMENTO PARA ESQUADRIA DE ALUMINIO ANODIZADO NATURAL, 1 FACE | C57: M | E57: SINAPI | F57: 36888 | G57: =IF(TRIM(E57)="SINAPI", "01/2026",IF(TRIM(E57)="SABESP","07/2025","OUTRO")) -> 01/2026 | H57: =SUMIF(VI.A!$B$6:$B$5963,B57,VI.A!$L$6:$L$5963) -> 342.52 | I57: =IF(H57=0,"no","si") -> si | K57: =IF(E57="SABESP","OK",VLOOKUP(F57,[6]ISD!$B$11:$F$4861,5,FALSE)) -> 29.87 | L57: =IF(D57=K57,"OK",IF(K57="OK","OK","VERIFICAR")) -> VERIFICAR | M57: =IFERROR(IF(K57="não encontrado",D57,K57),D57) -> 29.87 | N57: =_xlfn.ISFORMULA(D57) -> FALSE
A58: 1.49 | B58: GUIA DE CONCRETO PRE-MOLDADO 19 X 6,5/6,5 CM (H X L1/L2) | C58: M | E58: SINAPI | F58: 41680 | G58: =IF(TRIM(E58)="SINAPI", "01/2026",IF(TRIM(E58)="SABESP","07/2025","OUTRO")) -> 01/2026 | H58: =SUMIF(VI.A!$B$6:$B$5963,B58,VI.A!$L$6:$L$5963) -> 1300 | I58: =IF(H58=0,"no","si") -> si | K58: =IF(E58="SABESP","OK",VLOOKUP(F58,[6]ISD!$B$11:$F$4861,5,FALSE)) -> 11.67 | L58: =IF(D58=K58,"OK",IF(K58="OK","OK","VERIFICAR")) -> VERIFICAR | M58: =IFERROR(IF(K58="não encontrado",D58,K58),D58) -> 11.67 | N58: =_xlfn.ISFORMULA(D58) -> FALSE
A59: 1.50 | B59: GRELHA EM FERRO FUNDIDO COM REQUADRO, CARGA MAXIMA 12,5 T, 300 X 1000 MM, E = 15 MM | C59: UN | E59: SINAPI | F59: 11245 | G59: =IF(TRIM(E59)="SINAPI", "01/2026",IF(TRIM(E59)="SABESP","07/2025","OUTRO")) -> 01/2026 | H59: =SUMIF(VI.A!$B$6:$B$5963,B59,VI.A!$L$6:$L$5963) -> 33.33 | I59: =IF(H59=0,"no","si") -> si | K59: =IF(E59="SABESP","OK",VLOOKUP(F59,[6]ISD!$B$11:$F$4861,5,FALSE)) -> 322.37 | L59: =IF(D59=K59,"OK",IF(K59="OK","OK","VERIFICAR")) -> VERIFICAR | M59: =IFERROR(IF(K59="não encontrado",D59,K59),D59) -> 322.37 | N59: =_xlfn.ISFORMULA(D59) -> FALSE
A60: 1.51 | B60: GRELHA METÁLICA DE 100 X 100 MM, PARA CAIXA SIFONADA OU RALO | C60: UN | E60: CDHU | F60: O.05.000.067549 | G60: =IF(TRIM(E60)="SINAPI", "01/2026",IF(TRIM(E60)="SABESP","07/2025","OUTRO")) -> OUTRO | H60: =SUMIF(VI.A!$B$6:$B$5963,B60,VI.A!$L$6:$L$5963) -> 20 | I60: =IF(H60=0,"no","si") -> si | K60: =VLOOKUP(F60,[7]Insumos!$A$9:$D$3235,4,FALSE) -> 22.89 | L60: =IF(D60=K60,"OK",IF(K60="OK","OK","VERIFICAR")) -> VERIFICAR | M60: =IFERROR(IF(K60="não encontrado",D60,K60),D60) -> 22.89 | N60: =_xlfn.ISFORMULA(D60) -> FALSE
A61: 1.52 | B61: IMPERMEABILIZANTE FLEXIVEL BRANCO DE BASE ACRILICA | C61: KG | E61: SINAPI | F61: 140 | G61: =IF(TRIM(E61)="SINAPI", "01/2026",IF(TRIM(E61)="SABESP","07/2025","OUTRO")) -> 01/2026 | H61: =SUMIF(VI.A!$B$6:$B$5963,B61,VI.A!$L$6:$L$5963) -> 375 | I61: =IF(H61=0,"no","si") -> si | K61: =IF(E61="SABESP","OK",VLOOKUP(F61,[6]ISD!$B$11:$F$4861,5,FALSE)) -> 17.67 | L61: =IF(D61=K61,"OK",IF(K61="OK","OK","VERIFICAR")) -> VERIFICAR | M61: =IFERROR(IF(K61="não encontrado",D61,K61),D61) -> 17.67 | N61: =_xlfn.ISFORMULA(D61) -> FALSE
A62: 1.53 | B62: JANELA BASCULANTE, AÇO, COM BATENTE/REQUADRO, 60X80 CM, SEM VIDROS | C62: UN | E62: SINAPI | F62: 11190 | G62: =IF(TRIM(E62)="SINAPI", "01/2026",IF(TRIM(E62)="SABESP","07/2025","OUTRO")) -> 01/2026 | H62: =SUMIF(VI.A!$B$6:$B$5963,B62,VI.A!$L$6:$L$5963) -> 3.125 | I62: =IF(H62=0,"no","si") -> si | K62: =IF(E62="SABESP","OK",VLOOKUP(F62,[6]ISD!$B$11:$F$4861,5,FALSE)) -> 171.7 | L62: =IF(D62=K62,"OK",IF(K62="OK","OK","VERIFICAR")) -> VERIFICAR | M62: =IFERROR(IF(K62="não encontrado",D62,K62),D62) -> 171.7 | N62: =_xlfn.ISFORMULA(D62) -> FALSE
A63: 1.54 | B63: JANELA DE CORRER, ACO, BATENTE 6 A 14 CM, VENEZIANA, PINT ANTICORROSIVA, SEM VIDRO, 4 FLS, 120 X 150 CM | C63: M2 | E63: SINAPI | F63: 11199 | G63: =IF(TRIM(E63)="SINAPI", "01/2026",IF(TRIM(E63)="SABESP","07/2025","OUTRO")) -> 01/2026 | H63: =SUMIF(VI.A!$B$6:$B$5963,B63,VI.A!$L$6:$L$5963) -> 5.0025 | I63: =IF(H63=0,"no","si") -> si | K63: =IF(E63="SABESP","OK",VLOOKUP(F63,[6]ISD!$B$11:$F$4861,5,FALSE)) -> 948.26 | L63: =IF(D63=K63,"OK",IF(K63="OK","OK","VERIFICAR")) -> VERIFICAR | M63: =IFERROR(IF(K63="não encontrado",D63,K63),D63) -> 948.26 | N63: =_xlfn.ISFORMULA(D63) -> FALSE
A64: 1.55 | B64: JOELHO, PVC SERIE R, 90 GRAUS, DN 100 MM, PARA ESGOTO PREDIAL | C64: UN | E64: SINAPI | F64: 20157 | G64: =IF(TRIM(E64)="SINAPI", "01/2026",IF(TRIM(E64)="SABESP","07/2025","OUTRO")) -> 01/2026 | H64: =SUMIF(VI.A!$B$6:$B$5963,B64,VI.A!$L$6:$L$5963) -> 19.8 | I64: =IF(H64=0,"no","si") -> si | K64: =IF(E64="SABESP","OK",VLOOKUP(F64,[6]ISD!$B$11:$F$4861,5,FALSE)) -> 23.31 | L64: =IF(D64=K64,"OK",IF(K64="OK","OK","VERIFICAR")) -> VERIFICAR | M64: =IFERROR(IF(K64="não encontrado",D64,K64),D64) -> 23.31 | N64: =_xlfn.ISFORMULA(D64) -> FALSE
A65: 1.56 | B65: MEIO-FIO OU GUIA DE CONCRETO PRÉ-MOLDADA, COMPRIMENTO DE 1,0 M - 30 X 15 X 12 CM | C65: UN | E65: SINAPI | F65: 4062 | G65: =IF(TRIM(E65)="SINAPI", "01/2026",IF(TRIM(E65)="SABESP","07/2025","OUTRO")) -> 01/2026 | H65: =SUMIF(VI.A!$B$6:$B$5963,B65,VI.A!$L$6:$L$5963) -> 1248 | I65: =IF(H65=0,"no","si") -> si | K65: =IF(E65="SABESP","OK",VLOOKUP(F65,[6]ISD!$B$11:$F$4861,5,FALSE)) -> 29.47 | L65: =IF(D65=K65,"OK",IF(K65="OK","OK","VERIFICAR")) -> VERIFICAR | M65: =IFERROR(IF(K65="não encontrado",D65,K65),D65) -> 29.47 | N65: =_xlfn.ISFORMULA(D65) -> FALSE
A66: 1.57 | B66: LAJE PRE-MOLDADA (LAJOTAS+VIGOTAS), UNIDIRECIONAL, SOBRECARGA 100 KG/M2, VAO ATE 4,0 M | C66: M2 | E66: SINAPI | F66: 3736 | G66: =IF(TRIM(E66)="SINAPI", "01/2026",IF(TRIM(E66)="SABESP","07/2025","OUTRO")) -> 01/2026 | H66: =SUMIF(VI.A!$B$6:$B$5963,B66,VI.A!$L$6:$L$5963) -> 200 | I66: =IF(H66=0,"no","si") -> si | K66: =IF(E66="SABESP","OK",VLOOKUP(F66,[6]ISD!$B$11:$F$4861,5,FALSE)) -> 38.75 | L66: =IF(D66=K66,"OK",IF(K66="OK","OK","VERIFICAR")) -> VERIFICAR | M66: =IFERROR(IF(K66="não encontrado",D66,K66),D66) -> 38.75 | N66: =_xlfn.ISFORMULA(D66) -> FALSE
A67: 1.58 | B67: LIXA D'AGUA EM FOLHA, GRAO 100 | C67: UN | E67: SINAPI | F67: 38383 | G67: =IF(TRIM(E67)="SINAPI", "01/2026",IF(TRIM(E67)="SABESP","07/2025","OUTRO")) -> 01/2026 | H67: =SUMIF(VI.A!$B$6:$B$5963,B67,VI.A!$L$6:$L$5963) -> 50.434 | I67: =IF(H67=0,"no","si") -> si | K67: =IF(E67="SABESP","OK",VLOOKUP(F67,[6]ISD!$B$11:$F$4861,5,FALSE)) -> 2.38 | L67: =IF(D67=K67,"OK",IF(K67="OK","OK","VERIFICAR")) -> VERIFICAR | M67: =IFERROR(IF(K67="não encontrado",D67,K67),D67) -> 2.38 | N67: =_xlfn.ISFORMULA(D67) -> FALSE
A68: 1.59 | B68: LIXA PARA SUPERFÍCIE/MASSA, GRANA 120 | C68: UN | E68: SINAPI | F68: 3767 | G68: =IF(TRIM(E68)="SINAPI", "01/2026",IF(TRIM(E68)="SABESP","07/2025","OUTRO")) -> 01/2026 | H68: =SUMIF(VI.A!$B$6:$B$5963,B68,VI.A!$L$6:$L$5963) -> 65855 | I68: =IF(H68=0,"no","si") -> si | K68: =IF(E68="SABESP","OK",VLOOKUP(F68,[6]ISD!$B$11:$F$4861,5,FALSE)) -> 1.35 | L68: =IF(D68=K68,"OK",IF(K68="OK","OK","VERIFICAR")) -> VERIFICAR | M68: =IFERROR(IF(K68="não encontrado",D68,K68),D68) -> 1.35 | N68: =_xlfn.ISFORMULA(D68) -> FALSE
A69: 1.60 | B69: LIXA PARA SUPERFICIE METÁLICA, GRANA 150 | C69: UN | E69: SINAPI | F69: 3768 | G69: =IF(TRIM(E69)="SINAPI", "01/2026",IF(TRIM(E69)="SABESP","07/2025","OUTRO")) -> 01/2026 | H69: =SUMIF(VI.A!$B$6:$B$5963,B69,VI.A!$L$6:$L$5963) -> 15609.7 | I69: =IF(H69=0,"no","si") -> si | K69: =IF(E69="SABESP","OK",VLOOKUP(F69,[6]ISD!$B$11:$F$4861,5,FALSE)) -> 4.04 | L69: =IF(D69=K69,"OK",IF(K69="OK","OK","VERIFICAR")) -> VERIFICAR | M69: =IFERROR(IF(K69="não encontrado",D69,K69),D69) -> 4.04 | N69: =_xlfn.ISFORMULA(D69) -> FALSE
A70: 1.61 | B70: LONA PLASTICA PRETA, E= 150 MICRA | C70: M2 | E70: SINAPI | F70: 3777 | G70: =IF(TRIM(E70)="SINAPI", "01/2026",IF(TRIM(E70)="SABESP","07/2025","OUTRO")) -> 01/2026 | H70: =SUMIF(VI.A!$B$6:$B$5963,B70,VI.A!$L$6:$L$5963) -> 165 | I70: =IF(H70=0,"no","si") -> si | K70: =IF(E70="SABESP","OK",VLOOKUP(F70,[6]ISD!$B$11:$F$4861,5,FALSE)) -> 2.01 | L70: =IF(D70=K70,"OK",IF(K70="OK","OK","VERIFICAR")) -> VERIFICAR | M70: =IFERROR(IF(K70="não encontrado",D70,K70),D70) -> 2.01 | N70: =_xlfn.ISFORMULA(D70) -> FALSE
A71: 1.62 | B71: LUVA SIMPLES, PVC SERIE REFORCADA - R, 100 MM, PARA ESGOTO PREDIAL | C71: UN | E71: SINAPI | F71: 20170 | G71: =IF(TRIM(E71)="SINAPI", "01/2026",IF(TRIM(E71)="SABESP","07/2025","OUTRO")) -> 01/2026 | H71: =SUMIF(VI.A!$B$6:$B$5963,B71,VI.A!$L$6:$L$5963) -> 10.2 | I71: =IF(H71=0,"no","si") -> si | K71: =IF(E71="SABESP","OK",VLOOKUP(F71,[6]ISD!$B$11:$F$4861,5,FALSE)) -> 16.3 | L71: =IF(D71=K71,"OK",IF(K71="OK","OK","VERIFICAR")) -> VERIFICAR | M71: =IFERROR(IF(K71="não encontrado",D71,K71),D71) -> 16.3 | N71: =_xlfn.ISFORMULA(D71) -> FALSE
A72: 1.63 | B72: MASSA CORRIDA PVA PARA PAREDES INTERNAS | C72: KG | E72: SINAPI | F72: 43626 | G72: =IF(TRIM(E72)="SINAPI", "01/2026",IF(TRIM(E72)="SABESP","07/2025","OUTRO")) -> 01/2026 | H72: =SUMIF(VI.A!$B$6:$B$5963,B72,VI.A!$L$6:$L$5963) -> 44.01 | I72: =IF(H72=0,"no","si") -> si | K72: =IF(E72="SABESP","OK",VLOOKUP(F72,[6]ISD!$B$11:$F$4861,5,FALSE)) -> 4 | L72: =IF(D72=K72,"OK",IF(K72="OK","OK","VERIFICAR")) -> VERIFICAR | M72: =IFERROR(IF(K72="não encontrado",D72,K72),D72) -> 4 | N72: =_xlfn.ISFORMULA(D72) -> FALSE
... A80: 1.71 | B80: RIPA DE MADEIRA NAO APARELHADA - 1,5 X 5 CM (P/FORMA) | C80: M | E80: SINAPI | F80: 4408 | G80: =IF(TRIM(E80)="SINAPI", "01/2026",IF(TRIM(E80)="SABESP","07/2025","OUTRO")) -> 01/2026 | H80: =SUMIF(VI.A!$B$6:$B$5963,B80,VI.A!$L$6:$L$5963) -> 5022.8 | I80: =IF(H80=0,"no","si") -> si | K80: =IF(E80="SABESP","OK",VLOOKUP(F80,[6]ISD!$B$11:$F$4861,5,FALSE)) -> 3.17 | L80: =IF(D80=K80,"OK",IF(K80="OK","OK","VERIFICAR")) -> VERIFICAR | M80: =IFERROR(IF(K80="não encontrado",D80,K80),D80) -> 3.17 | N80: =_xlfn.ISFORMULA(D80) -> FALSE
A81: 1.72 | B81: PEDRISCO GRANULOMETRIA ENTRE (0,075 E 4,8 MM) NBR 7225 | C81: M3 | E81: SABESP | F81: CV00217 | G81: =IF(TRIM(E81)="SINAPI", "01/2026",IF(TRIM(E81)="SABESP","07/2025","OUTRO")) -> 07/2025 | H81: =SUMIF(VI.A!$B$6:$B$5963,B81,VI.A!$L$6:$L$5963) -> 386.4 | I81: =IF(H81=0,"no","si") -> si | K81: =IF(E81="SABESP","OK",VLOOKUP(F81,[6]ISD!$B$11:$F$4861,5,FALSE)) -> OK | L81: =IF(D81=K81,"OK",IF(K81="OK","OK","VERIFICAR")) -> OK | M81: =IFERROR(IF(K81="não encontrado",D81,K81),D81) -> OK | N81: =_xlfn.ISFORMULA(D81) -> FALSE
A82: 1.73 | B82: PEDRA BRITADA Nº 1 GRANULOMETRIA ENTRE (9,5 E 25,00 MM) | C82: M3 | E82: SABESP | F82: CV00208 | G82: =IF(TRIM(E82)="SINAPI", "01/2026",IF(TRIM(E82)="SABESP","07/2025","OUTRO")) -> 07/2025 | H82: =SUMIF(VI.A!$B$6:$B$5963,B82,VI.A!$L$6:$L$5963) -> 1816.1695 | I82: =IF(H82=0,"no","si") -> si | K82: =IF(E82="SABESP","OK",VLOOKUP(F82,[6]ISD!$B$11:$F$4861,5,FALSE)) -> OK | L82: =IF(D82=K82,"OK",IF(K82="OK","OK","VERIFICAR")) -> OK | M82: =IFERROR(IF(K82="não encontrado",D82,K82),D82) -> OK | N82: =_xlfn.ISFORMULA(D82) -> FALSE
B83: MATERIAL | C83: UN | D83: VALOR | E83: FONTE | F83: CÓDIGO | G83: =IF(TRIM(E83)="SINAPI", "01/2026",IF(TRIM(E83)="SABESP","07/2025","OUTRO")) -> OUTRO
A84: 1.74 | B84: PEDRA BRITADA Nº 2 GRANULOMETRIA ENTRE (21,0 E 32,0 MM) | C84: M3 | E84: SABESP | F84: CV00210 | G84: =IF(TRIM(E84)="SINAPI", "01/2026",IF(TRIM(E84)="SABESP","07/2025","OUTRO")) -> 07/2025 | H84: =SUMIF(VI.A!$B$6:$B$5963,B84,VI.A!$L$6:$L$5963) -> 1882.032 | I84: =IF(H84=0,"no","si") -> si | K84: =IF(E84="SABESP","OK",VLOOKUP(F84,[6]ISD!$B$11:$F$4861,5,FALSE)) -> OK | L84: =IF(D84=K84,"OK",IF(K84="OK","OK","VERIFICAR")) -> OK | M84: =IFERROR(IF(K84="não encontrado",D84,K84),D84) -> OK | N84: =_xlfn.ISFORMULA(D84) -> FALSE
A85: 1.75 | B85: PORTA DE ABRIR EM ACO VENEZIANA, COM FUNDO ANTICORROSIVO, SEM GUARNICAO - 87 X 210 CM | C85: UN | E85: SINAPI | F85: 39022 | G85: =IF(TRIM(E85)="SINAPI", "01/2026",IF(TRIM(E85)="SABESP","07/2025","OUTRO")) -> 01/2026 | H85: =SUMIF(VI.A!$B$6:$B$5963,B85,VI.A!$L$6:$L$5963) -> 81.1052 | I85: =IF(H85=0,"no","si") -> si | K85: =IF(E85="SABESP","OK",VLOOKUP(F85,[6]ISD!$B$11:$F$4861,5,FALSE)) -> 679.9 | L85: =IF(D85=K85,"OK",IF(K85="OK","OK","VERIFICAR")) -> VERIFICAR | M85: =IFERROR(IF(K85="não encontrado",D85,K85),D85) -> 679.9 | N85: =_xlfn.ISFORMULA(D85) -> FALSE
A86: 1.76 | B86: PLACA DE OBRA (IDENTIFICAÇÃO) PARA CONSTRUÇÃO CIVIL EM CHAPA GALVANIZADA Nº 22 - COMPLETA | C86: M2 | E86: SINAPI | F86: 4813 | G86: =IF(TRIM(E86)="SINAPI", "01/2026",IF(TRIM(E86)="SABESP","07/2025","OUTRO")) -> 01/2026 | H86: =SUMIF(VI.A!$B$6:$B$5963,B86,VI.A!$L$6:$L$5963) -> 90 | I86: =IF(H86=0,"no","si") -> si | K86: =IF(E86="SABESP","OK",VLOOKUP(F86,[6]ISD!$B$11:$F$4861,5,FALSE)) -> 400 | L86: =IF(D86=K86,"OK",IF(K86="OK","OK","VERIFICAR")) -> VERIFICAR | M86: =IFERROR(IF(K86="não encontrado",D86,K86),D86) -> 400 | N86: =_xlfn.ISFORMULA(D86) -> FALSE
A87: 1.77 | B87: PLACA DE SINALIZACAO EM CHAPA DE AÇO Nº 16 COM PINTURA REFLETIVA | C87: M2 | E87: SINAPI | F87: 34723 | G87: =IF(TRIM(E87)="SINAPI", "01/2026",IF(TRIM(E87)="SABESP","07/2025","OUTRO")) -> 01/2026 | H87: =SUMIF(VI.A!$B$6:$B$5963,B87,VI.A!$L$6:$L$5963) -> 5 | I87: =IF(H87=0,"no","si") -> si | K87: =IF(E87="SABESP","OK",VLOOKUP(F87,[6]ISD!$B$11:$F$4861,5,FALSE)) -> 924 | L87: =IF(D87=K87,"OK",IF(K87="OK","OK","VERIFICAR")) -> VERIFICAR | M87: =IFERROR(IF(K87="não encontrado",D87,K87),D87) -> 924 | N87: =_xlfn.ISFORMULA(D87) -> FALSE
A88: 1.78 | B88: PORCA 1/2" | C88: UN | E88: SINAPI | F88: 4339 | G88: =IF(TRIM(E88)="SINAPI", "01/2026",IF(TRIM(E88)="SABESP","07/2025","OUTRO")) -> 01/2026 | H88: =SUMIF(VI.A!$B$6:$B$5963,B88,VI.A!$L$6:$L$5963) -> 4 | I88: =IF(H88=0,"no","si") -> si | K88: =IF(E88="SABESP","OK",VLOOKUP(F88,[6]ISD!$B$11:$F$4861,5,FALSE)) -> 0.52 | L88: =IF(D88=K88,"OK",IF(K88="OK","OK","VERIFICAR")) -> VERIFICAR | M88: =IFERROR(IF(K88="não encontrado",D88,K88),D88) -> 0.52 | N88: =_xlfn.ISFORMULA(D88) -> FALSE
A89: 1.79 | B89: PORTA ALUMÍNIO TIPO VENEZIANA, 1 FOLHA, ACABAMENTO EM PINTURA ELETROSTÁTICA BRANCA, 60 MICRAS | C89: M2 | E89: CDHU | F89: H.05.000.032421 | G89: =IF(TRIM(E89)="SINAPI", "01/2026",IF(TRIM(E89)="SABESP","07/2025","OUTRO")) -> OUTRO | H89: =SUMIF(VI.A!$B$6:$B$5963,B89,VI.A!$L$6:$L$5963) -> 50 | I89: =IF(H89=0,"no","si") -> si | K89: =VLOOKUP(F89,[7]Insumos!$A$9:$D$3235,4,FALSE) -> 557.04 | L89: =IF(D89=K89,"OK",IF(K89="OK","OK","VERIFICAR")) -> VERIFICAR | M89: =IFERROR(IF(K89="não encontrado",D89,K89),D89) -> 557.04 | N89: =_xlfn.ISFORMULA(D89) -> FALSE
A90: 1.80 | B90: PREGO EM AÇO POLIDO COM CABEÇA (MEDIA DAS BITOLAS) | C90: KG | E90: SABESP | F90: CV00521 | G90: =IF(TRIM(E90)="SINAPI", "01/2026",IF(TRIM(E90)="SABESP","07/2025","OUTRO")) -> 07/2025 | H90: =SUMIF(VI.A!$B$6:$B$5963,B90,VI.A!$L$6:$L$5963) -> 666.165 | I90: =IF(H90=0,"no","si") -> si | K90: =IF(E90="SABESP","OK",VLOOKUP(F90,[6]ISD!$B$11:$F$4861,5,FALSE)) -> OK | L90: =IF(D90=K90,"OK",IF(K90="OK","OK","VERIFICAR")) -> OK | M90: =IFERROR(IF(K90="não encontrado",D90,K90),D90) -> OK | N90: =_xlfn.ISFORMULA(D90) -> FALSE
A91: 1.81 | B91: RALO SECO DE PVC RÍGIDO, 100 X 40 MM | C91: UN | E91: SINAPI | F91: 11711 | G91: =IF(TRIM(E91)="SINAPI", "01/2026",IF(TRIM(E91)="SABESP","07/2025","OUTRO")) -> 01/2026 | H91: =SUMIF(VI.A!$B$6:$B$5963,B91,VI.A!$L$6:$L$5963) -> 20 | I91: =IF(H91=0,"no","si") -> si | K91: =IF(E91="SABESP","OK",VLOOKUP(F91,[6]ISD!$B$11:$F$4861,5,FALSE)) -> 11.59 | L91: =IF(D91=K91,"OK",IF(K91="OK","OK","VERIFICAR")) -> VERIFICAR | M91: =IFERROR(IF(K91="não encontrado",D91,K91),D91) -> 11.59 | N91: =_xlfn.ISFORMULA(D91) -> FALSE
A92: 1.82 | B92: RALO SECO DE PVC COM GRELHA QUADRADA DE PVC (50MM / 40MM / 100MM) | C92: UN | E92: SINAPI | F92: 5102 | G92: =IF(TRIM(E92)="SINAPI", "01/2026",IF(TRIM(E92)="SABESP","07/2025","OUTRO")) -> 01/2026 | H92: =SUMIF(VI.A!$B$6:$B$5963,B92,VI.A!$L$6:$L$5963) -> 20 | I92: =IF(H92=0,"no","si") -> si | K92: =IF(E92="SABESP","OK",VLOOKUP(F92,[6]ISD!$B$11:$F$4861,5,FALSE)) -> 13.91 | L92: =IF(D92=K92,"OK",IF(K92="OK","OK","VERIFICAR")) -> VERIFICAR | M92: =IFERROR(IF(K92="não encontrado",D92,K92),D92) -> 13.91 | N92: =_xlfn.ISFORMULA(D92) -> FALSE
A93: 1.83 | B93: REBITE DE ALUMINIO VAZADO DE REPUXO, 3,2 X 8 MM (1KG = 1025 UNIDADES) | C93: KG | E93: SINAPI | F93: 5104 | G93: =IF(TRIM(E93)="SINAPI", "01/2026",IF(TRIM(E93)="SABESP","07/2025","OUTRO")) -> 01/2026 | H93: =SUMIF(VI.A!$B$6:$B$5963,B93,VI.A!$L$6:$L$5963) -> 0.09 | I93: =IF(H93=0,"no","si") -> si | K93: =IF(E93="SABESP","OK",VLOOKUP(F93,[6]ISD!$B$11:$F$4861,5,FALSE)) -> 70.37 | L93: =IF(D93=K93,"OK",IF(K93="OK","OK","VERIFICAR")) -> VERIFICAR | M93: =IFERROR(IF(K93="não encontrado",D93,K93),D93) -> 70.37 | N93: =_xlfn.ISFORMULA(D93) -> FALSE
A94: 1.84 | B94: REGISTRO PVC DE ESFERA SOLDÁVEL, COM VOLANTE, Ø 40 MM | C94: UN | E94: SINAPI | F94: 11676 | G94: =IF(TRIM(E94)="SINAPI", "01/2026",IF(TRIM(E94)="SABESP","07/2025","OUTRO")) -> 01/2026 | H94: =SUMIF(VI.A!$B$6:$B$5963,B94,VI.A!$L$6:$L$5963) -> 25 | I94: =IF(H94=0,"no","si") -> si | K94: =IF(E94="SABESP","OK",VLOOKUP(F94,[6]ISD!$B$11:$F$4861,5,FALSE)) -> 67.88 | L94: =IF(D94=K94,"OK",IF(K94="OK","OK","VERIFICAR")) -> VERIFICAR | M94: =IFERROR(IF(K94="não encontrado",D94,K94),D94) -> 67.88 | N94: =_xlfn.ISFORMULA(D94) -> FALSE
A95: 1.85 | B95: RUFO EXTERNO/INTERNO DE CHAPA DE ACO GALVANIZADA NUM 26 | C95: M | E95: SINAPI | F95: 1116 | G95: =IF(TRIM(E95)="SINAPI", "01/2026",IF(TRIM(E95)="SABESP","07/2025","OUTRO")) -> 01/2026 | H95: =SUMIF(VI.A!$B$6:$B$5963,B95,VI.A!$L$6:$L$5963) -> 25.75 | I95: =IF(H95=0,"no","si") -> si | K95: =IF(E95="SABESP","OK",VLOOKUP(F95,[6]ISD!$B$11:$F$4861,5,FALSE)) -> 17.36 | L95: =IF(D95=K95,"OK",IF(K95="OK","OK","VERIFICAR")) -> VERIFICAR | M95: =IFERROR(IF(K95="não encontrado",D95,K95),D95) -> 17.36 | N95: =_xlfn.ISFORMULA(D95) -> FALSE
A96: 1.86 | B96: SARRAFO 3A. CONSTRUÇÃO (SEÇÃO TRANSVERSAL: 1X2" - 2,5CM X 5,0CM) | C96: M | E96: SINAPI | F96: 4415 | G96: =IF(TRIM(E96)="SINAPI", "01/2026",IF(TRIM(E96)="SABESP","07/2025","OUTRO")) -> 01/2026 | H96: =SUMIF(VI.A!$B$6:$B$5963,B96,VI.A!$L$6:$L$5963) -> 60 | I96: =IF(H96=0,"no","si") -> si | K96: =IF(E96="SABESP","OK",VLOOKUP(F96,[6]ISD!$B$11:$F$4861,5,FALSE)) -> 6.3 | L96: =IF(D96=K96,"OK",IF(K96="OK","OK","VERIFICAR")) -> VERIFICAR | M96: =IFERROR(IF(K96="não encontrado",D96,K96),D96) -> 6.3 | N96: =_xlfn.ISFORMULA(D96) -> FALSE
A97: 1.87 | B97: SARRAFO 3A. CONSTRUÇÃO (SEÇÃO TRANSVERSAL: 1X4" - 2,5CM X 10,0CM) | C97: M | E97: SINAPI | F97: 4460 | G97: =IF(TRIM(E97)="SINAPI", "01/2026",IF(TRIM(E97)="SABESP","07/2025","OUTRO")) -> 01/2026 | H97: =SUMIF(VI.A!$B$6:$B$5963,B97,VI.A!$L$6:$L$5963) -> 6768.71 | I97: =IF(H97=0,"no","si") -> si | K97: =IF(E97="SABESP","OK",VLOOKUP(F97,[6]ISD!$B$11:$F$4861,5,FALSE)) -> 11.76 | L97: =IF(D97=K97,"OK",IF(K97="OK","OK","VERIFICAR")) -> VERIFICAR | M97: =IFERROR(IF(K97="não encontrado",D97,K97),D97) -> 11.76 | N97: =_xlfn.ISFORMULA(D97) -> FALSE
A98: 1.88 | B98: SELADOR ACRÍLICO | C98: L | E98: SINAPI | F98: 6085 | G98: =IF(TRIM(E98)="SINAPI", "01/2026",IF(TRIM(E98)="SABESP","07/2025","OUTRO")) -> 01/2026 | H98: =SUMIF(VI.A!$B$6:$B$5963,B98,VI.A!$L$6:$L$5963) -> 504 | I98: =IF(H98=0,"no","si") -> si | K98: =IF(E98="SABESP","OK",VLOOKUP(F98,[6]ISD!$B$11:$F$4861,5,FALSE)) -> 12.51 | L98: =IF(D98=K98,"OK",IF(K98="OK","OK","VERIFICAR")) -> VERIFICAR | M98: =IFERROR(IF(K98="não encontrado",D98,K98),D98) -> 12.51 | N98: =_xlfn.ISFORMULA(D98) -> FALSE
A99: 1.89 | B99: SELANTE ELASTICO MONOCOMPONENTE A BASE DE POLIURETANO PARA JUNTAS DIVERSAS | C99: 310 ML | E99: SINAPI | F99: 142 | G99: =IF(TRIM(E99)="SINAPI", "01/2026",IF(TRIM(E99)="SABESP","07/2025","OUTRO")) -> 01/2026 | H99: =SUMIF(VI.A!$B$6:$B$5963,B99,VI.A!$L$6:$L$5963) -> 72.009 | I99: =IF(H99=0,"no","si") -> si | K99: =IF(E99="SABESP","OK",VLOOKUP(F99,[6]ISD!$B$11:$F$4861,5,FALSE)) -> 32.23 | L99: =IF(D99=K99,"OK",IF(K99="OK","OK","VERIFICAR")) -> VERIFICAR | M99: =IFERROR(IF(K99="não encontrado",D99,K99),D99) -> 32.23 | N99: =_xlfn.ISFORMULA(D99) -> FALSE
A100: 1.90 | B100: SOLUCAO LIMPADORA PARA PVC, FRASCO COM 1000 CM3 | C100: UN | E100: SINAPI | F100: 20083 | G100: =IF(TRIM(E100)="SINAPI", "01/2026",IF(TRIM(E100)="SABESP","07/2025","OUTRO")) -> 01/2026 | H100: =SUMIF(VI.A!$B$6:$B$5963,B100,VI.A!$L$6:$L$5963) -> 11.161 | I100: =IF(H100=0,"no","si") -> si | K100: =IF(E100="SABESP","OK",VLOOKUP(F100,[6]ISD!$B$11:$F$4861,5,FALSE)) -> 68.86 | L100: =IF(D100=K100,"OK",IF(K100="OK","OK","VERIFICAR")) -> VERIFICAR | M100: =IFERROR(IF(K100="não encontrado",D100,K100),D100) -> 68.86 | N100: =_xlfn.ISFORMULA(D100) -> FALSE
A101: 1.91 | B101: TÁBUA MADEIRA 3A QUALIDADE 2,5 X 30CM (1X12") NÃO APARELHADA | C101: M | E101: SINAPI | F101: 6212 | G101: =IF(TRIM(E101)="SINAPI", "01/2026",IF(TRIM(E101)="SABESP","07/2025","OUTRO")) -> 01/2026 | H101: =SUMIF(VI.A!$B$6:$B$5963,B101,VI.A!$L$6:$L$5963) -> 374.07662 | I101: =IF(H101=0,"no","si") -> si | K101: =IF(E101="SABESP","OK",VLOOKUP(F101,[6]ISD!$B$11:$F$4861,5,FALSE)) -> 13.5 | L101: =IF(D101=K101,"OK",IF(K101="OK","OK","VERIFICAR")) -> VERIFICAR | M101: =IFERROR(IF(K101="não encontrado",D101,K101),D101) -> 13.5 | N101: =_xlfn.ISFORMULA(D101) -> FALSE
A102: 1.92 | B102: TELA ARAME GALVANIZADO FIO 12 BWG (2,77MM) MALHA 5 X 5CM, H=2M | C102: M2 | E102: SINAPI | F102: 7158 | G102: =IF(TRIM(E102)="SINAPI", "01/2026",IF(TRIM(E102)="SABESP","07/2025","OUTRO")) -> 01/2026 | H102: =SUMIF(VI.A!$B$6:$B$5963,B102,VI.A!$L$6:$L$5963) -> 475 | I102: =IF(H102=0,"no","si") -> si | K102: =IF(E102="SABESP","OK",VLOOKUP(F102,[6]ISD!$B$11:$F$4861,5,FALSE)) -> 39.03 | L102: =IF(D102=K102,"OK",IF(K102="OK","OK","VERIFICAR")) -> VERIFICAR | M102: =IFERROR(IF(K102="não encontrado",D102,K102),D102) -> 39.03 | N102: =_xlfn.ISFORMULA(D102) -> FALSE
A103: 1.93 | B103: TELA DE AÇO SOLDADA, CA-60 (MÉDIA DAS BITOLAS) | C103: KG | E103: CDHU | F103: B.06.000.021560 | G103: =IF(TRIM(E103)="SINAPI", "01/2026",IF(TRIM(E103)="SABESP","07/2025","OUTRO")) -> OUTRO | H103: =SUMIF(VI.A!$B$6:$B$5963,B103,VI.A!$L$6:$L$5963) -> 5500 | I103: =IF(H103=0,"no","si") -> si | K103: =VLOOKUP(F103,[7]Insumos!$A$9:$D$3235,4,FALSE) -> 7.55 | L103: =IF(D103=K103,"OK",IF(K103="OK","OK","VERIFICAR")) -> VERIFICAR | M103: =IFERROR(IF(K103="não encontrado",D103,K103),D103) -> 7.55 | N103: =_xlfn.ISFORMULA(D103) -> FALSE
A104: 1.94 | B104: TELA DE AÇO SOLDADA GALVANIZADA/ZINCADA PARA ALVENARIA, FIO D = 1,20 A 1,70 MM, MALHA 15 X 15 MM, (C X L) 50 X 7,5CM | C104: M | E104: SINAPI | F104: 34557 | G104: =IF(TRIM(E104)="SINAPI", "01/2026",IF(TRIM(E104)="SABESP","07/2025","OUTRO")) -> 01/2026 | H104: =SUMIF(VI.A!$B$6:$B$5963,B104,VI.A!$L$6:$L$5963) -> 3568.678 | I104: =IF(H104=0,"no","si") -> si | K104: =IF(E104="SABESP","OK",VLOOKUP(F104,[6]ISD!$B$11:$F$4861,5,FALSE)) -> 2.08 | L104: =IF(D104=K104,"OK",IF(K104="OK","OK","VERIFICAR")) -> VERIFICAR | M104: =IFERROR(IF(K104="não encontrado",D104,K104),D104) -> 2.08 | N104: =_xlfn.ISFORMULA(D104) -> FALSE
A105: 1.95 | B105: TELA PLASTICA TECIDA LISTRADA BRANCA E LARANJA, TIPO GUARDA CORPO, EM POLIETILENO MONOFILADO, ROLO 1,20 X 50 M (L X C) | C105: M | E105: SINAPI | F105: 37525 | G105: =IF(TRIM(E105)="SINAPI", "01/2026",IF(TRIM(E105)="SABESP","07/2025","OUTRO")) -> 01/2026 | H105: =SUMIF(VI.A!$B$6:$B$5963,B105,VI.A!$L$6:$L$5963) -> 3000 | I105: =IF(H105=0,"no","si") -> si | K105: =IF(E105="SABESP","OK",VLOOKUP(F105,[6]ISD!$B$11:$F$4861,5,FALSE)) -> 2.58 | L105: =IF(D105=K105,"OK",IF(K105="OK","OK","VERIFICAR")) -> VERIFICAR | M105: =IFERROR(IF(K105="não encontrado",D105,K105),D105) -> 2.58 | N105: =_xlfn.ISFORMULA(D105) -> FALSE
A106: 1.96 | B106: TELHA DE FIBROCIMENTO ONDULADA E = 6 MM, DE 2,44 X 1,10 M (SEM AMIANTO) | C106: M2 | E106: SINAPI | F106: 7194 | G106: =IF(TRIM(E106)="SINAPI", "01/2026",IF(TRIM(E106)="SABESP","07/2025","OUTRO")) -> 01/2026 | H106: =SUMIF(VI.A!$B$6:$B$5963,B106,VI.A!$L$6:$L$5963) -> 63.75 | I106: =IF(H106=0,"no","si") -> si | K106: =IF(E106="SABESP","OK",VLOOKUP(F106,[6]ISD!$B$11:$F$4861,5,FALSE)) -> 24.87 | L106: =IF(D106=K106,"OK",IF(K106="OK","OK","VERIFICAR")) -> VERIFICAR | M106: =IFERROR(IF(K106="não encontrado",D106,K106),D106) -> 24.87 | N106: =_xlfn.ISFORMULA(D106) -> FALSE
A107: 1.97 | B107: TELHA ESTRUTURAL DE FIBROCIMENTO 1 ABA, DE 0,52 X 4,00 M (SEM AMIANTO) | C107: M2 | E107: SINAPI | F107: 7224 | G107: =IF(TRIM(E107)="SINAPI", "01/2026",IF(TRIM(E107)="SABESP","07/2025","OUTRO")) -> 01/2026 | H107: =SUMIF(VI.A!$B$6:$B$5963,B107,VI.A!$L$6:$L$5963) -> 22 | I107: =IF(H107=0,"no","si") -> si | K107: =IF(E107="SABESP","OK",VLOOKUP(F107,[6]ISD!$B$11:$F$4861,5,FALSE)) -> 228.65 | L107: =IF(D107=K107,"OK",IF(K107="OK","OK","VERIFICAR")) -> VERIFICAR | M107: =IFERROR(IF(K107="não encontrado",D107,K107),D107) -> 228.65 | N107: =_xlfn.ISFORMULA(D107) -> FALSE
A108: 1.98 | B108: TIJOLO CERÂMICO MACIÇO 5,7 X 9 X 19 (190MM / 90MM / 57MM) | C108: UN | E108: SINAPI | F108: 7258 | G108: =IF(TRIM(E108)="SINAPI", "01/2026",IF(TRIM(E108)="SABESP","07/2025","OUTRO")) -> 01/2026 | H108: =SUMIF(VI.A!$B$6:$B$5963,B108,VI.A!$L$6:$L$5963) -> 6075 | I108: =IF(H108=0,"no","si") -> si | K108: =IF(E108="SABESP","OK",VLOOKUP(F108,[6]ISD!$B$11:$F$4861,5,FALSE)) -> 0.56 | L108: =IF(D108=K108,"OK",IF(K108="OK","OK","VERIFICAR")) -> VERIFICAR | M108: =IFERROR(IF(K108="não encontrado",D108,K108),D108) -> 0.56 | N108: =_xlfn.ISFORMULA(D108) -> FALSE
A109: 1.99 | B109: TINTA ACRILICA PREMIUM PARA PISO NA COR GRAFITE | C109: L | E109: SINAPI | F109: 7348 | G109: =IF(TRIM(E109)="SINAPI", "01/2026",IF(TRIM(E109)="SABESP","07/2025","OUTRO")) -> 01/2026 | H109: =SUMIF(VI.A!$B$6:$B$5963,B109,VI.A!$L$6:$L$5963) -> 7331.5 | I109: =IF(H109=0,"no","si") -> si | K109: =IF(E109="SABESP","OK",VLOOKUP(F109,[6]ISD!$B$11:$F$4861,5,FALSE)) -> 22.53 | L109: =IF(D109=K109,"OK",IF(K109="OK","OK","VERIFICAR")) -> VERIFICAR | M109: =IFERROR(IF(K109="não encontrado",D109,K109),D109) -> 22.53 | N109: =_xlfn.ISFORMULA(D109) -> FALSE
A110: 1.100 | B110: TINTA ESMALTE SINTETICO PREMIUM | C110: L | E110: SINAPI | F110: 7311 | G110: =IF(TRIM(E110)="SINAPI", "01/2026",IF(TRIM(E110)="SABESP","07/2025","OUTRO")) -> 01/2026 | H110: =SUMIF(VI.A!$B$6:$B$5963,B110,VI.A!$L$6:$L$5963) -> 8405.34 | I110: =IF(H110=0,"no","si") -> si | K110: =IF(E110="SABESP","OK",VLOOKUP(F110,[6]ISD!$B$11:$F$4861,5,FALSE)) -> 47.62 | L110: =IF(D110=K110,"OK",IF(K110="OK","OK","VERIFICAR")) -> VERIFICAR | M110: =IFERROR(IF(K110="não encontrado",D110,K110),D110) -> 47.62 | N110: =_xlfn.ISFORMULA(D110) -> FALSE
A111: 1.101 | B111: TINTA EPOXI PREMIUM, BRANCA | C111: L | E111: SINAPI | F111: 7304 | G111: =IF(TRIM(E111)="SINAPI", "01/2026",IF(TRIM(E111)="SABESP","07/2025","OUTRO")) -> 01/2026 | H111: =SUMIF(VI.A!$B$6:$B$5963,B111,VI.A!$L$6:$L$5963) -> 150 | I111: =IF(H111=0,"no","si") -> si | K111: =IF(E111="SABESP","OK",VLOOKUP(F111,[6]ISD!$B$11:$F$4861,5,FALSE)) -> 95.11 | L111: =IF(D111=K111,"OK",IF(K111="OK","OK","VERIFICAR")) -> VERIFICAR | M111: =IFERROR(IF(K111="não encontrado",D111,K111),D111) -> 95.11 | N111: =_xlfn.ISFORMULA(D111) -> FALSE
A112: 1.102 | B112: TINTA LÁTEX ACRÍLICA - 1ª LINHA | C112: L | E112: SABESP | F112: CV00508 | G112: =IF(TRIM(E112)="SINAPI", "01/2026",IF(TRIM(E112)="SABESP","07/2025","OUTRO")) -> 07/2025 | H112: =SUMIF(VI.A!$B$6:$B$5963,B112,VI.A!$L$6:$L$5963) -> 44454.6 | I112: =IF(H112=0,"no","si") -> si | K112: =IF(E112="SABESP","OK",VLOOKUP(F112,[6]ISD!$B$11:$F$4861,5,FALSE)) -> OK | L112: =IF(D112=K112,"OK",IF(K112="OK","OK","VERIFICAR")) -> OK | M112: =IFERROR(IF(K112="não encontrado",D112,K112),D112) -> OK | N112: =_xlfn.ISFORMULA(D112) -> FALSE
A113: 1.103 | B113: TINTA A BASE DE RESINA ACRILICA, PARA SINALIZACAO HORIZONTAL VIARIA (NBR 11862) | C113: L | E113: SINAPI | F113: 7343 | G113: =IF(TRIM(E113)="SINAPI", "01/2026",IF(TRIM(E113)="SABESP","07/2025","OUTRO")) -> 01/2026 | H113: =SUMIF(VI.A!$B$6:$B$5963,B113,VI.A!$L$6:$L$5963) -> 300 | I113: =IF(H113=0,"no","si") -> si | K113: =IF(E113="SABESP","OK",VLOOKUP(F113,[6]ISD!$B$11:$F$4861,5,FALSE)) -> 38.49 | L113: =IF(D113=K113,"OK",IF(K113="OK","OK","VERIFICAR")) -> VERIFICAR | M113: =IFERROR(IF(K113="não encontrado",D113,K113),D113) -> 38.49 | N113: =_xlfn.ISFORMULA(D113) -> FALSE
A114: 1.104 | B114: TRAVA DE SEGURANÇA TIPO FERROLHO | C114: UN | E114: CDHU | F114: H.09.000.031613 | G114: =IF(TRIM(E114)="SINAPI", "01/2026",IF(TRIM(E114)="SABESP","07/2025","OUTRO")) -> OUTRO | H114: =SUMIF(VI.A!$B$6:$B$5963,B114,VI.A!$L$6:$L$5963) -> 166.79363 | I114: =IF(H114=0,"no","si") -> si | K114: =VLOOKUP(F114,[7]Insumos!$A$9:$D$3235,4,FALSE) -> 425.63 | L114: =IF(D114=K114,"OK",IF(K114="OK","OK","VERIFICAR")) -> VERIFICAR | M114: =IFERROR(IF(K114="não encontrado",D114,K114),D114) -> 425.63 | N114: =_xlfn.ISFORMULA(D114) -> FALSE
A115: 1.105 | B115: TUBO DE PVC RÍGIDO SOLDÁVEL MARROM, DN = 25MM (3/4') - NBR 5648 | C115: M | E115: SABESP | F115: HM01612 | G115: =IF(TRIM(E115)="SINAPI", "01/2026",IF(TRIM(E115)="SABESP","07/2025","OUTRO")) -> 07/2025 | H115: =SUMIF(VI.A!$B$6:$B$5963,B115,VI.A!$L$6:$L$5963) -> 30 | I115: =IF(H115=0,"no","si") -> si | K115: =IF(E115="SABESP","OK",VLOOKUP(F115,[6]ISD!$B$11:$F$4861,5,FALSE)) -> OK | L115: =IF(D115=K115,"OK",IF(K115="OK","OK","VERIFICAR")) -> OK | M115: =IFERROR(IF(K115="não encontrado",D115,K115),D115) -> OK | N115: =_xlfn.ISFORMULA(D115) -> FALSE
A116: 1.106 | B116: TUBO DE PVC RÍGIDO SOLDÁVEL MARROM, DN = 40MM (1.1/4') - NBR 5648 | C116: M | E116: SABESP | F116: HM01614 | G116: =IF(TRIM(E116)="SINAPI", "01/2026",IF(TRIM(E116)="SABESP","07/2025","OUTRO")) -> 07/2025 | H116: =SUMIF(VI.A!$B$6:$B$5963,B116,VI.A!$L$6:$L$5963) -> 15 | I116: =IF(H116=0,"no","si") -> si | K116: =IF(E116="SABESP","OK",VLOOKUP(F116,[6]ISD!$B$11:$F$4861,5,FALSE)) -> OK | L116: =IF(D116=K116,"OK",IF(K116="OK","OK","VERIFICAR")) -> OK | M116: =IFERROR(IF(K116="não encontrado",D116,K116),D116) -> OK | N116: =_xlfn.ISFORMULA(D116) -> FALSE
A117: 1.107 | B117: TUBO DE PVC RÍGIDO SOLDÁVEL MARROM, DN = 50MM (1.1/2') - NBR 5648 | C117: M | E117: SABESP | F117: HM01615 | G117: =IF(TRIM(E117)="SINAPI", "01/2026",IF(TRIM(E117)="SABESP","07/2025","OUTRO")) -> 07/2025 | H117: =SUMIF(VI.A!$B$6:$B$5963,B117,VI.A!$L$6:$L$5963) -> 56 | I117: =IF(H117=0,"no","si") -> si | K117: =IF(E117="SABESP","OK",VLOOKUP(F117,[6]ISD!$B$11:$F$4861,5,FALSE)) -> OK | L117: =IF(D117=K117,"OK",IF(K117="OK","OK","VERIFICAR")) -> OK | M117: =IFERROR(IF(K117="não encontrado",D117,K117),D117) -> OK | N117: =_xlfn.ISFORMULA(D117) -> FALSE
...

Sheet VIII.A
A1: =IV.A!A1 -> TIMBRE LICITANTE
A4: ANEXO VIII.A - DEMONSTRATIVO DA COMPOSIÇÃO DAS TAXAS DE BDI - LICITANTE
A5: COMPOSIÇÃO DAS TAXAS DE BDI
A7: AC | B7: ADMINISTRAÇÃO CENTRAL
A9: S | B9: SEGURO
A11: R | B11: RISCOS
A13: G | B13: GARANTIAS
A15: DF | B15: DESPESAS FINANCEIRAS
A17: L | B17: LUCRO
A19: CP | B19: TRIBUTOS - COFINS E PIS | C19: =ROUND(SUM(C20:C21),5) -> 0
B20: PIS
B21: COFINS
A23: ISS | B23: TRIBUTOS - ISS | C23: =ROUND(SUM(C24:C24),5) -> 0
B24: ISS – IMPOSTO SOBRE SERVIÇOS
A26: CPRB | B26: TRIBUTOS - CONTRIBUIÇÃO PREVIDENCIÁRIA SOBRE A RENDA BRUTA | C26: =ROUND(SUM(C27:C27),5) -> 0
B27: DESONERAÇÃO - 0% OU 4,5%
B29: TOTAL | C29: =ROUND((((1+($C$7+$C$9+$C$11+$C$13))*(1+$C$15)*(1+$C$17))/(1-$C$19-$C$23-$C$26))-1,4) -> 0

Sheet IX.A
A1: =IV.A!A1 -> TIMBRE LICITANTE
A9: ANEXO IX.A - DEMONSTRATIVO DA COMPOSIÇÃO DOS ENCARGOS SOCIAIS E TRABALHISTAS - LICITANTE
A11: =IV.A!A7 -> EXECUÇÃO DE SERVIÇO DE REFORMA CIVIL, CONSTRUÇÕES E MANUTENÇÕES GERAIS PARA MELHORIAS NAS ÁREAS DE PROPRIEDADE E/OU DE RESPONSABILIDADE DO SEMAE.
A12: GRUPO | B12: DESCRIÇÃO | C12: JORNADA
C13: NORMAL | D13: NORMAL
C14: HORISTA | D14: MENSALISTA
A15: A | B15: A1 – PREVIDÊNCIA SOCIAL (INSS)*
B16: A2 – SERVIÇO SOCIAL DA INDÚSTRIA (SESI)
B17: A3 – SERVIÇO NACIONAL DE APRENDIZAGEM INDUSTRIAL (SENAI)
B18: A4 – INSTITUTO NACIONAL DE COLONIZAÇÃO E REFORMA AGRÁRIA (INCRA)
B19: A5 – SERVIÇO DE APOIO A PEQUENA E MÉDIA EMPRESA (SEBRAE)
B20: A6 – SALÁRIO EDUCAÇÃO
B21: A7 – SEGURO CONTRA ACIDENTES DE TRABALHO
B22: A8 – FUNDO DE GARANTIA POR TEMPO DE SERVIÇO (FGTS)
B23: A9 – SECONCI ( APLICÁVEL AS EMPRESAS CONSTANTES DO III GRUPO DA CLT)
B24: A – TOTAL DOS ENCARGOS SOCIAIS BÁSICOS | C24: =ROUND(SUM(C15:C23),4) -> 0 | D24: =ROUND(SUM(D15:D23),4) -> 0
A25: B | B25: B1 – REPOUSO SEMANAL REMUNERADO
B26: B2 – FERIADOS
B27: B3 – AUXÍLIO - ENFERMIDADE
B28: B4 – 13º SALÁRIO
B29: B5 – LICENÇA PATERNIDADE
B30: B6 – FALTAS JUSTIFICADAS
B31: B7 – DIAS DE CHUVA
B32: B8 – AUXÍLIO ACIDENTE DE TRABALHO
B33: B9 – FÉRIAS GOZADAS
B34: B10 – SALÁRIO MATERNIDADE
B35: B – TOTAL DOS ENCARGOS QUE RECEBEM AS INCIDÊNCIAS DE A | C35: =SUM(C25:C34) -> 0 | D35: =SUM(D25:D34) -> 0
A36: C | B36: C1 – AVISO PRÉVIO INDENIZADO
B37: C2 – AVISO PRÉVIO TRABALHADO
B38: C3 – FÉRIAS INDENIZADAS
B39: C4 – DEPÓSITO RESCISÃO SEM JUSTA CAUSA
B40: C5 – INDENIZAÇÃO ADICIONAL
B41: C – TOTAL DOS ENCARGOS SOCIAIS QUE NÃO RECEBEM INCIDÊNCIAS DE A | C41: =SUM(C36:C40) -> 0 | D41: =SUM(D36:D40) -> 0
A42: D | B42: D1 – REINCIDÊNCIA DO GRUPO A SOBRE GRUPO B | C42: =ROUND(C24*C35,4) -> 0 | D42: =ROUND(D24*D35,4) -> 0
B43: D2 – REINCIDÊNCIA DO GRUPO A SOBRE AVISO PRÉVIO TRABALHADO (C2) E REINCIDÊNCIA DO FGTS (A8) SOBRE AVISO PRÉVIO INDENIZADO (C1) | C43: =ROUND(C24*C37+C22*C36,4) -> 0 | D43: =ROUND(D24*D37+D22*D36,4) -> 0
B44: D – TOTAL DE REINCIDÊNCIAS DE UM GRUPO SOBRE O OUTRO | C44: =SUM(C42:C43) -> 0 | D44: =SUM(D42:D43) -> 0
B45: PORCENTAGEM TOTAL | C45: =ROUND(C24+C35+C41+C44,5) -> 0 | D45: =ROUND(D24+D35+D41+D44,5) -> 0
A49: (*) CASO A LICITANTE APRESENTE PROPOSTA DESONERADA, APRESENTAR A ALÍQUOTA CORRESPONDENTE
